Workbook
Name sqlEnd: Dagsplanering!$G$7
Name sqlEnd: TimPlanering!$G$7
Name sqlEnd: Veckoplanering!$G$7
Name sqlEnd: #REF!
Name sqlStaff: Dagsplanering!$A$7
Name sqlStaff: TimPlanering!$A$7
Name sqlStaff: Veckoplanering!$A$7
Name sqlStaff: #REF!
Name sqlStart: Dagsplanering!$C$7
Name sqlStart: TimPlanering!$C$7
Name sqlStart: Veckoplanering!$C$7
Name sqlStart: #REF!
Name sqlStatus: Dagsplanering!$E$7
Name sqlStatus: TimPlanering!$E$7
Name sqlStatus: Veckoplanering!$E$7
Name sqlStatus: #REF!

Sheet Dagsplanering
K1: Visa text | M1: 1_Tilldelad | N1: KalleOStina | O1: =COUNTIFS(O$11:O$58,$N1) -> 0 | P1: =COUNTIFS(P$11:P$58,$N1) -> 0 | Q1: =COUNTIFS(Q$11:Q$58,$N1) -> 0 | R1: =COUNTIFS(R$11:R$58,$N1) -> 0 | S1: =COUNTIFS(S$11:S$58,$N1) -> 3 | T1: =COUNTIFS(T$11:T$58,$N1) -> 3 | U1: =COUNTIFS(U$11:U$58,$N1) -> 3 | V1: =COUNTIFS(V$11:V$58,$N1) -> 3 | ... JX1: =COUNTIFS(JX$11:JX$58,$N1) -> 0
K2: Ansvarig | M2: 2_Påbörjad | N2: Stina | O2: =COUNTIFS(O$11:O$58,$N2) -> 0 | P2: =COUNTIFS(P$11:P$58,$N2) -> 0 | Q2: =COUNTIFS(Q$11:Q$58,$N2) -> 0 | R2: =COUNTIFS(R$11:R$58,$N2) -> 0 | S2: =COUNTIFS(S$11:S$58,$N2) -> 0 | T2: =COUNTIFS(T$11:T$58,$N2) -> 0 | U2: =COUNTIFS(U$11:U$58,$N2) -> 0 | V2: =COUNTIFS(V$11:V$58,$N2) -> 0 | ... JX2: =COUNTIFS(JX$11:JX$58,$N2) -> 0
K3: Färga efter | M3: 6_Avslutad | N3: Kalle | O3: =COUNTIFS(O$11:O$58,$N3) -> 0 | P3: =COUNTIFS(P$11:P$58,$N3) -> 0 | Q3: =COUNTIFS(Q$11:Q$58,$N3) -> 0 | R3: =COUNTIFS(R$11:R$58,$N3) -> 0 | S3: =COUNTIFS(S$11:S$58,$N3) -> 0 | T3: =COUNTIFS(T$11:T$58,$N3) -> 0 | U3: =COUNTIFS(U$11:U$58,$N3) -> 0 | V3: =COUNTIFS(V$11:V$58,$N3) -> 0 | ... JX3: =COUNTIFS(JX$11:JX$58,$N3) -> 0
A4: SAVED | B4: 45348.44 | K4: Ansvarig | M4: 97_InväntarSvar | N4: Planerare | O4: =COUNTIFS(O$11:O$58,$N4) -> 0 | P4: =COUNTIFS(P$11:P$58,$N4) -> 0 | Q4: =COUNTIFS(Q$11:Q$58,$N4) -> 0 | R4: =COUNTIFS(R$11:R$58,$N4) -> 0 | S4: =COUNTIFS(S$11:S$58,$N4) -> 0 | T4: =COUNTIFS(T$11:T$58,$N4) -> 0 | U4: =COUNTIFS(U$11:U$58,$N4) -> 0 | V4: =COUNTIFS(V$11:V$58,$N4) -> 0 | ... JX4: =COUNTIFS(JX$11:JX$58,$N4) -> 0
A5: LOAD | B5: 45348.441 | K5: Tidsintervall | M5: 50_Saknas | N5: Gäster | O5: =COUNTIFS(O$11:O$58,$N5) -> 0 | P5: =COUNTIFS(P$11:P$58,$N5) -> 0 | Q5: =COUNTIFS(Q$11:Q$58,$N5) -> 0 | R5: =COUNTIFS(R$11:R$58,$N5) -> 0 | S5: =COUNTIFS(S$11:S$58,$N5) -> 0 | T5: =COUNTIFS(T$11:T$58,$N5) -> 0 | U5: =COUNTIFS(U$11:U$58,$N5) -> 0 | V5: =COUNTIFS(V$11:V$58,$N5) -> 0 | ... JX5: =COUNTIFS(JX$11:JX$58,$N5) -> 0
K6: 46023 | M6: 98_ErbjudandeSkickat | N6: Funktion2 | O6: =COUNTIFS(O$11:O$58,$N6) -> 0 | P6: =COUNTIFS(P$11:P$58,$N6) -> 0 | Q6: =COUNTIFS(Q$11:Q$58,$N6) -> 0 | R6: =COUNTIFS(R$11:R$58,$N6) -> 0 | S6: =COUNTIFS(S$11:S$58,$N6) -> 0 | T6: =COUNTIFS(T$11:T$58,$N6) -> 0 | U6: =COUNTIFS(U$11:U$58,$N6) -> 0 | V6: =COUNTIFS(V$11:V$58,$N6) -> 0 | ... JX6: =COUNTIFS(JX$11:JX$58,$N6) -> 0
K7: Tidsintervall | M7: 99_Avstyrt | N7: Funktion3 | O7: =COUNTIFS(O$11:O$58,$N7) -> 0 | P7: =COUNTIFS(P$11:P$58,$N7) -> 0 | Q7: =COUNTIFS(Q$11:Q$58,$N7) -> 0 | R7: =COUNTIFS(R$11:R$58,$N7) -> 0 | S7: =COUNTIFS(S$11:S$58,$N7) -> 0 | T7: =COUNTIFS(T$11:T$58,$N7) -> 0 | U7: =COUNTIFS(U$11:U$58,$N7) -> 0 | V7: =COUNTIFS(V$11:V$58,$N7) -> 0 | ... JX7: =COUNTIFS(JX$11:JX$58,$N7) -> 0
K8: 1 | M8: 0_Problem | N8: Total | O8: =IF(MONTH(O9)=MONTH(N9),"",MONTH(O9)) | P8: =IF(MONTH(P9)=MONTH(O9),"",MONTH(P9)) | Q8: =IF(MONTH(Q9)=MONTH(P9),"",MONTH(Q9)) | R8: =IF(MONTH(R9)=MONTH(Q9),"",MONTH(R9)) | S8: =IF(MONTH(S9)=MONTH(R9),"",MONTH(S9)) | T8: =IF(MONTH(T9)=MONTH(S9),"",MONTH(T9)) | U8: =IF(MONTH(U9)=MONTH(T9),"",MONTH(U9)) | V8: =IF(MONTH(V9)=MONTH(U9),"",MONTH(V9)) | ... JX8: =IF(MONTH(JX9)=MONTH(JW9),"",MONTH(JX9))
O9: =K6 -> 46023 | P9: =O9+$K$8 -> 46024 | Q9: =P9+$K$8 -> 46025 | R9: =Q9+$K$8 -> 46026 | S9: =R9+$K$8 -> 46027 | T9: =S9+$K$8 -> 46028 | U9: =T9+$K$8 -> 46029 | V9: =U9+$K$8 -> 46030 | W9: =V9+$K$8 -> 46031 | ... JX9: =JW9+$K$8 -> 46292
A10: _Key | B10: Projekt | C10: Namn | D10: Ansvarig | E10: Status | F10: StartDatum | G10: SlutDatum | H10: Timmar | I10: Kategori | J10: Plannerat Datum | K10: Kommentar | L10: Prio | M10: Beskrivning | O10: =O9 -> 46023 | P10: =IF(COUNTIFS(Admin!$K$3:$K$60,Dagsplanering!P$9)>0,"Röd",Dagsplanering!P$9) -> 46024 | Q10: =IF(COUNTIFS(Admin!$K$3:$K$60,Dagsplanering!Q$9)>0,"Röd",Dagsplanering!Q$9) -> 46025 | R10: =IF(COUNTIFS(Admin!$K$3:$K$60,Dagsplanering!R$9)>0,"Röd",Dagsplanering!R$9) -> 46026 | S10: =IF(COUNTIFS(Admin!$K$3:$K$60,Dagsplanering!S$9)>0,"Röd",Dagsplanering!S$9) -> 46027 | T10: =IF(COUNTIFS(Admin!$K$3:$K$60,Dagsplanering!T$9)>0,"Röd",Dagsplanering!T$9) -> Röd | U10: =IF(COUNTIFS(Admin!$K$3:$K$60,Dagsplanering!U$9)>0,"Röd",Dagsplanering!U$9) -> 46029 | V10: =IF(COUNTIFS(Admin!$K$3:$K$60,Dagsplanering!V$9)>0,"Röd",Dagsplanering!V$9) -> 46030 | W10: =IF(COUNTIFS(Admin!$K$3:$K$60,Dagsplanering!W$9)>0,"Röd",Dagsplanering!W$9) -> 46031 | ... JX10: =IF(COUNTIFS(Admin!$K$3:$K$60,Dagsplanering!JX$9)>0,"Röd",Dagsplanering!JX$9) -> 46292
B11: Beslut | D11: Total | H11: 1 | O11: =IF(AND(O$9+($K$8/60)/24>=$F11,O$9<=$G11),IF($K$2="Projekt",$B11, IF($K$2="Ansvarig",$D11,IF($K$2="Status",$E11,IF($K$2="Timmar",IFERROR($H11/($G11-$F11),1),"-")))),"") | P11: =IF(AND(P$9+($K$8/60)/24>=$F11,P$9<=$G11),IF($K$2="Projekt",$B11, IF($K$2="Ansvarig",$D11,IF($K$2="Status",$E11,IF($K$2="Timmar",IFERROR($H11/($G11-$F11),1),"-")))),"") | Q11: =IF(AND(Q$9+($K$8/60)/24>=$F11,Q$9<=$G11),IF($K$2="Projekt",$B11, IF($K$2="Ansvarig",$D11,IF($K$2="Status",$E11,IF($K$2="Timmar",IFERROR($H11/($G11-$F11),1),"-")))),"") | R11: =IF(AND(R$9+($K$8/60)/24>=$F11,R$9<=$G11),IF($K$2="Projekt",$B11, IF($K$2="Ansvarig",$D11,IF($K$2="Status",$E11,IF($K$2="Timmar",IFERROR($H11/($G11-$F11),1),"-")))),"") | S11: =IF(AND(S$9+($K$8/60)/24>=$F11,S$9<=$G11),IF($K$2="Projekt",$B11, IF($K$2="Ansvarig",$D11,IF($K$2="Status",$E11,IF($K$2="Timmar",IFERROR($H11/($G11-$F11),1),"-")))),"") | T11: =IF(AND(T$9+($K$8/60)/24>=$F11,T$9<=$G11),IF($K$2="Projekt",$B11, IF($K$2="Ansvarig",$D11,IF($K$2="Status",$E11,IF($K$2="Timmar",IFERROR($H11/($G11-$F11),1),"-")))),"") | U11: =IF(AND(U$9+($K$8/60)/24>=$F11,U$9<=$G11),IF($K$2="Projekt",$B11, IF($K$2="Ansvarig",$D11,IF($K$2="Status",$E11,IF($K$2="Timmar",IFERROR($H11/($G11-$F11),1),"-")))),"") | V11: =IF(AND(V$9+($K$8/60)/24>=$F11,V$9<=$G11),IF($K$2="Projekt",$B11, IF($K$2="Ansvarig",$D11,IF($K$2="Status",$E11,IF($K$2="Timmar",IFERROR($H11/($G11-$F11),1),"-")))),"") | ... JX11: =IF(AND(JX$9+($K$8/60)/24>=$F11,JX$9<=$G11),IF($K$2="Projekt",$B11, IF($K$2="Ansvarig",$D11,IF($K$2="Status",$E11,IF($K$2="Timmar",IFERROR($H11/($G11-$F11),1),"-")))),"")
B12: Datum eller ungefärlig period | D12: KalleOStina | E12: 6_Avslutad | F12: 46027 | G12: 46041 | H12: 2 | O12: =IF(AND(O$9+($K$8/60)/24>=$F12,O$9<=$G12),IF($K$2="Projekt",$B12, IF($K$2="Ansvarig",$D12,IF($K$2="Status",$E12,IF($K$2="Timmar",IFERROR($H12/($G12-$F12),1),"-")))),"") | P12: =IF(AND(P$9+($K$8/60)/24>=$F12,P$9<=$G12),IF($K$2="Projekt",$B12, IF($K$2="Ansvarig",$D12,IF($K$2="Status",$E12,IF($K$2="Timmar",IFERROR($H12/($G12-$F12),1),"-")))),"") | Q12: =IF(AND(Q$9+($K$8/60)/24>=$F12,Q$9<=$G12),IF($K$2="Projekt",$B12, IF($K$2="Ansvarig",$D12,IF($K$2="Status",$E12,IF($K$2="Timmar",IFERROR($H12/($G12-$F12),1),"-")))),"") | R12: =IF(AND(R$9+($K$8/60)/24>=$F12,R$9<=$G12),IF($K$2="Projekt",$B12, IF($K$2="Ansvarig",$D12,IF($K$2="Status",$E12,IF($K$2="Timmar",IFERROR($H12/($G12-$F12),1),"-")))),"") | S12: =IF(AND(S$9+($K$8/60)/24>=$F12,S$9<=$G12),IF($K$2="Projekt",$B12, IF($K$2="Ansvarig",$D12,IF($K$2="Status",$E12,IF($K$2="Timmar",IFERROR($H12/($G12-$F12),1),"-")))),"") -> KalleOStina | T12: =IF(AND(T$9+($K$8/60)/24>=$F12,T$9<=$G12),IF($K$2="Projekt",$B12, IF($K$2="Ansvarig",$D12,IF($K$2="Status",$E12,IF($K$2="Timmar",IFERROR($H12/($G12-$F12),1),"-")))),"") -> KalleOStina | U12: =IF(AND(U$9+($K$8/60)/24>=$F12,U$9<=$G12),IF($K$2="Projekt",$B12, IF($K$2="Ansvarig",$D12,IF($K$2="Status",$E12,IF($K$2="Timmar",IFERROR($H12/($G12-$F12),1),"-")))),"") -> KalleOStina | V12: =IF(AND(V$9+($K$8/60)/24>=$F12,V$9<=$G12),IF($K$2="Projekt",$B12, IF($K$2="Ansvarig",$D12,IF($K$2="Status",$E12,IF($K$2="Timmar",IFERROR($H12/($G12-$F12),1),"-")))),"") -> KalleOStina | ... JX12: =IF(AND(JX$9+($K$8/60)/24>=$F12,JX$9<=$G12),IF($K$2="Projekt",$B12, IF($K$2="Ansvarig",$D12,IF($K$2="Status",$E12,IF($K$2="Timmar",IFERROR($H12/($G12-$F12),1),"-")))),"")
B13: Budget och vem som betalar vad | D13: KalleOStina | E13: 6_Avslutad | F13: 46027 | G13: 46041 | H13: 3 | O13: =IF(AND(O$9+($K$8/60)/24>=$F13,O$9<=$G13),IF($K$2="Projekt",$B13, IF($K$2="Ansvarig",$D13,IF($K$2="Status",$E13,IF($K$2="Timmar",IFERROR($H13/($G13-$F13),1),"-")))),"") | P13: =IF(AND(P$9+($K$8/60)/24>=$F13,P$9<=$G13),IF($K$2="Projekt",$B13, IF($K$2="Ansvarig",$D13,IF($K$2="Status",$E13,IF($K$2="Timmar",IFERROR($H13/($G13-$F13),1),"-")))),"") | Q13: =IF(AND(Q$9+($K$8/60)/24>=$F13,Q$9<=$G13),IF($K$2="Projekt",$B13, IF($K$2="Ansvarig",$D13,IF($K$2="Status",$E13,IF($K$2="Timmar",IFERROR($H13/($G13-$F13),1),"-")))),"") | R13: =IF(AND(R$9+($K$8/60)/24>=$F13,R$9<=$G13),IF($K$2="Projekt",$B13, IF($K$2="Ansvarig",$D13,IF($K$2="Status",$E13,IF($K$2="Timmar",IFERROR($H13/($G13-$F13),1),"-")))),"") | S13: =IF(AND(S$9+($K$8/60)/24>=$F13,S$9<=$G13),IF($K$2="Projekt",$B13, IF($K$2="Ansvarig",$D13,IF($K$2="Status",$E13,IF($K$2="Timmar",IFERROR($H13/($G13-$F13),1),"-")))),"") -> KalleOStina | T13: =IF(AND(T$9+($K$8/60)/24>=$F13,T$9<=$G13),IF($K$2="Projekt",$B13, IF($K$2="Ansvarig",$D13,IF($K$2="Status",$E13,IF($K$2="Timmar",IFERROR($H13/($G13-$F13),1),"-")))),"") -> KalleOStina | U13: =IF(AND(U$9+($K$8/60)/24>=$F13,U$9<=$G13),IF($K$2="Projekt",$B13, IF($K$2="Ansvarig",$D13,IF($K$2="Status",$E13,IF($K$2="Timmar",IFERROR($H13/($G13-$F13),1),"-")))),"") -> KalleOStina | V13: =IF(AND(V$9+($K$8/60)/24>=$F13,V$9<=$G13),IF($K$2="Projekt",$B13, IF($K$2="Ansvarig",$D13,IF($K$2="Status",$E13,IF($K$2="Timmar",IFERROR($H13/($G13-$F13),1),"-")))),"") -> KalleOStina | ... JX13: =IF(AND(JX$9+($K$8/60)/24>=$F13,JX$9<=$G13),IF($K$2="Projekt",$B13, IF($K$2="Ansvarig",$D13,IF($K$2="Status",$E13,IF($K$2="Timmar",IFERROR($H13/($G13-$F13),1),"-")))),"")
B14: Typ av bröllop (stort, intimt, destination, kyrkligt, borgerligt osv.) | D14: KalleOStina | E14: 6_Avslutad | F14: 46027 | G14: 46041 | H14: 4 | O14: =IF(AND(O$9+($K$8/60)/24>=$F14,O$9<=$G14),IF($K$2="Projekt",$B14, IF($K$2="Ansvarig",$D14,IF($K$2="Status",$E14,IF($K$2="Timmar",IFERROR($H14/($G14-$F14),1),"-")))),"") | P14: =IF(AND(P$9+($K$8/60)/24>=$F14,P$9<=$G14),IF($K$2="Projekt",$B14, IF($K$2="Ansvarig",$D14,IF($K$2="Status",$E14,IF($K$2="Timmar",IFERROR($H14/($G14-$F14),1),"-")))),"") | Q14: =IF(AND(Q$9+($K$8/60)/24>=$F14,Q$9<=$G14),IF($K$2="Projekt",$B14, IF($K$2="Ansvarig",$D14,IF($K$2="Status",$E14,IF($K$2="Timmar",IFERROR($H14/($G14-$F14),1),"-")))),"") | R14: =IF(AND(R$9+($K$8/60)/24>=$F14,R$9<=$G14),IF($K$2="Projekt",$B14, IF($K$2="Ansvarig",$D14,IF($K$2="Status",$E14,IF($K$2="Timmar",IFERROR($H14/($G14-$F14),1),"-")))),"") | S14: =IF(AND(S$9+($K$8/60)/24>=$F14,S$9<=$G14),IF($K$2="Projekt",$B14, IF($K$2="Ansvarig",$D14,IF($K$2="Status",$E14,IF($K$2="Timmar",IFERROR($H14/($G14-$F14),1),"-")))),"") -> KalleOStina | T14: =IF(AND(T$9+($K$8/60)/24>=$F14,T$9<=$G14),IF($K$2="Projekt",$B14, IF($K$2="Ansvarig",$D14,IF($K$2="Status",$E14,IF($K$2="Timmar",IFERROR($H14/($G14-$F14),1),"-")))),"") -> KalleOStina | U14: =IF(AND(U$9+($K$8/60)/24>=$F14,U$9<=$G14),IF($K$2="Projekt",$B14, IF($K$2="Ansvarig",$D14,IF($K$2="Status",$E14,IF($K$2="Timmar",IFERROR($H14/($G14-$F14),1),"-")))),"") -> KalleOStina | V14: =IF(AND(V$9+($K$8/60)/24>=$F14,V$9<=$G14),IF($K$2="Projekt",$B14, IF($K$2="Ansvarig",$D14,IF($K$2="Status",$E14,IF($K$2="Timmar",IFERROR($H14/($G14-$F14),1),"-")))),"") -> KalleOStina | ... JX14: =IF(AND(JX$9+($K$8/60)/24>=$F14,JX$9<=$G14),IF($K$2="Projekt",$B14, IF($K$2="Ansvarig",$D14,IF($K$2="Status",$E14,IF($K$2="Timmar",IFERROR($H14/($G14-$F14),1),"-")))),"")
B15: Gästantal | D15: KalleOStina | E15: 6_Avslutad | F15: 46034 | G15: 46041 | H15: 2 | O15: =IF(AND(O$9+($K$8/60)/24>=$F15,O$9<=$G15),IF($K$2="Projekt",$B15, IF($K$2="Ansvarig",$D15,IF($K$2="Status",$E15,IF($K$2="Timmar",IFERROR($H15/($G15-$F15),1),"-")))),"") | P15: =IF(AND(P$9+($K$8/60)/24>=$F15,P$9<=$G15),IF($K$2="Projekt",$B15, IF($K$2="Ansvarig",$D15,IF($K$2="Status",$E15,IF($K$2="Timmar",IFERROR($H15/($G15-$F15),1),"-")))),"") | Q15: =IF(AND(Q$9+($K$8/60)/24>=$F15,Q$9<=$G15),IF($K$2="Projekt",$B15, IF($K$2="Ansvarig",$D15,IF($K$2="Status",$E15,IF($K$2="Timmar",IFERROR($H15/($G15-$F15),1),"-")))),"") | R15: =IF(AND(R$9+($K$8/60)/24>=$F15,R$9<=$G15),IF($K$2="Projekt",$B15, IF($K$2="Ansvarig",$D15,IF($K$2="Status",$E15,IF($K$2="Timmar",IFERROR($H15/($G15-$F15),1),"-")))),"") | S15: =IF(AND(S$9+($K$8/60)/24>=$F15,S$9<=$G15),IF($K$2="Projekt",$B15, IF($K$2="Ansvarig",$D15,IF($K$2="Status",$E15,IF($K$2="Timmar",IFERROR($H15/($G15-$F15),1),"-")))),"") | T15: =IF(AND(T$9+($K$8/60)/24>=$F15,T$9<=$G15),IF($K$2="Projekt",$B15, IF($K$2="Ansvarig",$D15,IF($K$2="Status",$E15,IF($K$2="Timmar",IFERROR($H15/($G15-$F15),1),"-")))),"") | U15: =IF(AND(U$9+($K$8/60)/24>=$F15,U$9<=$G15),IF($K$2="Projekt",$B15, IF($K$2="Ansvarig",$D15,IF($K$2="Status",$E15,IF($K$2="Timmar",IFERROR($H15/($G15-$F15),1),"-")))),"") | V15: =IF(AND(V$9+($K$8/60)/24>=$F15,V$9<=$G15),IF($K$2="Projekt",$B15, IF($K$2="Ansvarig",$D15,IF($K$2="Status",$E15,IF($K$2="Timmar",IFERROR($H15/($G15-$F15),1),"-")))),"") | ... JX15: =IF(AND(JX$9+($K$8/60)/24>=$F15,JX$9<=$G15),IF($K$2="Projekt",$B15, IF($K$2="Ansvarig",$D15,IF($K$2="Status",$E15,IF($K$2="Timmar",IFERROR($H15/($G15-$F15),1),"-")))),"")
H16: 3 | O16: =IF(AND(O$9+($K$8/60)/24>=$F16,O$9<=$G16),IF($K$2="Projekt",$B16, IF($K$2="Ansvarig",$D16,IF($K$2="Status",$E16,IF($K$2="Timmar",IFERROR($H16/($G16-$F16),1),"-")))),"") | P16: =IF(AND(P$9+($K$8/60)/24>=$F16,P$9<=$G16),IF($K$2="Projekt",$B16, IF($K$2="Ansvarig",$D16,IF($K$2="Status",$E16,IF($K$2="Timmar",IFERROR($H16/($G16-$F16),1),"-")))),"") | Q16: =IF(AND(Q$9+($K$8/60)/24>=$F16,Q$9<=$G16),IF($K$2="Projekt",$B16, IF($K$2="Ansvarig",$D16,IF($K$2="Status",$E16,IF($K$2="Timmar",IFERROR($H16/($G16-$F16),1),"-")))),"") | R16: =IF(AND(R$9+($K$8/60)/24>=$F16,R$9<=$G16),IF($K$2="Projekt",$B16, IF($K$2="Ansvarig",$D16,IF($K$2="Status",$E16,IF($K$2="Timmar",IFERROR($H16/($G16-$F16),1),"-")))),"") | S16: =IF(AND(S$9+($K$8/60)/24>=$F16,S$9<=$G16),IF($K$2="Projekt",$B16, IF($K$2="Ansvarig",$D16,IF($K$2="Status",$E16,IF($K$2="Timmar",IFERROR($H16/($G16-$F16),1),"-")))),"") | T16: =IF(AND(T$9+($K$8/60)/24>=$F16,T$9<=$G16),IF($K$2="Projekt",$B16, IF($K$2="Ansvarig",$D16,IF($K$2="Status",$E16,IF($K$2="Timmar",IFERROR($H16/($G16-$F16),1),"-")))),"") | U16: =IF(AND(U$9+($K$8/60)/24>=$F16,U$9<=$G16),IF($K$2="Projekt",$B16, IF($K$2="Ansvarig",$D16,IF($K$2="Status",$E16,IF($K$2="Timmar",IFERROR($H16/($G16-$F16),1),"-")))),"") | V16: =IF(AND(V$9+($K$8/60)/24>=$F16,V$9<=$G16),IF($K$2="Projekt",$B16, IF($K$2="Ansvarig",$D16,IF($K$2="Status",$E16,IF($K$2="Timmar",IFERROR($H16/($G16-$F16),1),"-")))),"") | ... JX16: =IF(AND(JX$9+($K$8/60)/24>=$F16,JX$9<=$G16),IF($K$2="Projekt",$B16, IF($K$2="Ansvarig",$D16,IF($K$2="Status",$E16,IF($K$2="Timmar",IFERROR($H16/($G16-$F16),1),"-")))),"")
B17: Gästlista | D17: Total | H17: 4 | O17: =IF(AND(O$9+($K$8/60)/24>=$F17,O$9<=$G17),IF($K$2="Projekt",$B17, IF($K$2="Ansvarig",$D17,IF($K$2="Status",$E17,IF($K$2="Timmar",IFERROR($H17/($G17-$F17),1),"-")))),"") | P17: =IF(AND(P$9+($K$8/60)/24>=$F17,P$9<=$G17),IF($K$2="Projekt",$B17, IF($K$2="Ansvarig",$D17,IF($K$2="Status",$E17,IF($K$2="Timmar",IFERROR($H17/($G17-$F17),1),"-")))),"") | Q17: =IF(AND(Q$9+($K$8/60)/24>=$F17,Q$9<=$G17),IF($K$2="Projekt",$B17, IF($K$2="Ansvarig",$D17,IF($K$2="Status",$E17,IF($K$2="Timmar",IFERROR($H17/($G17-$F17),1),"-")))),"") | R17: =IF(AND(R$9+($K$8/60)/24>=$F17,R$9<=$G17),IF($K$2="Projekt",$B17, IF($K$2="Ansvarig",$D17,IF($K$2="Status",$E17,IF($K$2="Timmar",IFERROR($H17/($G17-$F17),1),"-")))),"") | S17: =IF(AND(S$9+($K$8/60)/24>=$F17,S$9<=$G17),IF($K$2="Projekt",$B17, IF($K$2="Ansvarig",$D17,IF($K$2="Status",$E17,IF($K$2="Timmar",IFERROR($H17/($G17-$F17),1),"-")))),"") | T17: =IF(AND(T$9+($K$8/60)/24>=$F17,T$9<=$G17),IF($K$2="Projekt",$B17, IF($K$2="Ansvarig",$D17,IF($K$2="Status",$E17,IF($K$2="Timmar",IFERROR($H17/($G17-$F17),1),"-")))),"") | U17: =IF(AND(U$9+($K$8/60)/24>=$F17,U$9<=$G17),IF($K$2="Projekt",$B17, IF($K$2="Ansvarig",$D17,IF($K$2="Status",$E17,IF($K$2="Timmar",IFERROR($H17/($G17-$F17),1),"-")))),"") | V17: =IF(AND(V$9+($K$8/60)/24>=$F17,V$9<=$G17),IF($K$2="Projekt",$B17, IF($K$2="Ansvarig",$D17,IF($K$2="Status",$E17,IF($K$2="Timmar",IFERROR($H17/($G17-$F17),1),"-")))),"") | ... JX17: =IF(AND(JX$9+($K$8/60)/24>=$F17,JX$9<=$G17),IF($K$2="Projekt",$B17, IF($K$2="Ansvarig",$D17,IF($K$2="Status",$E17,IF($K$2="Timmar",IFERROR($H17/($G17-$F17),1),"-")))),"")
B18: Gästlista | D18: KalleOStina | E18: 6_Avslutad | F18: 46048 | G18: 46055 | H18: 2 | O18: =IF(AND(O$9+($K$8/60)/24>=$F18,O$9<=$G18),IF($K$2="Projekt",$B18, IF($K$2="Ansvarig",$D18,IF($K$2="Status",$E18,IF($K$2="Timmar",IFERROR($H18/($G18-$F18),1),"-")))),"") | P18: =IF(AND(P$9+($K$8/60)/24>=$F18,P$9<=$G18),IF($K$2="Projekt",$B18, IF($K$2="Ansvarig",$D18,IF($K$2="Status",$E18,IF($K$2="Timmar",IFERROR($H18/($G18-$F18),1),"-")))),"") | Q18: =IF(AND(Q$9+($K$8/60)/24>=$F18,Q$9<=$G18),IF($K$2="Projekt",$B18, IF($K$2="Ansvarig",$D18,IF($K$2="Status",$E18,IF($K$2="Timmar",IFERROR($H18/($G18-$F18),1),"-")))),"") | R18: =IF(AND(R$9+($K$8/60)/24>=$F18,R$9<=$G18),IF($K$2="Projekt",$B18, IF($K$2="Ansvarig",$D18,IF($K$2="Status",$E18,IF($K$2="Timmar",IFERROR($H18/($G18-$F18),1),"-")))),"") | S18: =IF(AND(S$9+($K$8/60)/24>=$F18,S$9<=$G18),IF($K$2="Projekt",$B18, IF($K$2="Ansvarig",$D18,IF($K$2="Status",$E18,IF($K$2="Timmar",IFERROR($H18/($G18-$F18),1),"-")))),"") | T18: =IF(AND(T$9+($K$8/60)/24>=$F18,T$9<=$G18),IF($K$2="Projekt",$B18, IF($K$2="Ansvarig",$D18,IF($K$2="Status",$E18,IF($K$2="Timmar",IFERROR($H18/($G18-$F18),1),"-")))),"") | U18: =IF(AND(U$9+($K$8/60)/24>=$F18,U$9<=$G18),IF($K$2="Projekt",$B18, IF($K$2="Ansvarig",$D18,IF($K$2="Status",$E18,IF($K$2="Timmar",IFERROR($H18/($G18-$F18),1),"-")))),"") | V18: =IF(AND(V$9+($K$8/60)/24>=$F18,V$9<=$G18),IF($K$2="Projekt",$B18, IF($K$2="Ansvarig",$D18,IF($K$2="Status",$E18,IF($K$2="Timmar",IFERROR($H18/($G18-$F18),1),"-")))),"") | ... JX18: =IF(AND(JX$9+($K$8/60)/24>=$F18,JX$9<=$G18),IF($K$2="Projekt",$B18, IF($K$2="Ansvarig",$D18,IF($K$2="Status",$E18,IF($K$2="Timmar",IFERROR($H18/($G18-$F18),1),"-")))),"")
B19: Save-the-date | D19: Kalle | E19: 6_Avslutad | F19: 46062 | G19: 46062 | H19: 3 | O19: =IF(AND(O$9+($K$8/60)/24>=$F19,O$9<=$G19),IF($K$2="Projekt",$B19, IF($K$2="Ansvarig",$D19,IF($K$2="Status",$E19,IF($K$2="Timmar",IFERROR($H19/($G19-$F19),1),"-")))),"") | P19: =IF(AND(P$9+($K$8/60)/24>=$F19,P$9<=$G19),IF($K$2="Projekt",$B19, IF($K$2="Ansvarig",$D19,IF($K$2="Status",$E19,IF($K$2="Timmar",IFERROR($H19/($G19-$F19),1),"-")))),"") | Q19: =IF(AND(Q$9+($K$8/60)/24>=$F19,Q$9<=$G19),IF($K$2="Projekt",$B19, IF($K$2="Ansvarig",$D19,IF($K$2="Status",$E19,IF($K$2="Timmar",IFERROR($H19/($G19-$F19),1),"-")))),"") | R19: =IF(AND(R$9+($K$8/60)/24>=$F19,R$9<=$G19),IF($K$2="Projekt",$B19, IF($K$2="Ansvarig",$D19,IF($K$2="Status",$E19,IF($K$2="Timmar",IFERROR($H19/($G19-$F19),1),"-")))),"") | S19: =IF(AND(S$9+($K$8/60)/24>=$F19,S$9<=$G19),IF($K$2="Projekt",$B19, IF($K$2="Ansvarig",$D19,IF($K$2="Status",$E19,IF($K$2="Timmar",IFERROR($H19/($G19-$F19),1),"-")))),"") | T19: =IF(AND(T$9+($K$8/60)/24>=$F19,T$9<=$G19),IF($K$2="Projekt",$B19, IF($K$2="Ansvarig",$D19,IF($K$2="Status",$E19,IF($K$2="Timmar",IFERROR($H19/($G19-$F19),1),"-")))),"") | U19: =IF(AND(U$9+($K$8/60)/24>=$F19,U$9<=$G19),IF($K$2="Projekt",$B19, IF($K$2="Ansvarig",$D19,IF($K$2="Status",$E19,IF($K$2="Timmar",IFERROR($H19/($G19-$F19),1),"-")))),"") | V19: =IF(AND(V$9+($K$8/60)/24>=$F19,V$9<=$G19),IF($K$2="Projekt",$B19, IF($K$2="Ansvarig",$D19,IF($K$2="Status",$E19,IF($K$2="Timmar",IFERROR($H19/($G19-$F19),1),"-")))),"") | ... JX19: =IF(AND(JX$9+($K$8/60)/24>=$F19,JX$9<=$G19),IF($K$2="Projekt",$B19, IF($K$2="Ansvarig",$D19,IF($K$2="Status",$E19,IF($K$2="Timmar",IFERROR($H19/($G19-$F19),1),"-")))),"")
B20: Inbjudningar | D20: Kalle | E20: 2_Påbörjad | F20: 46083 | G20: 46083 | H20: 4 | O20: =IF(AND(O$9+($K$8/60)/24>=$F20,O$9<=$G20),IF($K$2="Projekt",$B20, IF($K$2="Ansvarig",$D20,IF($K$2="Status",$E20,IF($K$2="Timmar",IFERROR($H20/($G20-$F20),1),"-")))),"") | P20: =IF(AND(P$9+($K$8/60)/24>=$F20,P$9<=$G20),IF($K$2="Projekt",$B20, IF($K$2="Ansvarig",$D20,IF($K$2="Status",$E20,IF($K$2="Timmar",IFERROR($H20/($G20-$F20),1),"-")))),"") | Q20: =IF(AND(Q$9+($K$8/60)/24>=$F20,Q$9<=$G20),IF($K$2="Projekt",$B20, IF($K$2="Ansvarig",$D20,IF($K$2="Status",$E20,IF($K$2="Timmar",IFERROR($H20/($G20-$F20),1),"-")))),"") | R20: =IF(AND(R$9+($K$8/60)/24>=$F20,R$9<=$G20),IF($K$2="Projekt",$B20, IF($K$2="Ansvarig",$D20,IF($K$2="Status",$E20,IF($K$2="Timmar",IFERROR($H20/($G20-$F20),1),"-")))),"") | S20: =IF(AND(S$9+($K$8/60)/24>=$F20,S$9<=$G20),IF($K$2="Projekt",$B20, IF($K$2="Ansvarig",$D20,IF($K$2="Status",$E20,IF($K$2="Timmar",IFERROR($H20/($G20-$F20),1),"-")))),"") | T20: =IF(AND(T$9+($K$8/60)/24>=$F20,T$9<=$G20),IF($K$2="Projekt",$B20, IF($K$2="Ansvarig",$D20,IF($K$2="Status",$E20,IF($K$2="Timmar",IFERROR($H20/($G20-$F20),1),"-")))),"") | U20: =IF(AND(U$9+($K$8/60)/24>=$F20,U$9<=$G20),IF($K$2="Projekt",$B20, IF($K$2="Ansvarig",$D20,IF($K$2="Status",$E20,IF($K$2="Timmar",IFERROR($H20/($G20-$F20),1),"-")))),"") | V20: =IF(AND(V$9+($K$8/60)/24>=$F20,V$9<=$G20),IF($K$2="Projekt",$B20, IF($K$2="Ansvarig",$D20,IF($K$2="Status",$E20,IF($K$2="Timmar",IFERROR($H20/($G20-$F20),1),"-")))),"") | ... JX20: =IF(AND(JX$9+($K$8/60)/24>=$F20,JX$9<=$G20),IF($K$2="Projekt",$B20, IF($K$2="Ansvarig",$D20,IF($K$2="Status",$E20,IF($K$2="Timmar",IFERROR($H20/($G20-$F20),1),"-")))),"")
B21: OSA-hantering | D21: Kalle | E21: 2_Påbörjad | F21: 46090 | G21: 46118 | H21: 2 | O21: =IF(AND(O$9+($K$8/60)/24>=$F21,O$9<=$G21),IF($K$2="Projekt",$B21, IF($K$2="Ansvarig",$D21,IF($K$2="Status",$E21,IF($K$2="Timmar",IFERROR($H21/($G21-$F21),1),"-")))),"") | P21: =IF(AND(P$9+($K$8/60)/24>=$F21,P$9<=$G21),IF($K$2="Projekt",$B21, IF($K$2="Ansvarig",$D21,IF($K$2="Status",$E21,IF($K$2="Timmar",IFERROR($H21/($G21-$F21),1),"-")))),"") | Q21: =IF(AND(Q$9+($K$8/60)/24>=$F21,Q$9<=$G21),IF($K$2="Projekt",$B21, IF($K$2="Ansvarig",$D21,IF($K$2="Status",$E21,IF($K$2="Timmar",IFERROR($H21/($G21-$F21),1),"-")))),"") | R21: =IF(AND(R$9+($K$8/60)/24>=$F21,R$9<=$G21),IF($K$2="Projekt",$B21, IF($K$2="Ansvarig",$D21,IF($K$2="Status",$E21,IF($K$2="Timmar",IFERROR($H21/($G21-$F21),1),"-")))),"") | S21: =IF(AND(S$9+($K$8/60)/24>=$F21,S$9<=$G21),IF($K$2="Projekt",$B21, IF($K$2="Ansvarig",$D21,IF($K$2="Status",$E21,IF($K$2="Timmar",IFERROR($H21/($G21-$F21),1),"-")))),"") | T21: =IF(AND(T$9+($K$8/60)/24>=$F21,T$9<=$G21),IF($K$2="Projekt",$B21, IF($K$2="Ansvarig",$D21,IF($K$2="Status",$E21,IF($K$2="Timmar",IFERROR($H21/($G21-$F21),1),"-")))),"") | U21: =IF(AND(U$9+($K$8/60)/24>=$F21,U$9<=$G21),IF($K$2="Projekt",$B21, IF($K$2="Ansvarig",$D21,IF($K$2="Status",$E21,IF($K$2="Timmar",IFERROR($H21/($G21-$F21),1),"-")))),"") | V21: =IF(AND(V$9+($K$8/60)/24>=$F21,V$9<=$G21),IF($K$2="Projekt",$B21, IF($K$2="Ansvarig",$D21,IF($K$2="Status",$E21,IF($K$2="Timmar",IFERROR($H21/($G21-$F21),1),"-")))),"") | ... JX21: =IF(AND(JX$9+($K$8/60)/24>=$F21,JX$9<=$G21),IF($K$2="Projekt",$B21, IF($K$2="Ansvarig",$D21,IF($K$2="Status",$E21,IF($K$2="Timmar",IFERROR($H21/($G21-$F21),1),"-")))),"")
B22: Inbjudning 2 | D22: Kalle | E22: 2_Påbörjad | F22: 46125 | G22: 46125 | H22: 3 | O22: =IF(AND(O$9+($K$8/60)/24>=$F22,O$9<=$G22),IF($K$2="Projekt",$B22, IF($K$2="Ansvarig",$D22,IF($K$2="Status",$E22,IF($K$2="Timmar",IFERROR($H22/($G22-$F22),1),"-")))),"") | P22: =IF(AND(P$9+($K$8/60)/24>=$F22,P$9<=$G22),IF($K$2="Projekt",$B22, IF($K$2="Ansvarig",$D22,IF($K$2="Status",$E22,IF($K$2="Timmar",IFERROR($H22/($G22-$F22),1),"-")))),"") | Q22: =IF(AND(Q$9+($K$8/60)/24>=$F22,Q$9<=$G22),IF($K$2="Projekt",$B22, IF($K$2="Ansvarig",$D22,IF($K$2="Status",$E22,IF($K$2="Timmar",IFERROR($H22/($G22-$F22),1),"-")))),"") | R22: =IF(AND(R$9+($K$8/60)/24>=$F22,R$9<=$G22),IF($K$2="Projekt",$B22, IF($K$2="Ansvarig",$D22,IF($K$2="Status",$E22,IF($K$2="Timmar",IFERROR($H22/($G22-$F22),1),"-")))),"") | S22: =IF(AND(S$9+($K$8/60)/24>=$F22,S$9<=$G22),IF($K$2="Projekt",$B22, IF($K$2="Ansvarig",$D22,IF($K$2="Status",$E22,IF($K$2="Timmar",IFERROR($H22/($G22-$F22),1),"-")))),"") | T22: =IF(AND(T$9+($K$8/60)/24>=$F22,T$9<=$G22),IF($K$2="Projekt",$B22, IF($K$2="Ansvarig",$D22,IF($K$2="Status",$E22,IF($K$2="Timmar",IFERROR($H22/($G22-$F22),1),"-")))),"") | U22: =IF(AND(U$9+($K$8/60)/24>=$F22,U$9<=$G22),IF($K$2="Projekt",$B22, IF($K$2="Ansvarig",$D22,IF($K$2="Status",$E22,IF($K$2="Timmar",IFERROR($H22/($G22-$F22),1),"-")))),"") | V22: =IF(AND(V$9+($K$8/60)/24>=$F22,V$9<=$G22),IF($K$2="Projekt",$B22, IF($K$2="Ansvarig",$D22,IF($K$2="Status",$E22,IF($K$2="Timmar",IFERROR($H22/($G22-$F22),1),"-")))),"") | ... JX22: =IF(AND(JX$9+($K$8/60)/24>=$F22,JX$9<=$G22),IF($K$2="Projekt",$B22, IF($K$2="Ansvarig",$D22,IF($K$2="Status",$E22,IF($K$2="Timmar",IFERROR($H22/($G22-$F22),1),"-")))),"")
B23: OSA-hantering 2 | D23: Kalle | E23: 2_Påbörjad | F23: 46125 | G23: 46153 | H23: 4 | O23: =IF(AND(O$9+($K$8/60)/24>=$F23,O$9<=$G23),IF($K$2="Projekt",$B23, IF($K$2="Ansvarig",$D23,IF($K$2="Status",$E23,IF($K$2="Timmar",IFERROR($H23/($G23-$F23),1),"-")))),"") | P23: =IF(AND(P$9+($K$8/60)/24>=$F23,P$9<=$G23),IF($K$2="Projekt",$B23, IF($K$2="Ansvarig",$D23,IF($K$2="Status",$E23,IF($K$2="Timmar",IFERROR($H23/($G23-$F23),1),"-")))),"") | Q23: =IF(AND(Q$9+($K$8/60)/24>=$F23,Q$9<=$G23),IF($K$2="Projekt",$B23, IF($K$2="Ansvarig",$D23,IF($K$2="Status",$E23,IF($K$2="Timmar",IFERROR($H23/($G23-$F23),1),"-")))),"") | R23: =IF(AND(R$9+($K$8/60)/24>=$F23,R$9<=$G23),IF($K$2="Projekt",$B23, IF($K$2="Ansvarig",$D23,IF($K$2="Status",$E23,IF($K$2="Timmar",IFERROR($H23/($G23-$F23),1),"-")))),"") | S23: =IF(AND(S$9+($K$8/60)/24>=$F23,S$9<=$G23),IF($K$2="Projekt",$B23, IF($K$2="Ansvarig",$D23,IF($K$2="Status",$E23,IF($K$2="Timmar",IFERROR($H23/($G23-$F23),1),"-")))),"") | T23: =IF(AND(T$9+($K$8/60)/24>=$F23,T$9<=$G23),IF($K$2="Projekt",$B23, IF($K$2="Ansvarig",$D23,IF($K$2="Status",$E23,IF($K$2="Timmar",IFERROR($H23/($G23-$F23),1),"-")))),"") | U23: =IF(AND(U$9+($K$8/60)/24>=$F23,U$9<=$G23),IF($K$2="Projekt",$B23, IF($K$2="Ansvarig",$D23,IF($K$2="Status",$E23,IF($K$2="Timmar",IFERROR($H23/($G23-$F23),1),"-")))),"") | V23: =IF(AND(V$9+($K$8/60)/24>=$F23,V$9<=$G23),IF($K$2="Projekt",$B23, IF($K$2="Ansvarig",$D23,IF($K$2="Status",$E23,IF($K$2="Timmar",IFERROR($H23/($G23-$F23),1),"-")))),"") | ... JX23: =IF(AND(JX$9+($K$8/60)/24>=$F23,JX$9<=$G23),IF($K$2="Projekt",$B23, IF($K$2="Ansvarig",$D23,IF($K$2="Status",$E23,IF($K$2="Timmar",IFERROR($H23/($G23-$F23),1),"-")))),"")
B24: Inbjudning 3 | D24: Kalle | E24: 1_Tilldelad | F24: 46160 | G24: 46160 | H24: 3 | O24: =IF(AND(O$9+($K$8/60)/24>=$F24,O$9<=$G24),IF($K$2="Projekt",$B24, IF($K$2="Ansvarig",$D24,IF($K$2="Status",$E24,IF($K$2="Timmar",IFERROR($H24/($G24-$F24),1),"-")))),"") | P24: =IF(AND(P$9+($K$8/60)/24>=$F24,P$9<=$G24),IF($K$2="Projekt",$B24, IF($K$2="Ansvarig",$D24,IF($K$2="Status",$E24,IF($K$2="Timmar",IFERROR($H24/($G24-$F24),1),"-")))),"") | Q24: =IF(AND(Q$9+($K$8/60)/24>=$F24,Q$9<=$G24),IF($K$2="Projekt",$B24, IF($K$2="Ansvarig",$D24,IF($K$2="Status",$E24,IF($K$2="Timmar",IFERROR($H24/($G24-$F24),1),"-")))),"") | R24: =IF(AND(R$9+($K$8/60)/24>=$F24,R$9<=$G24),IF($K$2="Projekt",$B24, IF($K$2="Ansvarig",$D24,IF($K$2="Status",$E24,IF($K$2="Timmar",IFERROR($H24/($G24-$F24),1),"-")))),"") | S24: =IF(AND(S$9+($K$8/60)/24>=$F24,S$9<=$G24),IF($K$2="Projekt",$B24, IF($K$2="Ansvarig",$D24,IF($K$2="Status",$E24,IF($K$2="Timmar",IFERROR($H24/($G24-$F24),1),"-")))),"") | T24: =IF(AND(T$9+($K$8/60)/24>=$F24,T$9<=$G24),IF($K$2="Projekt",$B24, IF($K$2="Ansvarig",$D24,IF($K$2="Status",$E24,IF($K$2="Timmar",IFERROR($H24/($G24-$F24),1),"-")))),"") | U24: =IF(AND(U$9+($K$8/60)/24>=$F24,U$9<=$G24),IF($K$2="Projekt",$B24, IF($K$2="Ansvarig",$D24,IF($K$2="Status",$E24,IF($K$2="Timmar",IFERROR($H24/($G24-$F24),1),"-")))),"") | V24: =IF(AND(V$9+($K$8/60)/24>=$F24,V$9<=$G24),IF($K$2="Projekt",$B24, IF($K$2="Ansvarig",$D24,IF($K$2="Status",$E24,IF($K$2="Timmar",IFERROR($H24/($G24-$F24),1),"-")))),"") | ... JX24: =IF(AND(JX$9+($K$8/60)/24>=$F24,JX$9<=$G24),IF($K$2="Projekt",$B24, IF($K$2="Ansvarig",$D24,IF($K$2="Status",$E24,IF($K$2="Timmar",IFERROR($H24/($G24-$F24),1),"-")))),"")
B25: Specialkost/allergier | D25: Stina | E25: 1_Tilldelad | F25: 46083 | G25: 46111 | H25: 3 | O25: =IF(AND(O$9+($K$8/60)/24>=$F25,O$9<=$G25),IF($K$2="Projekt",$B25, IF($K$2="Ansvarig",$D25,IF($K$2="Status",$E25,IF($K$2="Timmar",IFERROR($H25/($G25-$F25),1),"-")))),"") | P25: =IF(AND(P$9+($K$8/60)/24>=$F25,P$9<=$G25),IF($K$2="Projekt",$B25, IF($K$2="Ansvarig",$D25,IF($K$2="Status",$E25,IF($K$2="Timmar",IFERROR($H25/($G25-$F25),1),"-")))),"") | Q25: =IF(AND(Q$9+($K$8/60)/24>=$F25,Q$9<=$G25),IF($K$2="Projekt",$B25, IF($K$2="Ansvarig",$D25,IF($K$2="Status",$E25,IF($K$2="Timmar",IFERROR($H25/($G25-$F25),1),"-")))),"") | R25: =IF(AND(R$9+($K$8/60)/24>=$F25,R$9<=$G25),IF($K$2="Projekt",$B25, IF($K$2="Ansvarig",$D25,IF($K$2="Status",$E25,IF($K$2="Timmar",IFERROR($H25/($G25-$F25),1),"-")))),"") | S25: =IF(AND(S$9+($K$8/60)/24>=$F25,S$9<=$G25),IF($K$2="Projekt",$B25, IF($K$2="Ansvarig",$D25,IF($K$2="Status",$E25,IF($K$2="Timmar",IFERROR($H25/($G25-$F25),1),"-")))),"") | T25: =IF(AND(T$9+($K$8/60)/24>=$F25,T$9<=$G25),IF($K$2="Projekt",$B25, IF($K$2="Ansvarig",$D25,IF($K$2="Status",$E25,IF($K$2="Timmar",IFERROR($H25/($G25-$F25),1),"-")))),"") | U25: =IF(AND(U$9+($K$8/60)/24>=$F25,U$9<=$G25),IF($K$2="Projekt",$B25, IF($K$2="Ansvarig",$D25,IF($K$2="Status",$E25,IF($K$2="Timmar",IFERROR($H25/($G25-$F25),1),"-")))),"") | V25: =IF(AND(V$9+($K$8/60)/24>=$F25,V$9<=$G25),IF($K$2="Projekt",$B25, IF($K$2="Ansvarig",$D25,IF($K$2="Status",$E25,IF($K$2="Timmar",IFERROR($H25/($G25-$F25),1),"-")))),"") | ... JX25: =IF(AND(JX$9+($K$8/60)/24>=$F25,JX$9<=$G25),IF($K$2="Projekt",$B25, IF($K$2="Ansvarig",$D25,IF($K$2="Status",$E25,IF($K$2="Timmar",IFERROR($H25/($G25-$F25),1),"-")))),"")
B26: Barn eller barnfritt | D26: Stina | E26: 0_Problem | F26: 46083 | G26: 46111 | H26: 4 | O26: =IF(AND(O$9+($K$8/60)/24>=$F26,O$9<=$G26),IF($K$2="Projekt",$B26, IF($K$2="Ansvarig",$D26,IF($K$2="Status",$E26,IF($K$2="Timmar",IFERROR($H26/($G26-$F26),1),"-")))),"") | P26: =IF(AND(P$9+($K$8/60)/24>=$F26,P$9<=$G26),IF($K$2="Projekt",$B26, IF($K$2="Ansvarig",$D26,IF($K$2="Status",$E26,IF($K$2="Timmar",IFERROR($H26/($G26-$F26),1),"-")))),"") | Q26: =IF(AND(Q$9+($K$8/60)/24>=$F26,Q$9<=$G26),IF($K$2="Projekt",$B26, IF($K$2="Ansvarig",$D26,IF($K$2="Status",$E26,IF($K$2="Timmar",IFERROR($H26/($G26-$F26),1),"-")))),"") | R26: =IF(AND(R$9+($K$8/60)/24>=$F26,R$9<=$G26),IF($K$2="Projekt",$B26, IF($K$2="Ansvarig",$D26,IF($K$2="Status",$E26,IF($K$2="Timmar",IFERROR($H26/($G26-$F26),1),"-")))),"") | S26: =IF(AND(S$9+($K$8/60)/24>=$F26,S$9<=$G26),IF($K$2="Projekt",$B26, IF($K$2="Ansvarig",$D26,IF($K$2="Status",$E26,IF($K$2="Timmar",IFERROR($H26/($G26-$F26),1),"-")))),"") | T26: =IF(AND(T$9+($K$8/60)/24>=$F26,T$9<=$G26),IF($K$2="Projekt",$B26, IF($K$2="Ansvarig",$D26,IF($K$2="Status",$E26,IF($K$2="Timmar",IFERROR($H26/($G26-$F26),1),"-")))),"") | U26: =IF(AND(U$9+($K$8/60)/24>=$F26,U$9<=$G26),IF($K$2="Projekt",$B26, IF($K$2="Ansvarig",$D26,IF($K$2="Status",$E26,IF($K$2="Timmar",IFERROR($H26/($G26-$F26),1),"-")))),"") | V26: =IF(AND(V$9+($K$8/60)/24>=$F26,V$9<=$G26),IF($K$2="Projekt",$B26, IF($K$2="Ansvarig",$D26,IF($K$2="Status",$E26,IF($K$2="Timmar",IFERROR($H26/($G26-$F26),1),"-")))),"") | ... JX26: =IF(AND(JX$9+($K$8/60)/24>=$F26,JX$9<=$G26),IF($K$2="Projekt",$B26, IF($K$2="Ansvarig",$D26,IF($K$2="Status",$E26,IF($K$2="Timmar",IFERROR($H26/($G26-$F26),1),"-")))),"")
B27: Toastmaster/toastmadame | D27: Stina | E27: 1_Tilldelad | F27: 46083 | G27: 46111 | O27: =IF(AND(O$9+($K$8/60)/24>=$F27,O$9<=$G27),IF($K$2="Projekt",$B27, IF($K$2="Ansvarig",$D27,IF($K$2="Status",$E27,IF($K$2="Timmar",IFERROR($H27/($G27-$F27),1),"-")))),"") | P27: =IF(AND(P$9+($K$8/60)/24>=$F27,P$9<=$G27),IF($K$2="Projekt",$B27, IF($K$2="Ansvarig",$D27,IF($K$2="Status",$E27,IF($K$2="Timmar",IFERROR($H27/($G27-$F27),1),"-")))),"") | Q27: =IF(AND(Q$9+($K$8/60)/24>=$F27,Q$9<=$G27),IF($K$2="Projekt",$B27, IF($K$2="Ansvarig",$D27,IF($K$2="Status",$E27,IF($K$2="Timmar",IFERROR($H27/($G27-$F27),1),"-")))),"") | R27: =IF(AND(R$9+($K$8/60)/24>=$F27,R$9<=$G27),IF($K$2="Projekt",$B27, IF($K$2="Ansvarig",$D27,IF($K$2="Status",$E27,IF($K$2="Timmar",IFERROR($H27/($G27-$F27),1),"-")))),"") | S27: =IF(AND(S$9+($K$8/60)/24>=$F27,S$9<=$G27),IF($K$2="Projekt",$B27, IF($K$2="Ansvarig",$D27,IF($K$2="Status",$E27,IF($K$2="Timmar",IFERROR($H27/($G27-$F27),1),"-")))),"") | T27: =IF(AND(T$9+($K$8/60)/24>=$F27,T$9<=$G27),IF($K$2="Projekt",$B27, IF($K$2="Ansvarig",$D27,IF($K$2="Status",$E27,IF($K$2="Timmar",IFERROR($H27/($G27-$F27),1),"-")))),"") | U27: =IF(AND(U$9+($K$8/60)/24>=$F27,U$9<=$G27),IF($K$2="Projekt",$B27, IF($K$2="Ansvarig",$D27,IF($K$2="Status",$E27,IF($K$2="Timmar",IFERROR($H27/($G27-$F27),1),"-")))),"") | V27: =IF(AND(V$9+($K$8/60)/24>=$F27,V$9<=$G27),IF($K$2="Projekt",$B27, IF($K$2="Ansvarig",$D27,IF($K$2="Status",$E27,IF($K$2="Timmar",IFERROR($H27/($G27-$F27),1),"-")))),"") | ... JX27: =IF(AND(JX$9+($K$8/60)/24>=$F27,JX$9<=$G27),IF($K$2="Projekt",$B27, IF($K$2="Ansvarig",$D27,IF($K$2="Status",$E27,IF($K$2="Timmar",IFERROR($H27/($G27-$F27),1),"-")))),"")
O28: =IF(AND(O$9+($K$8/60)/24>=$F28,O$9<=$G28),IF($K$2="Projekt",$B28, IF($K$2="Ansvarig",$D28,IF($K$2="Status",$E28,IF($K$2="Timmar",IFERROR($H28/($G28-$F28),1),"-")))),"") | P28: =IF(AND(P$9+($K$8/60)/24>=$F28,P$9<=$G28),IF($K$2="Projekt",$B28, IF($K$2="Ansvarig",$D28,IF($K$2="Status",$E28,IF($K$2="Timmar",IFERROR($H28/($G28-$F28),1),"-")))),"") | Q28: =IF(AND(Q$9+($K$8/60)/24>=$F28,Q$9<=$G28),IF($K$2="Projekt",$B28, IF($K$2="Ansvarig",$D28,IF($K$2="Status",$E28,IF($K$2="Timmar",IFERROR($H28/($G28-$F28),1),"-")))),"") | R28: =IF(AND(R$9+($K$8/60)/24>=$F28,R$9<=$G28),IF($K$2="Projekt",$B28, IF($K$2="Ansvarig",$D28,IF($K$2="Status",$E28,IF($K$2="Timmar",IFERROR($H28/($G28-$F28),1),"-")))),"") | S28: =IF(AND(S$9+($K$8/60)/24>=$F28,S$9<=$G28),IF($K$2="Projekt",$B28, IF($K$2="Ansvarig",$D28,IF($K$2="Status",$E28,IF($K$2="Timmar",IFERROR($H28/($G28-$F28),1),"-")))),"") | T28: =IF(AND(T$9+($K$8/60)/24>=$F28,T$9<=$G28),IF($K$2="Projekt",$B28, IF($K$2="Ansvarig",$D28,IF($K$2="Status",$E28,IF($K$2="Timmar",IFERROR($H28/($G28-$F28),1),"-")))),"") | U28: =IF(AND(U$9+($K$8/60)/24>=$F28,U$9<=$G28),IF($K$2="Projekt",$B28, IF($K$2="Ansvarig",$D28,IF($K$2="Status",$E28,IF($K$2="Timmar",IFERROR($H28/($G28-$F28),1),"-")))),"") | V28: =IF(AND(V$9+($K$8/60)/24>=$F28,V$9<=$G28),IF($K$2="Projekt",$B28, IF($K$2="Ansvarig",$D28,IF($K$2="Status",$E28,IF($K$2="Timmar",IFERROR($H28/($G28-$F28),1),"-")))),"") | ... JX28: =IF(AND(JX$9+($K$8/60)/24>=$F28,JX$9<=$G28),IF($K$2="Projekt",$B28, IF($K$2="Ansvarig",$D28,IF($K$2="Status",$E28,IF($K$2="Timmar",IFERROR($H28/($G28-$F28),1),"-")))),"")
H29: 1 | O29: =IF(AND(O$9+($K$8/60)/24>=$F29,O$9<=$G29),IF($K$2="Projekt",$B29, IF($K$2="Ansvarig",$D29,IF($K$2="Status",$E29,IF($K$2="Timmar",IFERROR($H29/($G29-$F29),1),"-")))),"") | P29: =IF(AND(P$9+($K$8/60)/24>=$F29,P$9<=$G29),IF($K$2="Projekt",$B29, IF($K$2="Ansvarig",$D29,IF($K$2="Status",$E29,IF($K$2="Timmar",IFERROR($H29/($G29-$F29),1),"-")))),"") | Q29: =IF(AND(Q$9+($K$8/60)/24>=$F29,Q$9<=$G29),IF($K$2="Projekt",$B29, IF($K$2="Ansvarig",$D29,IF($K$2="Status",$E29,IF($K$2="Timmar",IFERROR($H29/($G29-$F29),1),"-")))),"") | R29: =IF(AND(R$9+($K$8/60)/24>=$F29,R$9<=$G29),IF($K$2="Projekt",$B29, IF($K$2="Ansvarig",$D29,IF($K$2="Status",$E29,IF($K$2="Timmar",IFERROR($H29/($G29-$F29),1),"-")))),"") | S29: =IF(AND(S$9+($K$8/60)/24>=$F29,S$9<=$G29),IF($K$2="Projekt",$B29, IF($K$2="Ansvarig",$D29,IF($K$2="Status",$E29,IF($K$2="Timmar",IFERROR($H29/($G29-$F29),1),"-")))),"") | T29: =IF(AND(T$9+($K$8/60)/24>=$F29,T$9<=$G29),IF($K$2="Projekt",$B29, IF($K$2="Ansvarig",$D29,IF($K$2="Status",$E29,IF($K$2="Timmar",IFERROR($H29/($G29-$F29),1),"-")))),"") | U29: =IF(AND(U$9+($K$8/60)/24>=$F29,U$9<=$G29),IF($K$2="Projekt",$B29, IF($K$2="Ansvarig",$D29,IF($K$2="Status",$E29,IF($K$2="Timmar",IFERROR($H29/($G29-$F29),1),"-")))),"") | V29: =IF(AND(V$9+($K$8/60)/24>=$F29,V$9<=$G29),IF($K$2="Projekt",$B29, IF($K$2="Ansvarig",$D29,IF($K$2="Status",$E29,IF($K$2="Timmar",IFERROR($H29/($G29-$F29),1),"-")))),"") | ... JX29: =IF(AND(JX$9+($K$8/60)/24>=$F29,JX$9<=$G29),IF($K$2="Projekt",$B29, IF($K$2="Ansvarig",$D29,IF($K$2="Status",$E29,IF($K$2="Timmar",IFERROR($H29/($G29-$F29),1),"-")))),"")
B30: Mat & dryck | D30: Total | H30: 2 | O30: =IF(AND(O$9+($K$8/60)/24>=$F30,O$9<=$G30),IF($K$2="Projekt",$B30, IF($K$2="Ansvarig",$D30,IF($K$2="Status",$E30,IF($K$2="Timmar",IFERROR($H30/($G30-$F30),1),"-")))),"") | P30: =IF(AND(P$9+($K$8/60)/24>=$F30,P$9<=$G30),IF($K$2="Projekt",$B30, IF($K$2="Ansvarig",$D30,IF($K$2="Status",$E30,IF($K$2="Timmar",IFERROR($H30/($G30-$F30),1),"-")))),"") | Q30: =IF(AND(Q$9+($K$8/60)/24>=$F30,Q$9<=$G30),IF($K$2="Projekt",$B30, IF($K$2="Ansvarig",$D30,IF($K$2="Status",$E30,IF($K$2="Timmar",IFERROR($H30/($G30-$F30),1),"-")))),"") | R30: =IF(AND(R$9+($K$8/60)/24>=$F30,R$9<=$G30),IF($K$2="Projekt",$B30, IF($K$2="Ansvarig",$D30,IF($K$2="Status",$E30,IF($K$2="Timmar",IFERROR($H30/($G30-$F30),1),"-")))),"") | S30: =IF(AND(S$9+($K$8/60)/24>=$F30,S$9<=$G30),IF($K$2="Projekt",$B30, IF($K$2="Ansvarig",$D30,IF($K$2="Status",$E30,IF($K$2="Timmar",IFERROR($H30/($G30-$F30),1),"-")))),"") | T30: =IF(AND(T$9+($K$8/60)/24>=$F30,T$9<=$G30),IF($K$2="Projekt",$B30, IF($K$2="Ansvarig",$D30,IF($K$2="Status",$E30,IF($K$2="Timmar",IFERROR($H30/($G30-$F30),1),"-")))),"") | U30: =IF(AND(U$9+($K$8/60)/24>=$F30,U$9<=$G30),IF($K$2="Projekt",$B30, IF($K$2="Ansvarig",$D30,IF($K$2="Status",$E30,IF($K$2="Timmar",IFERROR($H30/($G30-$F30),1),"-")))),"") | V30: =IF(AND(V$9+($K$8/60)/24>=$F30,V$9<=$G30),IF($K$2="Projekt",$B30, IF($K$2="Ansvarig",$D30,IF($K$2="Status",$E30,IF($K$2="Timmar",IFERROR($H30/($G30-$F30),1),"-")))),"") | ... JX30: =IF(AND(JX$9+($K$8/60)/24>=$F30,JX$9<=$G30),IF($K$2="Projekt",$B30, IF($K$2="Ansvarig",$D30,IF($K$2="Status",$E30,IF($K$2="Timmar",IFERROR($H30/($G30-$F30),1),"-")))),"")
B31: Catering eller restaurang | D31: KalleOStina | E31: 2_Påbörjad | F31: 46083 | G31: 46097 | H31: 1 | O31: =IF(AND(O$9+($K$8/60)/24>=$F31,O$9<=$G31),IF($K$2="Projekt",$B31, IF($K$2="Ansvarig",$D31,IF($K$2="Status",$E31,IF($K$2="Timmar",IFERROR($H31/($G31-$F31),1),"-")))),"") | P31: =IF(AND(P$9+($K$8/60)/24>=$F31,P$9<=$G31),IF($K$2="Projekt",$B31, IF($K$2="Ansvarig",$D31,IF($K$2="Status",$E31,IF($K$2="Timmar",IFERROR($H31/($G31-$F31),1),"-")))),"") | Q31: =IF(AND(Q$9+($K$8/60)/24>=$F31,Q$9<=$G31),IF($K$2="Projekt",$B31, IF($K$2="Ansvarig",$D31,IF($K$2="Status",$E31,IF($K$2="Timmar",IFERROR($H31/($G31-$F31),1),"-")))),"") | R31: =IF(AND(R$9+($K$8/60)/24>=$F31,R$9<=$G31),IF($K$2="Projekt",$B31, IF($K$2="Ansvarig",$D31,IF($K$2="Status",$E31,IF($K$2="Timmar",IFERROR($H31/($G31-$F31),1),"-")))),"") | S31: =IF(AND(S$9+($K$8/60)/24>=$F31,S$9<=$G31),IF($K$2="Projekt",$B31, IF($K$2="Ansvarig",$D31,IF($K$2="Status",$E31,IF($K$2="Timmar",IFERROR($H31/($G31-$F31),1),"-")))),"") | T31: =IF(AND(T$9+($K$8/60)/24>=$F31,T$9<=$G31),IF($K$2="Projekt",$B31, IF($K$2="Ansvarig",$D31,IF($K$2="Status",$E31,IF($K$2="Timmar",IFERROR($H31/($G31-$F31),1),"-")))),"") | U31: =IF(AND(U$9+($K$8/60)/24>=$F31,U$9<=$G31),IF($K$2="Projekt",$B31, IF($K$2="Ansvarig",$D31,IF($K$2="Status",$E31,IF($K$2="Timmar",IFERROR($H31/($G31-$F31),1),"-")))),"") | V31: =IF(AND(V$9+($K$8/60)/24>=$F31,V$9<=$G31),IF($K$2="Projekt",$B31, IF($K$2="Ansvarig",$D31,IF($K$2="Status",$E31,IF($K$2="Timmar",IFERROR($H31/($G31-$F31),1),"-")))),"") | ... JX31: =IF(AND(JX$9+($K$8/60)/24>=$F31,JX$9<=$G31),IF($K$2="Projekt",$B31, IF($K$2="Ansvarig",$D31,IF($K$2="Status",$E31,IF($K$2="Timmar",IFERROR($H31/($G31-$F31),1),"-")))),"")
B32: Middagsmeny | D32: Planerare | E32: 2_Påbörjad | F32: 46097 | G32: 46118 | H32: 2 | O32: =IF(AND(O$9+($K$8/60)/24>=$F32,O$9<=$G32),IF($K$2="Projekt",$B32, IF($K$2="Ansvarig",$D32,IF($K$2="Status",$E32,IF($K$2="Timmar",IFERROR($H32/($G32-$F32),1),"-")))),"") | P32: =IF(AND(P$9+($K$8/60)/24>=$F32,P$9<=$G32),IF($K$2="Projekt",$B32, IF($K$2="Ansvarig",$D32,IF($K$2="Status",$E32,IF($K$2="Timmar",IFERROR($H32/($G32-$F32),1),"-")))),"") | Q32: =IF(AND(Q$9+($K$8/60)/24>=$F32,Q$9<=$G32),IF($K$2="Projekt",$B32, IF($K$2="Ansvarig",$D32,IF($K$2="Status",$E32,IF($K$2="Timmar",IFERROR($H32/($G32-$F32),1),"-")))),"") | R32: =IF(AND(R$9+($K$8/60)/24>=$F32,R$9<=$G32),IF($K$2="Projekt",$B32, IF($K$2="Ansvarig",$D32,IF($K$2="Status",$E32,IF($K$2="Timmar",IFERROR($H32/($G32-$F32),1),"-")))),"") | S32: =IF(AND(S$9+($K$8/60)/24>=$F32,S$9<=$G32),IF($K$2="Projekt",$B32, IF($K$2="Ansvarig",$D32,IF($K$2="Status",$E32,IF($K$2="Timmar",IFERROR($H32/($G32-$F32),1),"-")))),"") | T32: =IF(AND(T$9+($K$8/60)/24>=$F32,T$9<=$G32),IF($K$2="Projekt",$B32, IF($K$2="Ansvarig",$D32,IF($K$2="Status",$E32,IF($K$2="Timmar",IFERROR($H32/($G32-$F32),1),"-")))),"") | U32: =IF(AND(U$9+($K$8/60)/24>=$F32,U$9<=$G32),IF($K$2="Projekt",$B32, IF($K$2="Ansvarig",$D32,IF($K$2="Status",$E32,IF($K$2="Timmar",IFERROR($H32/($G32-$F32),1),"-")))),"") | V32: =IF(AND(V$9+($K$8/60)/24>=$F32,V$9<=$G32),IF($K$2="Projekt",$B32, IF($K$2="Ansvarig",$D32,IF($K$2="Status",$E32,IF($K$2="Timmar",IFERROR($H32/($G32-$F32),1),"-")))),"") | ... JX32: =IF(AND(JX$9+($K$8/60)/24>=$F32,JX$9<=$G32),IF($K$2="Projekt",$B32, IF($K$2="Ansvarig",$D32,IF($K$2="Status",$E32,IF($K$2="Timmar",IFERROR($H32/($G32-$F32),1),"-")))),"")
B33: Dryckespaket/bar | D33: Planerare | E33: 2_Påbörjad | F33: 46097 | G33: 46118 | H33: 3 | O33: =IF(AND(O$9+($K$8/60)/24>=$F33,O$9<=$G33),IF($K$2="Projekt",$B33, IF($K$2="Ansvarig",$D33,IF($K$2="Status",$E33,IF($K$2="Timmar",IFERROR($H33/($G33-$F33),1),"-")))),"") | P33: =IF(AND(P$9+($K$8/60)/24>=$F33,P$9<=$G33),IF($K$2="Projekt",$B33, IF($K$2="Ansvarig",$D33,IF($K$2="Status",$E33,IF($K$2="Timmar",IFERROR($H33/($G33-$F33),1),"-")))),"") | Q33: =IF(AND(Q$9+($K$8/60)/24>=$F33,Q$9<=$G33),IF($K$2="Projekt",$B33, IF($K$2="Ansvarig",$D33,IF($K$2="Status",$E33,IF($K$2="Timmar",IFERROR($H33/($G33-$F33),1),"-")))),"") | R33: =IF(AND(R$9+($K$8/60)/24>=$F33,R$9<=$G33),IF($K$2="Projekt",$B33, IF($K$2="Ansvarig",$D33,IF($K$2="Status",$E33,IF($K$2="Timmar",IFERROR($H33/($G33-$F33),1),"-")))),"") | S33: =IF(AND(S$9+($K$8/60)/24>=$F33,S$9<=$G33),IF($K$2="Projekt",$B33, IF($K$2="Ansvarig",$D33,IF($K$2="Status",$E33,IF($K$2="Timmar",IFERROR($H33/($G33-$F33),1),"-")))),"") | T33: =IF(AND(T$9+($K$8/60)/24>=$F33,T$9<=$G33),IF($K$2="Projekt",$B33, IF($K$2="Ansvarig",$D33,IF($K$2="Status",$E33,IF($K$2="Timmar",IFERROR($H33/($G33-$F33),1),"-")))),"") | U33: =IF(AND(U$9+($K$8/60)/24>=$F33,U$9<=$G33),IF($K$2="Projekt",$B33, IF($K$2="Ansvarig",$D33,IF($K$2="Status",$E33,IF($K$2="Timmar",IFERROR($H33/($G33-$F33),1),"-")))),"") | V33: =IF(AND(V$9+($K$8/60)/24>=$F33,V$9<=$G33),IF($K$2="Projekt",$B33, IF($K$2="Ansvarig",$D33,IF($K$2="Status",$E33,IF($K$2="Timmar",IFERROR($H33/($G33-$F33),1),"-")))),"") | ... JX33: =IF(AND(JX$9+($K$8/60)/24>=$F33,JX$9<=$G33),IF($K$2="Projekt",$B33, IF($K$2="Ansvarig",$D33,IF($K$2="Status",$E33,IF($K$2="Timmar",IFERROR($H33/($G33-$F33),1),"-")))),"")
B34: Bröllopstårta eller dessert | D34: Planerare | E34: 2_Påbörjad | F34: 46097 | G34: 46118 | H34: 4 | O34: =IF(AND(O$9+($K$8/60)/24>=$F34,O$9<=$G34),IF($K$2="Projekt",$B34, IF($K$2="Ansvarig",$D34,IF($K$2="Status",$E34,IF($K$2="Timmar",IFERROR($H34/($G34-$F34),1),"-")))),"") | P34: =IF(AND(P$9+($K$8/60)/24>=$F34,P$9<=$G34),IF($K$2="Projekt",$B34, IF($K$2="Ansvarig",$D34,IF($K$2="Status",$E34,IF($K$2="Timmar",IFERROR($H34/($G34-$F34),1),"-")))),"") | Q34: =IF(AND(Q$9+($K$8/60)/24>=$F34,Q$9<=$G34),IF($K$2="Projekt",$B34, IF($K$2="Ansvarig",$D34,IF($K$2="Status",$E34,IF($K$2="Timmar",IFERROR($H34/($G34-$F34),1),"-")))),"") | R34: =IF(AND(R$9+($K$8/60)/24>=$F34,R$9<=$G34),IF($K$2="Projekt",$B34, IF($K$2="Ansvarig",$D34,IF($K$2="Status",$E34,IF($K$2="Timmar",IFERROR($H34/($G34-$F34),1),"-")))),"") | S34: =IF(AND(S$9+($K$8/60)/24>=$F34,S$9<=$G34),IF($K$2="Projekt",$B34, IF($K$2="Ansvarig",$D34,IF($K$2="Status",$E34,IF($K$2="Timmar",IFERROR($H34/($G34-$F34),1),"-")))),"") | T34: =IF(AND(T$9+($K$8/60)/24>=$F34,T$9<=$G34),IF($K$2="Projekt",$B34, IF($K$2="Ansvarig",$D34,IF($K$2="Status",$E34,IF($K$2="Timmar",IFERROR($H34/($G34-$F34),1),"-")))),"") | U34: =IF(AND(U$9+($K$8/60)/24>=$F34,U$9<=$G34),IF($K$2="Projekt",$B34, IF($K$2="Ansvarig",$D34,IF($K$2="Status",$E34,IF($K$2="Timmar",IFERROR($H34/($G34-$F34),1),"-")))),"") | V34: =IF(AND(V$9+($K$8/60)/24>=$F34,V$9<=$G34),IF($K$2="Projekt",$B34, IF($K$2="Ansvarig",$D34,IF($K$2="Status",$E34,IF($K$2="Timmar",IFERROR($H34/($G34-$F34),1),"-")))),"") | ... JX34: =IF(AND(JX$9+($K$8/60)/24>=$F34,JX$9<=$G34),IF($K$2="Projekt",$B34, IF($K$2="Ansvarig",$D34,IF($K$2="Status",$E34,IF($K$2="Timmar",IFERROR($H34/($G34-$F34),1),"-")))),"")
B35: Snacks/nattmat | D35: Planerare | E35: 1_Tilldelad | F35: 46097 | G35: 46118 | H35: 2 | O35: =IF(AND(O$9+($K$8/60)/24>=$F35,O$9<=$G35),IF($K$2="Projekt",$B35, IF($K$2="Ansvarig",$D35,IF($K$2="Status",$E35,IF($K$2="Timmar",IFERROR($H35/($G35-$F35),1),"-")))),"") | P35: =IF(AND(P$9+($K$8/60)/24>=$F35,P$9<=$G35),IF($K$2="Projekt",$B35, IF($K$2="Ansvarig",$D35,IF($K$2="Status",$E35,IF($K$2="Timmar",IFERROR($H35/($G35-$F35),1),"-")))),"") | Q35: =IF(AND(Q$9+($K$8/60)/24>=$F35,Q$9<=$G35),IF($K$2="Projekt",$B35, IF($K$2="Ansvarig",$D35,IF($K$2="Status",$E35,IF($K$2="Timmar",IFERROR($H35/($G35-$F35),1),"-")))),"") | R35: =IF(AND(R$9+($K$8/60)/24>=$F35,R$9<=$G35),IF($K$2="Projekt",$B35, IF($K$2="Ansvarig",$D35,IF($K$2="Status",$E35,IF($K$2="Timmar",IFERROR($H35/($G35-$F35),1),"-")))),"") | S35: =IF(AND(S$9+($K$8/60)/24>=$F35,S$9<=$G35),IF($K$2="Projekt",$B35, IF($K$2="Ansvarig",$D35,IF($K$2="Status",$E35,IF($K$2="Timmar",IFERROR($H35/($G35-$F35),1),"-")))),"") | T35: =IF(AND(T$9+($K$8/60)/24>=$F35,T$9<=$G35),IF($K$2="Projekt",$B35, IF($K$2="Ansvarig",$D35,IF($K$2="Status",$E35,IF($K$2="Timmar",IFERROR($H35/($G35-$F35),1),"-")))),"") | U35: =IF(AND(U$9+($K$8/60)/24>=$F35,U$9<=$G35),IF($K$2="Projekt",$B35, IF($K$2="Ansvarig",$D35,IF($K$2="Status",$E35,IF($K$2="Timmar",IFERROR($H35/($G35-$F35),1),"-")))),"") | V35: =IF(AND(V$9+($K$8/60)/24>=$F35,V$9<=$G35),IF($K$2="Projekt",$B35, IF($K$2="Ansvarig",$D35,IF($K$2="Status",$E35,IF($K$2="Timmar",IFERROR($H35/($G35-$F35),1),"-")))),"") | ... JX35: =IF(AND(JX$9+($K$8/60)/24>=$F35,JX$9<=$G35),IF($K$2="Projekt",$B35, IF($K$2="Ansvarig",$D35,IF($K$2="Status",$E35,IF($K$2="Timmar",IFERROR($H35/($G35-$F35),1),"-")))),"")
B36: Godkännande | D36: KalleOStina | E36: 1_Tilldelad | F36: 46118 | G36: 46139 | H36: 3 | O36: =IF(AND(O$9+($K$8/60)/24>=$F36,O$9<=$G36),IF($K$2="Projekt",$B36, IF($K$2="Ansvarig",$D36,IF($K$2="Status",$E36,IF($K$2="Timmar",IFERROR($H36/($G36-$F36),1),"-")))),"") | P36: =IF(AND(P$9+($K$8/60)/24>=$F36,P$9<=$G36),IF($K$2="Projekt",$B36, IF($K$2="Ansvarig",$D36,IF($K$2="Status",$E36,IF($K$2="Timmar",IFERROR($H36/($G36-$F36),1),"-")))),"") | Q36: =IF(AND(Q$9+($K$8/60)/24>=$F36,Q$9<=$G36),IF($K$2="Projekt",$B36, IF($K$2="Ansvarig",$D36,IF($K$2="Status",$E36,IF($K$2="Timmar",IFERROR($H36/($G36-$F36),1),"-")))),"") | R36: =IF(AND(R$9+($K$8/60)/24>=$F36,R$9<=$G36),IF($K$2="Projekt",$B36, IF($K$2="Ansvarig",$D36,IF($K$2="Status",$E36,IF($K$2="Timmar",IFERROR($H36/($G36-$F36),1),"-")))),"") | S36: =IF(AND(S$9+($K$8/60)/24>=$F36,S$9<=$G36),IF($K$2="Projekt",$B36, IF($K$2="Ansvarig",$D36,IF($K$2="Status",$E36,IF($K$2="Timmar",IFERROR($H36/($G36-$F36),1),"-")))),"") | T36: =IF(AND(T$9+($K$8/60)/24>=$F36,T$9<=$G36),IF($K$2="Projekt",$B36, IF($K$2="Ansvarig",$D36,IF($K$2="Status",$E36,IF($K$2="Timmar",IFERROR($H36/($G36-$F36),1),"-")))),"") | U36: =IF(AND(U$9+($K$8/60)/24>=$F36,U$9<=$G36),IF($K$2="Projekt",$B36, IF($K$2="Ansvarig",$D36,IF($K$2="Status",$E36,IF($K$2="Timmar",IFERROR($H36/($G36-$F36),1),"-")))),"") | V36: =IF(AND(V$9+($K$8/60)/24>=$F36,V$9<=$G36),IF($K$2="Projekt",$B36, IF($K$2="Ansvarig",$D36,IF($K$2="Status",$E36,IF($K$2="Timmar",IFERROR($H36/($G36-$F36),1),"-")))),"") | ... JX36: =IF(AND(JX$9+($K$8/60)/24>=$F36,JX$9<=$G36),IF($K$2="Projekt",$B36, IF($K$2="Ansvarig",$D36,IF($K$2="Status",$E36,IF($K$2="Timmar",IFERROR($H36/($G36-$F36),1),"-")))),"")
H37: 4 | O37: =IF(AND(O$9+($K$8/60)/24>=$F37,O$9<=$G37),IF($K$2="Projekt",$B37, IF($K$2="Ansvarig",$D37,IF($K$2="Status",$E37,IF($K$2="Timmar",IFERROR($H37/($G37-$F37),1),"-")))),"") | P37: =IF(AND(P$9+($K$8/60)/24>=$F37,P$9<=$G37),IF($K$2="Projekt",$B37, IF($K$2="Ansvarig",$D37,IF($K$2="Status",$E37,IF($K$2="Timmar",IFERROR($H37/($G37-$F37),1),"-")))),"") | Q37: =IF(AND(Q$9+($K$8/60)/24>=$F37,Q$9<=$G37),IF($K$2="Projekt",$B37, IF($K$2="Ansvarig",$D37,IF($K$2="Status",$E37,IF($K$2="Timmar",IFERROR($H37/($G37-$F37),1),"-")))),"") | R37: =IF(AND(R$9+($K$8/60)/24>=$F37,R$9<=$G37),IF($K$2="Projekt",$B37, IF($K$2="Ansvarig",$D37,IF($K$2="Status",$E37,IF($K$2="Timmar",IFERROR($H37/($G37-$F37),1),"-")))),"") | S37: =IF(AND(S$9+($K$8/60)/24>=$F37,S$9<=$G37),IF($K$2="Projekt",$B37, IF($K$2="Ansvarig",$D37,IF($K$2="Status",$E37,IF($K$2="Timmar",IFERROR($H37/($G37-$F37),1),"-")))),"") | T37: =IF(AND(T$9+($K$8/60)/24>=$F37,T$9<=$G37),IF($K$2="Projekt",$B37, IF($K$2="Ansvarig",$D37,IF($K$2="Status",$E37,IF($K$2="Timmar",IFERROR($H37/($G37-$F37),1),"-")))),"") | U37: =IF(AND(U$9+($K$8/60)/24>=$F37,U$9<=$G37),IF($K$2="Projekt",$B37, IF($K$2="Ansvarig",$D37,IF($K$2="Status",$E37,IF($K$2="Timmar",IFERROR($H37/($G37-$F37),1),"-")))),"") | V37: =IF(AND(V$9+($K$8/60)/24>=$F37,V$9<=$G37),IF($K$2="Projekt",$B37, IF($K$2="Ansvarig",$D37,IF($K$2="Status",$E37,IF($K$2="Timmar",IFERROR($H37/($G37-$F37),1),"-")))),"") | ... JX37: =IF(AND(JX$9+($K$8/60)/24>=$F37,JX$9<=$G37),IF($K$2="Projekt",$B37, IF($K$2="Ansvarig",$D37,IF($K$2="Status",$E37,IF($K$2="Timmar",IFERROR($H37/($G37-$F37),1),"-")))),"")
B38: Brudklänning/kostym | D38: Stina | E38: 97_InväntarSvar | F38: 46146 | G38: 46167 | H38: 2 | O38: =IF(AND(O$9+($K$8/60)/24>=$F38,O$9<=$G38),IF($K$2="Projekt",$B38, IF($K$2="Ansvarig",$D38,IF($K$2="Status",$E38,IF($K$2="Timmar",IFERROR($H38/($G38-$F38),1),"-")))),"") | P38: =IF(AND(P$9+($K$8/60)/24>=$F38,P$9<=$G38),IF($K$2="Projekt",$B38, IF($K$2="Ansvarig",$D38,IF($K$2="Status",$E38,IF($K$2="Timmar",IFERROR($H38/($G38-$F38),1),"-")))),"") | Q38: =IF(AND(Q$9+($K$8/60)/24>=$F38,Q$9<=$G38),IF($K$2="Projekt",$B38, IF($K$2="Ansvarig",$D38,IF($K$2="Status",$E38,IF($K$2="Timmar",IFERROR($H38/($G38-$F38),1),"-")))),"") | R38: =IF(AND(R$9+($K$8/60)/24>=$F38,R$9<=$G38),IF($K$2="Projekt",$B38, IF($K$2="Ansvarig",$D38,IF($K$2="Status",$E38,IF($K$2="Timmar",IFERROR($H38/($G38-$F38),1),"-")))),"") | S38: =IF(AND(S$9+($K$8/60)/24>=$F38,S$9<=$G38),IF($K$2="Projekt",$B38, IF($K$2="Ansvarig",$D38,IF($K$2="Status",$E38,IF($K$2="Timmar",IFERROR($H38/($G38-$F38),1),"-")))),"") | T38: =IF(AND(T$9+($K$8/60)/24>=$F38,T$9<=$G38),IF($K$2="Projekt",$B38, IF($K$2="Ansvarig",$D38,IF($K$2="Status",$E38,IF($K$2="Timmar",IFERROR($H38/($G38-$F38),1),"-")))),"") | U38: =IF(AND(U$9+($K$8/60)/24>=$F38,U$9<=$G38),IF($K$2="Projekt",$B38, IF($K$2="Ansvarig",$D38,IF($K$2="Status",$E38,IF($K$2="Timmar",IFERROR($H38/($G38-$F38),1),"-")))),"") | V38: =IF(AND(V$9+($K$8/60)/24>=$F38,V$9<=$G38),IF($K$2="Projekt",$B38, IF($K$2="Ansvarig",$D38,IF($K$2="Status",$E38,IF($K$2="Timmar",IFERROR($H38/($G38-$F38),1),"-")))),"") | ... JX38: =IF(AND(JX$9+($K$8/60)/24>=$F38,JX$9<=$G38),IF($K$2="Projekt",$B38, IF($K$2="Ansvarig",$D38,IF($K$2="Status",$E38,IF($K$2="Timmar",IFERROR($H38/($G38-$F38),1),"-")))),"")
B39: Skor och accessoarer | D39: Kalle | E39: 97_InväntarSvar | F39: 46146 | G39: 46167 | H39: 3 | O39: =IF(AND(O$9+($K$8/60)/24>=$F39,O$9<=$G39),IF($K$2="Projekt",$B39, IF($K$2="Ansvarig",$D39,IF($K$2="Status",$E39,IF($K$2="Timmar",IFERROR($H39/($G39-$F39),1),"-")))),"") | P39: =IF(AND(P$9+($K$8/60)/24>=$F39,P$9<=$G39),IF($K$2="Projekt",$B39, IF($K$2="Ansvarig",$D39,IF($K$2="Status",$E39,IF($K$2="Timmar",IFERROR($H39/($G39-$F39),1),"-")))),"") | Q39: =IF(AND(Q$9+($K$8/60)/24>=$F39,Q$9<=$G39),IF($K$2="Projekt",$B39, IF($K$2="Ansvarig",$D39,IF($K$2="Status",$E39,IF($K$2="Timmar",IFERROR($H39/($G39-$F39),1),"-")))),"") | R39: =IF(AND(R$9+($K$8/60)/24>=$F39,R$9<=$G39),IF($K$2="Projekt",$B39, IF($K$2="Ansvarig",$D39,IF($K$2="Status",$E39,IF($K$2="Timmar",IFERROR($H39/($G39-$F39),1),"-")))),"") | S39: =IF(AND(S$9+($K$8/60)/24>=$F39,S$9<=$G39),IF($K$2="Projekt",$B39, IF($K$2="Ansvarig",$D39,IF($K$2="Status",$E39,IF($K$2="Timmar",IFERROR($H39/($G39-$F39),1),"-")))),"") | T39: =IF(AND(T$9+($K$8/60)/24>=$F39,T$9<=$G39),IF($K$2="Projekt",$B39, IF($K$2="Ansvarig",$D39,IF($K$2="Status",$E39,IF($K$2="Timmar",IFERROR($H39/($G39-$F39),1),"-")))),"") | U39: =IF(AND(U$9+($K$8/60)/24>=$F39,U$9<=$G39),IF($K$2="Projekt",$B39, IF($K$2="Ansvarig",$D39,IF($K$2="Status",$E39,IF($K$2="Timmar",IFERROR($H39/($G39-$F39),1),"-")))),"") | V39: =IF(AND(V$9+($K$8/60)/24>=$F39,V$9<=$G39),IF($K$2="Projekt",$B39, IF($K$2="Ansvarig",$D39,IF($K$2="Status",$E39,IF($K$2="Timmar",IFERROR($H39/($G39-$F39),1),"-")))),"") | ... JX39: =IF(AND(JX$9+($K$8/60)/24>=$F39,JX$9<=$G39),IF($K$2="Projekt",$B39, IF($K$2="Ansvarig",$D39,IF($K$2="Status",$E39,IF($K$2="Timmar",IFERROR($H39/($G39-$F39),1),"-")))),"")
B40: Smycken | D40: Stina | E40: 97_InväntarSvar | F40: 46146 | G40: 46167 | H40: 4 | O40: =IF(AND(O$9+($K$8/60)/24>=$F40,O$9<=$G40),IF($K$2="Projekt",$B40, IF($K$2="Ansvarig",$D40,IF($K$2="Status",$E40,IF($K$2="Timmar",IFERROR($H40/($G40-$F40),1),"-")))),"") | P40: =IF(AND(P$9+($K$8/60)/24>=$F40,P$9<=$G40),IF($K$2="Projekt",$B40, IF($K$2="Ansvarig",$D40,IF($K$2="Status",$E40,IF($K$2="Timmar",IFERROR($H40/($G40-$F40),1),"-")))),"") | Q40: =IF(AND(Q$9+($K$8/60)/24>=$F40,Q$9<=$G40),IF($K$2="Projekt",$B40, IF($K$2="Ansvarig",$D40,IF($K$2="Status",$E40,IF($K$2="Timmar",IFERROR($H40/($G40-$F40),1),"-")))),"") | R40: =IF(AND(R$9+($K$8/60)/24>=$F40,R$9<=$G40),IF($K$2="Projekt",$B40, IF($K$2="Ansvarig",$D40,IF($K$2="Status",$E40,IF($K$2="Timmar",IFERROR($H40/($G40-$F40),1),"-")))),"") | S40: =IF(AND(S$9+($K$8/60)/24>=$F40,S$9<=$G40),IF($K$2="Projekt",$B40, IF($K$2="Ansvarig",$D40,IF($K$2="Status",$E40,IF($K$2="Timmar",IFERROR($H40/($G40-$F40),1),"-")))),"") | T40: =IF(AND(T$9+($K$8/60)/24>=$F40,T$9<=$G40),IF($K$2="Projekt",$B40, IF($K$2="Ansvarig",$D40,IF($K$2="Status",$E40,IF($K$2="Timmar",IFERROR($H40/($G40-$F40),1),"-")))),"") | U40: =IF(AND(U$9+($K$8/60)/24>=$F40,U$9<=$G40),IF($K$2="Projekt",$B40, IF($K$2="Ansvarig",$D40,IF($K$2="Status",$E40,IF($K$2="Timmar",IFERROR($H40/($G40-$F40),1),"-")))),"") | V40: =IF(AND(V$9+($K$8/60)/24>=$F40,V$9<=$G40),IF($K$2="Projekt",$B40, IF($K$2="Ansvarig",$D40,IF($K$2="Status",$E40,IF($K$2="Timmar",IFERROR($H40/($G40-$F40),1),"-")))),"") | ... JX40: =IF(AND(JX$9+($K$8/60)/24>=$F40,JX$9<=$G40),IF($K$2="Projekt",$B40, IF($K$2="Ansvarig",$D40,IF($K$2="Status",$E40,IF($K$2="Timmar",IFERROR($H40/($G40-$F40),1),"-")))),"")
B41: Hår och makeup | D41: Stina | E41: 97_InväntarSvar | F41: 46146 | G41: 46167 | H41: 2 | O41: =IF(AND(O$9+($K$8/60)/24>=$F41,O$9<=$G41),IF($K$2="Projekt",$B41, IF($K$2="Ansvarig",$D41,IF($K$2="Status",$E41,IF($K$2="Timmar",IFERROR($H41/($G41-$F41),1),"-")))),"") | P41: =IF(AND(P$9+($K$8/60)/24>=$F41,P$9<=$G41),IF($K$2="Projekt",$B41, IF($K$2="Ansvarig",$D41,IF($K$2="Status",$E41,IF($K$2="Timmar",IFERROR($H41/($G41-$F41),1),"-")))),"") | Q41: =IF(AND(Q$9+($K$8/60)/24>=$F41,Q$9<=$G41),IF($K$2="Projekt",$B41, IF($K$2="Ansvarig",$D41,IF($K$2="Status",$E41,IF($K$2="Timmar",IFERROR($H41/($G41-$F41),1),"-")))),"") | R41: =IF(AND(R$9+($K$8/60)/24>=$F41,R$9<=$G41),IF($K$2="Projekt",$B41, IF($K$2="Ansvarig",$D41,IF($K$2="Status",$E41,IF($K$2="Timmar",IFERROR($H41/($G41-$F41),1),"-")))),"") | S41: =IF(AND(S$9+($K$8/60)/24>=$F41,S$9<=$G41),IF($K$2="Projekt",$B41, IF($K$2="Ansvarig",$D41,IF($K$2="Status",$E41,IF($K$2="Timmar",IFERROR($H41/($G41-$F41),1),"-")))),"") | T41: =IF(AND(T$9+($K$8/60)/24>=$F41,T$9<=$G41),IF($K$2="Projekt",$B41, IF($K$2="Ansvarig",$D41,IF($K$2="Status",$E41,IF($K$2="Timmar",IFERROR($H41/($G41-$F41),1),"-")))),"") | U41: =IF(AND(U$9+($K$8/60)/24>=$F41,U$9<=$G41),IF($K$2="Projekt",$B41, IF($K$2="Ansvarig",$D41,IF($K$2="Status",$E41,IF($K$2="Timmar",IFERROR($H41/($G41-$F41),1),"-")))),"") | V41: =IF(AND(V$9+($K$8/60)/24>=$F41,V$9<=$G41),IF($K$2="Projekt",$B41, IF($K$2="Ansvarig",$D41,IF($K$2="Status",$E41,IF($K$2="Timmar",IFERROR($H41/($G41-$F41),1),"-")))),"") | ... JX41: =IF(AND(JX$9+($K$8/60)/24>=$F41,JX$9<=$G41),IF($K$2="Projekt",$B41, IF($K$2="Ansvarig",$D41,IF($K$2="Status",$E41,IF($K$2="Timmar",IFERROR($H41/($G41-$F41),1),"-")))),"")
B42: Klädkod för gäster | D42: Kalle | E42: 97_InväntarSvar | F42: 46167 | G42: 46174 | H42: 3 | O42: =IF(AND(O$9+($K$8/60)/24>=$F42,O$9<=$G42),IF($K$2="Projekt",$B42, IF($K$2="Ansvarig",$D42,IF($K$2="Status",$E42,IF($K$2="Timmar",IFERROR($H42/($G42-$F42),1),"-")))),"") | P42: =IF(AND(P$9+($K$8/60)/24>=$F42,P$9<=$G42),IF($K$2="Projekt",$B42, IF($K$2="Ansvarig",$D42,IF($K$2="Status",$E42,IF($K$2="Timmar",IFERROR($H42/($G42-$F42),1),"-")))),"") | Q42: =IF(AND(Q$9+($K$8/60)/24>=$F42,Q$9<=$G42),IF($K$2="Projekt",$B42, IF($K$2="Ansvarig",$D42,IF($K$2="Status",$E42,IF($K$2="Timmar",IFERROR($H42/($G42-$F42),1),"-")))),"") | R42: =IF(AND(R$9+($K$8/60)/24>=$F42,R$9<=$G42),IF($K$2="Projekt",$B42, IF($K$2="Ansvarig",$D42,IF($K$2="Status",$E42,IF($K$2="Timmar",IFERROR($H42/($G42-$F42),1),"-")))),"") | S42: =IF(AND(S$9+($K$8/60)/24>=$F42,S$9<=$G42),IF($K$2="Projekt",$B42, IF($K$2="Ansvarig",$D42,IF($K$2="Status",$E42,IF($K$2="Timmar",IFERROR($H42/($G42-$F42),1),"-")))),"") | T42: =IF(AND(T$9+($K$8/60)/24>=$F42,T$9<=$G42),IF($K$2="Projekt",$B42, IF($K$2="Ansvarig",$D42,IF($K$2="Status",$E42,IF($K$2="Timmar",IFERROR($H42/($G42-$F42),1),"-")))),"") | U42: =IF(AND(U$9+($K$8/60)/24>=$F42,U$9<=$G42),IF($K$2="Projekt",$B42, IF($K$2="Ansvarig",$D42,IF($K$2="Status",$E42,IF($K$2="Timmar",IFERROR($H42/($G42-$F42),1),"-")))),"") | V42: =IF(AND(V$9+($K$8/60)/24>=$F42,V$9<=$G42),IF($K$2="Projekt",$B42, IF($K$2="Ansvarig",$D42,IF($K$2="Status",$E42,IF($K$2="Timmar",IFERROR($H42/($G42-$F42),1),"-")))),"") | ... JX42: =IF(AND(JX$9+($K$8/60)/24>=$F42,JX$9<=$G42),IF($K$2="Projekt",$B42, IF($K$2="Ansvarig",$D42,IF($K$2="Status",$E42,IF($K$2="Timmar",IFERROR($H42/($G42-$F42),1),"-")))),"")
E43: 97_InväntarSvar | H43: 4 | O43: =IF(AND(O$9+($K$8/60)/24>=$F43,O$9<=$G43),IF($K$2="Projekt",$B43, IF($K$2="Ansvarig",$D43,IF($K$2="Status",$E43,IF($K$2="Timmar",IFERROR($H43/($G43-$F43),1),"-")))),"") | P43: =IF(AND(P$9+($K$8/60)/24>=$F43,P$9<=$G43),IF($K$2="Projekt",$B43, IF($K$2="Ansvarig",$D43,IF($K$2="Status",$E43,IF($K$2="Timmar",IFERROR($H43/($G43-$F43),1),"-")))),"") | Q43: =IF(AND(Q$9+($K$8/60)/24>=$F43,Q$9<=$G43),IF($K$2="Projekt",$B43, IF($K$2="Ansvarig",$D43,IF($K$2="Status",$E43,IF($K$2="Timmar",IFERROR($H43/($G43-$F43),1),"-")))),"") | R43: =IF(AND(R$9+($K$8/60)/24>=$F43,R$9<=$G43),IF($K$2="Projekt",$B43, IF($K$2="Ansvarig",$D43,IF($K$2="Status",$E43,IF($K$2="Timmar",IFERROR($H43/($G43-$F43),1),"-")))),"") | S43: =IF(AND(S$9+($K$8/60)/24>=$F43,S$9<=$G43),IF($K$2="Projekt",$B43, IF($K$2="Ansvarig",$D43,IF($K$2="Status",$E43,IF($K$2="Timmar",IFERROR($H43/($G43-$F43),1),"-")))),"") | T43: =IF(AND(T$9+($K$8/60)/24>=$F43,T$9<=$G43),IF($K$2="Projekt",$B43, IF($K$2="Ansvarig",$D43,IF($K$2="Status",$E43,IF($K$2="Timmar",IFERROR($H43/($G43-$F43),1),"-")))),"") | U43: =IF(AND(U$9+($K$8/60)/24>=$F43,U$9<=$G43),IF($K$2="Projekt",$B43, IF($K$2="Ansvarig",$D43,IF($K$2="Status",$E43,IF($K$2="Timmar",IFERROR($H43/($G43-$F43),1),"-")))),"") | V43: =IF(AND(V$9+($K$8/60)/24>=$F43,V$9<=$G43),IF($K$2="Projekt",$B43, IF($K$2="Ansvarig",$D43,IF($K$2="Status",$E43,IF($K$2="Timmar",IFERROR($H43/($G43-$F43),1),"-")))),"") | ... JX43: =IF(AND(JX$9+($K$8/60)/24>=$F43,JX$9<=$G43),IF($K$2="Projekt",$B43, IF($K$2="Ansvarig",$D43,IF($K$2="Status",$E43,IF($K$2="Timmar",IFERROR($H43/($G43-$F43),1),"-")))),"")
B44: Fotograf | D44: Planerare | E44: 97_InväntarSvar | F44: 46174 | G44: 46195 | O44: =IF(AND(O$9+($K$8/60)/24>=$F44,O$9<=$G44),IF($K$2="Projekt",$B44, IF($K$2="Ansvarig",$D44,IF($K$2="Status",$E44,IF($K$2="Timmar",IFERROR($H44/($G44-$F44),1),"-")))),"") | P44: =IF(AND(P$9+($K$8/60)/24>=$F44,P$9<=$G44),IF($K$2="Projekt",$B44, IF($K$2="Ansvarig",$D44,IF($K$2="Status",$E44,IF($K$2="Timmar",IFERROR($H44/($G44-$F44),1),"-")))),"") | Q44: =IF(AND(Q$9+($K$8/60)/24>=$F44,Q$9<=$G44),IF($K$2="Projekt",$B44, IF($K$2="Ansvarig",$D44,IF($K$2="Status",$E44,IF($K$2="Timmar",IFERROR($H44/($G44-$F44),1),"-")))),"") | R44: =IF(AND(R$9+($K$8/60)/24>=$F44,R$9<=$G44),IF($K$2="Projekt",$B44, IF($K$2="Ansvarig",$D44,IF($K$2="Status",$E44,IF($K$2="Timmar",IFERROR($H44/($G44-$F44),1),"-")))),"") | S44: =IF(AND(S$9+($K$8/60)/24>=$F44,S$9<=$G44),IF($K$2="Projekt",$B44, IF($K$2="Ansvarig",$D44,IF($K$2="Status",$E44,IF($K$2="Timmar",IFERROR($H44/($G44-$F44),1),"-")))),"") | T44: =IF(AND(T$9+($K$8/60)/24>=$F44,T$9<=$G44),IF($K$2="Projekt",$B44, IF($K$2="Ansvarig",$D44,IF($K$2="Status",$E44,IF($K$2="Timmar",IFERROR($H44/($G44-$F44),1),"-")))),"") | U44: =IF(AND(U$9+($K$8/60)/24>=$F44,U$9<=$G44),IF($K$2="Projekt",$B44, IF($K$2="Ansvarig",$D44,IF($K$2="Status",$E44,IF($K$2="Timmar",IFERROR($H44/($G44-$F44),1),"-")))),"") | V44: =IF(AND(V$9+($K$8/60)/24>=$F44,V$9<=$G44),IF($K$2="Projekt",$B44, IF($K$2="Ansvarig",$D44,IF($K$2="Status",$E44,IF($K$2="Timmar",IFERROR($H44/($G44-$F44),1),"-")))),"") | ... JX44: =IF(AND(JX$9+($K$8/60)/24>=$F44,JX$9<=$G44),IF($K$2="Projekt",$B44, IF($K$2="Ansvarig",$D44,IF($K$2="Status",$E44,IF($K$2="Timmar",IFERROR($H44/($G44-$F44),1),"-")))),"")
B45: Videograf | D45: Planerare | E45: 97_InväntarSvar | F45: 46174 | G45: 46195 | O45: =IF(AND(O$9+($K$8/60)/24>=$F45,O$9<=$G45),IF($K$2="Projekt",$B45, IF($K$2="Ansvarig",$D45,IF($K$2="Status",$E45,IF($K$2="Timmar",IFERROR($H45/($G45-$F45),1),"-")))),"") | P45: =IF(AND(P$9+($K$8/60)/24>=$F45,P$9<=$G45),IF($K$2="Projekt",$B45, IF($K$2="Ansvarig",$D45,IF($K$2="Status",$E45,IF($K$2="Timmar",IFERROR($H45/($G45-$F45),1),"-")))),"") | Q45: =IF(AND(Q$9+($K$8/60)/24>=$F45,Q$9<=$G45),IF($K$2="Projekt",$B45, IF($K$2="Ansvarig",$D45,IF($K$2="Status",$E45,IF($K$2="Timmar",IFERROR($H45/($G45-$F45),1),"-")))),"") | R45: =IF(AND(R$9+($K$8/60)/24>=$F45,R$9<=$G45),IF($K$2="Projekt",$B45, IF($K$2="Ansvarig",$D45,IF($K$2="Status",$E45,IF($K$2="Timmar",IFERROR($H45/($G45-$F45),1),"-")))),"") | S45: =IF(AND(S$9+($K$8/60)/24>=$F45,S$9<=$G45),IF($K$2="Projekt",$B45, IF($K$2="Ansvarig",$D45,IF($K$2="Status",$E45,IF($K$2="Timmar",IFERROR($H45/($G45-$F45),1),"-")))),"") | T45: =IF(AND(T$9+($K$8/60)/24>=$F45,T$9<=$G45),IF($K$2="Projekt",$B45, IF($K$2="Ansvarig",$D45,IF($K$2="Status",$E45,IF($K$2="Timmar",IFERROR($H45/($G45-$F45),1),"-")))),"") | U45: =IF(AND(U$9+($K$8/60)/24>=$F45,U$9<=$G45),IF($K$2="Projekt",$B45, IF($K$2="Ansvarig",$D45,IF($K$2="Status",$E45,IF($K$2="Timmar",IFERROR($H45/($G45-$F45),1),"-")))),"") | V45: =IF(AND(V$9+($K$8/60)/24>=$F45,V$9<=$G45),IF($K$2="Projekt",$B45, IF($K$2="Ansvarig",$D45,IF($K$2="Status",$E45,IF($K$2="Timmar",IFERROR($H45/($G45-$F45),1),"-")))),"") | ... JX45: =IF(AND(JX$9+($K$8/60)/24>=$F45,JX$9<=$G45),IF($K$2="Projekt",$B45, IF($K$2="Ansvarig",$D45,IF($K$2="Status",$E45,IF($K$2="Timmar",IFERROR($H45/($G45-$F45),1),"-")))),"")
B46: Bildstil ni gillar | D46: Planerare | E46: 0_Problem | F46: 46174 | G46: 46195 | H46: 1 | O46: =IF(AND(O$9+($K$8/60)/24>=$F46,O$9<=$G46),IF($K$2="Projekt",$B46, IF($K$2="Ansvarig",$D46,IF($K$2="Status",$E46,IF($K$2="Timmar",IFERROR($H46/($G46-$F46),1),"-")))),"") | P46: =IF(AND(P$9+($K$8/60)/24>=$F46,P$9<=$G46),IF($K$2="Projekt",$B46, IF($K$2="Ansvarig",$D46,IF($K$2="Status",$E46,IF($K$2="Timmar",IFERROR($H46/($G46-$F46),1),"-")))),"") | Q46: =IF(AND(Q$9+($K$8/60)/24>=$F46,Q$9<=$G46),IF($K$2="Projekt",$B46, IF($K$2="Ansvarig",$D46,IF($K$2="Status",$E46,IF($K$2="Timmar",IFERROR($H46/($G46-$F46),1),"-")))),"") | R46: =IF(AND(R$9+($K$8/60)/24>=$F46,R$9<=$G46),IF($K$2="Projekt",$B46, IF($K$2="Ansvarig",$D46,IF($K$2="Status",$E46,IF($K$2="Timmar",IFERROR($H46/($G46-$F46),1),"-")))),"") | S46: =IF(AND(S$9+($K$8/60)/24>=$F46,S$9<=$G46),IF($K$2="Projekt",$B46, IF($K$2="Ansvarig",$D46,IF($K$2="Status",$E46,IF($K$2="Timmar",IFERROR($H46/($G46-$F46),1),"-")))),"") | T46: =IF(AND(T$9+($K$8/60)/24>=$F46,T$9<=$G46),IF($K$2="Projekt",$B46, IF($K$2="Ansvarig",$D46,IF($K$2="Status",$E46,IF($K$2="Timmar",IFERROR($H46/($G46-$F46),1),"-")))),"") | U46: =IF(AND(U$9+($K$8/60)/24>=$F46,U$9<=$G46),IF($K$2="Projekt",$B46, IF($K$2="Ansvarig",$D46,IF($K$2="Status",$E46,IF($K$2="Timmar",IFERROR($H46/($G46-$F46),1),"-")))),"") | V46: =IF(AND(V$9+($K$8/60)/24>=$F46,V$9<=$G46),IF($K$2="Projekt",$B46, IF($K$2="Ansvarig",$D46,IF($K$2="Status",$E46,IF($K$2="Timmar",IFERROR($H46/($G46-$F46),1),"-")))),"") | ... JX46: =IF(AND(JX$9+($K$8/60)/24>=$F46,JX$9<=$G46),IF($K$2="Projekt",$B46, IF($K$2="Ansvarig",$D46,IF($K$2="Status",$E46,IF($K$2="Timmar",IFERROR($H46/($G46-$F46),1),"-")))),"")
B47: Körschema för fotografering | D47: Planerare | F47: 46174 | G47: 46195 | H47: 2 | O47: =IF(AND(O$9+($K$8/60)/24>=$F47,O$9<=$G47),IF($K$2="Projekt",$B47, IF($K$2="Ansvarig",$D47,IF($K$2="Status",$E47,IF($K$2="Timmar",IFERROR($H47/($G47-$F47),1),"-")))),"") | P47: =IF(AND(P$9+($K$8/60)/24>=$F47,P$9<=$G47),IF($K$2="Projekt",$B47, IF($K$2="Ansvarig",$D47,IF($K$2="Status",$E47,IF($K$2="Timmar",IFERROR($H47/($G47-$F47),1),"-")))),"") | Q47: =IF(AND(Q$9+($K$8/60)/24>=$F47,Q$9<=$G47),IF($K$2="Projekt",$B47, IF($K$2="Ansvarig",$D47,IF($K$2="Status",$E47,IF($K$2="Timmar",IFERROR($H47/($G47-$F47),1),"-")))),"") | R47: =IF(AND(R$9+($K$8/60)/24>=$F47,R$9<=$G47),IF($K$2="Projekt",$B47, IF($K$2="Ansvarig",$D47,IF($K$2="Status",$E47,IF($K$2="Timmar",IFERROR($H47/($G47-$F47),1),"-")))),"") | S47: =IF(AND(S$9+($K$8/60)/24>=$F47,S$9<=$G47),IF($K$2="Projekt",$B47, IF($K$2="Ansvarig",$D47,IF($K$2="Status",$E47,IF($K$2="Timmar",IFERROR($H47/($G47-$F47),1),"-")))),"") | T47: =IF(AND(T$9+($K$8/60)/24>=$F47,T$9<=$G47),IF($K$2="Projekt",$B47, IF($K$2="Ansvarig",$D47,IF($K$2="Status",$E47,IF($K$2="Timmar",IFERROR($H47/($G47-$F47),1),"-")))),"") | U47: =IF(AND(U$9+($K$8/60)/24>=$F47,U$9<=$G47),IF($K$2="Projekt",$B47, IF($K$2="Ansvarig",$D47,IF($K$2="Status",$E47,IF($K$2="Timmar",IFERROR($H47/($G47-$F47),1),"-")))),"") | V47: =IF(AND(V$9+($K$8/60)/24>=$F47,V$9<=$G47),IF($K$2="Projekt",$B47, IF($K$2="Ansvarig",$D47,IF($K$2="Status",$E47,IF($K$2="Timmar",IFERROR($H47/($G47-$F47),1),"-")))),"") | ... JX47: =IF(AND(JX$9+($K$8/60)/24>=$F47,JX$9<=$G47),IF($K$2="Projekt",$B47, IF($K$2="Ansvarig",$D47,IF($K$2="Status",$E47,IF($K$2="Timmar",IFERROR($H47/($G47-$F47),1),"-")))),"")
B48: Gruppbilder | D48: Planerare | F48: 46174 | G48: 46195 | H48: 1 | O48: =IF(AND(O$9+($K$8/60)/24>=$F48,O$9<=$G48),IF($K$2="Projekt",$B48, IF($K$2="Ansvarig",$D48,IF($K$2="Status",$E48,IF($K$2="Timmar",IFERROR($H48/($G48-$F48),1),"-")))),"") | P48: =IF(AND(P$9+($K$8/60)/24>=$F48,P$9<=$G48),IF($K$2="Projekt",$B48, IF($K$2="Ansvarig",$D48,IF($K$2="Status",$E48,IF($K$2="Timmar",IFERROR($H48/($G48-$F48),1),"-")))),"") | Q48: =IF(AND(Q$9+($K$8/60)/24>=$F48,Q$9<=$G48),IF($K$2="Projekt",$B48, IF($K$2="Ansvarig",$D48,IF($K$2="Status",$E48,IF($K$2="Timmar",IFERROR($H48/($G48-$F48),1),"-")))),"") | R48: =IF(AND(R$9+($K$8/60)/24>=$F48,R$9<=$G48),IF($K$2="Projekt",$B48, IF($K$2="Ansvarig",$D48,IF($K$2="Status",$E48,IF($K$2="Timmar",IFERROR($H48/($G48-$F48),1),"-")))),"") | S48: =IF(AND(S$9+($K$8/60)/24>=$F48,S$9<=$G48),IF($K$2="Projekt",$B48, IF($K$2="Ansvarig",$D48,IF($K$2="Status",$E48,IF($K$2="Timmar",IFERROR($H48/($G48-$F48),1),"-")))),"") | T48: =IF(AND(T$9+($K$8/60)/24>=$F48,T$9<=$G48),IF($K$2="Projekt",$B48, IF($K$2="Ansvarig",$D48,IF($K$2="Status",$E48,IF($K$2="Timmar",IFERROR($H48/($G48-$F48),1),"-")))),"") | U48: =IF(AND(U$9+($K$8/60)/24>=$F48,U$9<=$G48),IF($K$2="Projekt",$B48, IF($K$2="Ansvarig",$D48,IF($K$2="Status",$E48,IF($K$2="Timmar",IFERROR($H48/($G48-$F48),1),"-")))),"") | V48: =IF(AND(V$9+($K$8/60)/24>=$F48,V$9<=$G48),IF($K$2="Projekt",$B48, IF($K$2="Ansvarig",$D48,IF($K$2="Status",$E48,IF($K$2="Timmar",IFERROR($H48/($G48-$F48),1),"-")))),"") | ... JX48: =IF(AND(JX$9+($K$8/60)/24>=$F48,JX$9<=$G48),IF($K$2="Projekt",$B48, IF($K$2="Ansvarig",$D48,IF($K$2="Status",$E48,IF($K$2="Timmar",IFERROR($H48/($G48-$F48),1),"-")))),"")
O49: =IF(AND(O$9+($K$8/60)/24>=$F49,O$9<=$G49),IF($K$2="Projekt",$B49, IF($K$2="Ansvarig",$D49,IF($K$2="Status",$E49,IF($K$2="Timmar",IFERROR($H49/($G49-$F49),1),"-")))),"") | P49: =IF(AND(P$9+($K$8/60)/24>=$F49,P$9<=$G49),IF($K$2="Projekt",$B49, IF($K$2="Ansvarig",$D49,IF($K$2="Status",$E49,IF($K$2="Timmar",IFERROR($H49/($G49-$F49),1),"-")))),"") | Q49: =IF(AND(Q$9+($K$8/60)/24>=$F49,Q$9<=$G49),IF($K$2="Projekt",$B49, IF($K$2="Ansvarig",$D49,IF($K$2="Status",$E49,IF($K$2="Timmar",IFERROR($H49/($G49-$F49),1),"-")))),"") | R49: =IF(AND(R$9+($K$8/60)/24>=$F49,R$9<=$G49),IF($K$2="Projekt",$B49, IF($K$2="Ansvarig",$D49,IF($K$2="Status",$E49,IF($K$2="Timmar",IFERROR($H49/($G49-$F49),1),"-")))),"") | S49: =IF(AND(S$9+($K$8/60)/24>=$F49,S$9<=$G49),IF($K$2="Projekt",$B49, IF($K$2="Ansvarig",$D49,IF($K$2="Status",$E49,IF($K$2="Timmar",IFERROR($H49/($G49-$F49),1),"-")))),"") | T49: =IF(AND(T$9+($K$8/60)/24>=$F49,T$9<=$G49),IF($K$2="Projekt",$B49, IF($K$2="Ansvarig",$D49,IF($K$2="Status",$E49,IF($K$2="Timmar",IFERROR($H49/($G49-$F49),1),"-")))),"") | U49: =IF(AND(U$9+($K$8/60)/24>=$F49,U$9<=$G49),IF($K$2="Projekt",$B49, IF($K$2="Ansvarig",$D49,IF($K$2="Status",$E49,IF($K$2="Timmar",IFERROR($H49/($G49-$F49),1),"-")))),"") | V49: =IF(AND(V$9+($K$8/60)/24>=$F49,V$9<=$G49),IF($K$2="Projekt",$B49, IF($K$2="Ansvarig",$D49,IF($K$2="Status",$E49,IF($K$2="Timmar",IFERROR($H49/($G49-$F49),1),"-")))),"") | ... JX49: =IF(AND(JX$9+($K$8/60)/24>=$F49,JX$9<=$G49),IF($K$2="Projekt",$B49, IF($K$2="Ansvarig",$D49,IF($K$2="Status",$E49,IF($K$2="Timmar",IFERROR($H49/($G49-$F49),1),"-")))),"")
B50: Bröllop | D50: Total | O50: =IF(AND(O$9+($K$8/60)/24>=$F50,O$9<=$G50),IF($K$2="Projekt",$B50, IF($K$2="Ansvarig",$D50,IF($K$2="Status",$E50,IF($K$2="Timmar",IFERROR($H50/($G50-$F50),1),"-")))),"") | P50: =IF(AND(P$9+($K$8/60)/24>=$F50,P$9<=$G50),IF($K$2="Projekt",$B50, IF($K$2="Ansvarig",$D50,IF($K$2="Status",$E50,IF($K$2="Timmar",IFERROR($H50/($G50-$F50),1),"-")))),"") | Q50: =IF(AND(Q$9+($K$8/60)/24>=$F50,Q$9<=$G50),IF($K$2="Projekt",$B50, IF($K$2="Ansvarig",$D50,IF($K$2="Status",$E50,IF($K$2="Timmar",IFERROR($H50/($G50-$F50),1),"-")))),"") | R50: =IF(AND(R$9+($K$8/60)/24>=$F50,R$9<=$G50),IF($K$2="Projekt",$B50, IF($K$2="Ansvarig",$D50,IF($K$2="Status",$E50,IF($K$2="Timmar",IFERROR($H50/($G50-$F50),1),"-")))),"") | S50: =IF(AND(S$9+($K$8/60)/24>=$F50,S$9<=$G50),IF($K$2="Projekt",$B50, IF($K$2="Ansvarig",$D50,IF($K$2="Status",$E50,IF($K$2="Timmar",IFERROR($H50/($G50-$F50),1),"-")))),"") | T50: =IF(AND(T$9+($K$8/60)/24>=$F50,T$9<=$G50),IF($K$2="Projekt",$B50, IF($K$2="Ansvarig",$D50,IF($K$2="Status",$E50,IF($K$2="Timmar",IFERROR($H50/($G50-$F50),1),"-")))),"") | U50: =IF(AND(U$9+($K$8/60)/24>=$F50,U$9<=$G50),IF($K$2="Projekt",$B50, IF($K$2="Ansvarig",$D50,IF($K$2="Status",$E50,IF($K$2="Timmar",IFERROR($H50/($G50-$F50),1),"-")))),"") | V50: =IF(AND(V$9+($K$8/60)/24>=$F50,V$9<=$G50),IF($K$2="Projekt",$B50, IF($K$2="Ansvarig",$D50,IF($K$2="Status",$E50,IF($K$2="Timmar",IFERROR($H50/($G50-$F50),1),"-")))),"") | ... JX50: =IF(AND(JX$9+($K$8/60)/24>=$F50,JX$9<=$G50),IF($K$2="Projekt",$B50, IF($K$2="Ansvarig",$D50,IF($K$2="Status",$E50,IF($K$2="Timmar",IFERROR($H50/($G50-$F50),1),"-")))),"")
B51: Bröllop | D51: KalleOStina | E51: 1_Tilldelad | F51: 46202 | G51: 46202 | O51: =IF(AND(O$9+($K$8/60)/24>=$F51,O$9<=$G51),IF($K$2="Projekt",$B51, IF($K$2="Ansvarig",$D51,IF($K$2="Status",$E51,IF($K$2="Timmar",IFERROR($H51/($G51-$F51),1),"-")))),"") | P51: =IF(AND(P$9+($K$8/60)/24>=$F51,P$9<=$G51),IF($K$2="Projekt",$B51, IF($K$2="Ansvarig",$D51,IF($K$2="Status",$E51,IF($K$2="Timmar",IFERROR($H51/($G51-$F51),1),"-")))),"") | Q51: =IF(AND(Q$9+($K$8/60)/24>=$F51,Q$9<=$G51),IF($K$2="Projekt",$B51, IF($K$2="Ansvarig",$D51,IF($K$2="Status",$E51,IF($K$2="Timmar",IFERROR($H51/($G51-$F51),1),"-")))),"") | R51: =IF(AND(R$9+($K$8/60)/24>=$F51,R$9<=$G51),IF($K$2="Projekt",$B51, IF($K$2="Ansvarig",$D51,IF($K$2="Status",$E51,IF($K$2="Timmar",IFERROR($H51/($G51-$F51),1),"-")))),"") | S51: =IF(AND(S$9+($K$8/60)/24>=$F51,S$9<=$G51),IF($K$2="Projekt",$B51, IF($K$2="Ansvarig",$D51,IF($K$2="Status",$E51,IF($K$2="Timmar",IFERROR($H51/($G51-$F51),1),"-")))),"") | T51: =IF(AND(T$9+($K$8/60)/24>=$F51,T$9<=$G51),IF($K$2="Projekt",$B51, IF($K$2="Ansvarig",$D51,IF($K$2="Status",$E51,IF($K$2="Timmar",IFERROR($H51/($G51-$F51),1),"-")))),"") | U51: =IF(AND(U$9+($K$8/60)/24>=$F51,U$9<=$G51),IF($K$2="Projekt",$B51, IF($K$2="Ansvarig",$D51,IF($K$2="Status",$E51,IF($K$2="Timmar",IFERROR($H51/($G51-$F51),1),"-")))),"") | V51: =IF(AND(V$9+($K$8/60)/24>=$F51,V$9<=$G51),IF($K$2="Projekt",$B51, IF($K$2="Ansvarig",$D51,IF($K$2="Status",$E51,IF($K$2="Timmar",IFERROR($H51/($G51-$F51),1),"-")))),"") | ... JX51: =IF(AND(JX$9+($K$8/60)/24>=$F51,JX$9<=$G51),IF($K$2="Projekt",$B51, IF($K$2="Ansvarig",$D51,IF($K$2="Status",$E51,IF($K$2="Timmar",IFERROR($H51/($G51-$F51),1),"-")))),"")
B52: Bröllop | D52: Planerare | E52: 1_Tilldelad | F52: 46202 | G52: 46202 | O52: =IF(AND(O$9+($K$8/60)/24>=$F52,O$9<=$G52),IF($K$2="Projekt",$B52, IF($K$2="Ansvarig",$D52,IF($K$2="Status",$E52,IF($K$2="Timmar",IFERROR($H52/($G52-$F52),1),"-")))),"") | P52: =IF(AND(P$9+($K$8/60)/24>=$F52,P$9<=$G52),IF($K$2="Projekt",$B52, IF($K$2="Ansvarig",$D52,IF($K$2="Status",$E52,IF($K$2="Timmar",IFERROR($H52/($G52-$F52),1),"-")))),"") | Q52: =IF(AND(Q$9+($K$8/60)/24>=$F52,Q$9<=$G52),IF($K$2="Projekt",$B52, IF($K$2="Ansvarig",$D52,IF($K$2="Status",$E52,IF($K$2="Timmar",IFERROR($H52/($G52-$F52),1),"-")))),"") | R52: =IF(AND(R$9+($K$8/60)/24>=$F52,R$9<=$G52),IF($K$2="Projekt",$B52, IF($K$2="Ansvarig",$D52,IF($K$2="Status",$E52,IF($K$2="Timmar",IFERROR($H52/($G52-$F52),1),"-")))),"") | S52: =IF(AND(S$9+($K$8/60)/24>=$F52,S$9<=$G52),IF($K$2="Projekt",$B52, IF($K$2="Ansvarig",$D52,IF($K$2="Status",$E52,IF($K$2="Timmar",IFERROR($H52/($G52-$F52),1),"-")))),"") | T52: =IF(AND(T$9+($K$8/60)/24>=$F52,T$9<=$G52),IF($K$2="Projekt",$B52, IF($K$2="Ansvarig",$D52,IF($K$2="Status",$E52,IF($K$2="Timmar",IFERROR($H52/($G52-$F52),1),"-")))),"") | U52: =IF(AND(U$9+($K$8/60)/24>=$F52,U$9<=$G52),IF($K$2="Projekt",$B52, IF($K$2="Ansvarig",$D52,IF($K$2="Status",$E52,IF($K$2="Timmar",IFERROR($H52/($G52-$F52),1),"-")))),"") | V52: =IF(AND(V$9+($K$8/60)/24>=$F52,V$9<=$G52),IF($K$2="Projekt",$B52, IF($K$2="Ansvarig",$D52,IF($K$2="Status",$E52,IF($K$2="Timmar",IFERROR($H52/($G52-$F52),1),"-")))),"") | ... JX52: =IF(AND(JX$9+($K$8/60)/24>=$F52,JX$9<=$G52),IF($K$2="Projekt",$B52, IF($K$2="Ansvarig",$D52,IF($K$2="Status",$E52,IF($K$2="Timmar",IFERROR($H52/($G52-$F52),1),"-")))),"")
B53: Bröllop | D53: Gäster | E53: 1_Tilldelad | F53: 46202 | G53: 46202 | O53: =IF(AND(O$9+($K$8/60)/24>=$F53,O$9<=$G53),IF($K$2="Projekt",$B53, IF($K$2="Ansvarig",$D53,IF($K$2="Status",$E53,IF($K$2="Timmar",IFERROR($H53/($G53-$F53),1),"-")))),"") | P53: =IF(AND(P$9+($K$8/60)/24>=$F53,P$9<=$G53),IF($K$2="Projekt",$B53, IF($K$2="Ansvarig",$D53,IF($K$2="Status",$E53,IF($K$2="Timmar",IFERROR($H53/($G53-$F53),1),"-")))),"") | Q53: =IF(AND(Q$9+($K$8/60)/24>=$F53,Q$9<=$G53),IF($K$2="Projekt",$B53, IF($K$2="Ansvarig",$D53,IF($K$2="Status",$E53,IF($K$2="Timmar",IFERROR($H53/($G53-$F53),1),"-")))),"") | R53: =IF(AND(R$9+($K$8/60)/24>=$F53,R$9<=$G53),IF($K$2="Projekt",$B53, IF($K$2="Ansvarig",$D53,IF($K$2="Status",$E53,IF($K$2="Timmar",IFERROR($H53/($G53-$F53),1),"-")))),"") | S53: =IF(AND(S$9+($K$8/60)/24>=$F53,S$9<=$G53),IF($K$2="Projekt",$B53, IF($K$2="Ansvarig",$D53,IF($K$2="Status",$E53,IF($K$2="Timmar",IFERROR($H53/($G53-$F53),1),"-")))),"") | T53: =IF(AND(T$9+($K$8/60)/24>=$F53,T$9<=$G53),IF($K$2="Projekt",$B53, IF($K$2="Ansvarig",$D53,IF($K$2="Status",$E53,IF($K$2="Timmar",IFERROR($H53/($G53-$F53),1),"-")))),"") | U53: =IF(AND(U$9+($K$8/60)/24>=$F53,U$9<=$G53),IF($K$2="Projekt",$B53, IF($K$2="Ansvarig",$D53,IF($K$2="Status",$E53,IF($K$2="Timmar",IFERROR($H53/($G53-$F53),1),"-")))),"") | V53: =IF(AND(V$9+($K$8/60)/24>=$F53,V$9<=$G53),IF($K$2="Projekt",$B53, IF($K$2="Ansvarig",$D53,IF($K$2="Status",$E53,IF($K$2="Timmar",IFERROR($H53/($G53-$F53),1),"-")))),"") | ... JX53: =IF(AND(JX$9+($K$8/60)/24>=$F53,JX$9<=$G53),IF($K$2="Projekt",$B53, IF($K$2="Ansvarig",$D53,IF($K$2="Status",$E53,IF($K$2="Timmar",IFERROR($H53/($G53-$F53),1),"-")))),"")
O54: =IF(AND(O$9+($K$8/60)/24>=$F54,O$9<=$G54),IF($K$2="Projekt",$B54, IF($K$2="Ansvarig",$D54,IF($K$2="Status",$E54,IF($K$2="Timmar",IFERROR($H54/($G54-$F54),1),"-")))),"") | P54: =IF(AND(P$9+($K$8/60)/24>=$F54,P$9<=$G54),IF($K$2="Projekt",$B54, IF($K$2="Ansvarig",$D54,IF($K$2="Status",$E54,IF($K$2="Timmar",IFERROR($H54/($G54-$F54),1),"-")))),"") | Q54: =IF(AND(Q$9+($K$8/60)/24>=$F54,Q$9<=$G54),IF($K$2="Projekt",$B54, IF($K$2="Ansvarig",$D54,IF($K$2="Status",$E54,IF($K$2="Timmar",IFERROR($H54/($G54-$F54),1),"-")))),"") | R54: =IF(AND(R$9+($K$8/60)/24>=$F54,R$9<=$G54),IF($K$2="Projekt",$B54, IF($K$2="Ansvarig",$D54,IF($K$2="Status",$E54,IF($K$2="Timmar",IFERROR($H54/($G54-$F54),1),"-")))),"") | S54: =IF(AND(S$9+($K$8/60)/24>=$F54,S$9<=$G54),IF($K$2="Projekt",$B54, IF($K$2="Ansvarig",$D54,IF($K$2="Status",$E54,IF($K$2="Timmar",IFERROR($H54/($G54-$F54),1),"-")))),"") | T54: =IF(AND(T$9+($K$8/60)/24>=$F54,T$9<=$G54),IF($K$2="Projekt",$B54, IF($K$2="Ansvarig",$D54,IF($K$2="Status",$E54,IF($K$2="Timmar",IFERROR($H54/($G54-$F54),1),"-")))),"") | U54: =IF(AND(U$9+($K$8/60)/24>=$F54,U$9<=$G54),IF($K$2="Projekt",$B54, IF($K$2="Ansvarig",$D54,IF($K$2="Status",$E54,IF($K$2="Timmar",IFERROR($H54/($G54-$F54),1),"-")))),"") | V54: =IF(AND(V$9+($K$8/60)/24>=$F54,V$9<=$G54),IF($K$2="Projekt",$B54, IF($K$2="Ansvarig",$D54,IF($K$2="Status",$E54,IF($K$2="Timmar",IFERROR($H54/($G54-$F54),1),"-")))),"") | ... JX54: =IF(AND(JX$9+($K$8/60)/24>=$F54,JX$9<=$G54),IF($K$2="Projekt",$B54, IF($K$2="Ansvarig",$D54,IF($K$2="Status",$E54,IF($K$2="Timmar",IFERROR($H54/($G54-$F54),1),"-")))),"")
B55: Tackkort | D55: Kalle | E55: 1_Tilldelad | F55: 46216 | G55: 46223 | O55: =IF(AND(O$9+($K$8/60)/24>=$F55,O$9<=$G55),IF($K$2="Projekt",$B55, IF($K$2="Ansvarig",$D55,IF($K$2="Status",$E55,IF($K$2="Timmar",IFERROR($H55/($G55-$F55),1),"-")))),"") | P55: =IF(AND(P$9+($K$8/60)/24>=$F55,P$9<=$G55),IF($K$2="Projekt",$B55, IF($K$2="Ansvarig",$D55,IF($K$2="Status",$E55,IF($K$2="Timmar",IFERROR($H55/($G55-$F55),1),"-")))),"") | Q55: =IF(AND(Q$9+($K$8/60)/24>=$F55,Q$9<=$G55),IF($K$2="Projekt",$B55, IF($K$2="Ansvarig",$D55,IF($K$2="Status",$E55,IF($K$2="Timmar",IFERROR($H55/($G55-$F55),1),"-")))),"") | R55: =IF(AND(R$9+($K$8/60)/24>=$F55,R$9<=$G55),IF($K$2="Projekt",$B55, IF($K$2="Ansvarig",$D55,IF($K$2="Status",$E55,IF($K$2="Timmar",IFERROR($H55/($G55-$F55),1),"-")))),"") | S55: =IF(AND(S$9+($K$8/60)/24>=$F55,S$9<=$G55),IF($K$2="Projekt",$B55, IF($K$2="Ansvarig",$D55,IF($K$2="Status",$E55,IF($K$2="Timmar",IFERROR($H55/($G55-$F55),1),"-")))),"") | T55: =IF(AND(T$9+($K$8/60)/24>=$F55,T$9<=$G55),IF($K$2="Projekt",$B55, IF($K$2="Ansvarig",$D55,IF($K$2="Status",$E55,IF($K$2="Timmar",IFERROR($H55/($G55-$F55),1),"-")))),"") | U55: =IF(AND(U$9+($K$8/60)/24>=$F55,U$9<=$G55),IF($K$2="Projekt",$B55, IF($K$2="Ansvarig",$D55,IF($K$2="Status",$E55,IF($K$2="Timmar",IFERROR($H55/($G55-$F55),1),"-")))),"") | V55: =IF(AND(V$9+($K$8/60)/24>=$F55,V$9<=$G55),IF($K$2="Projekt",$B55, IF($K$2="Ansvarig",$D55,IF($K$2="Status",$E55,IF($K$2="Timmar",IFERROR($H55/($G55-$F55),1),"-")))),"") | ... JX55: =IF(AND(JX$9+($K$8/60)/24>=$F55,JX$9<=$G55),IF($K$2="Projekt",$B55, IF($K$2="Ansvarig",$D55,IF($K$2="Status",$E55,IF($K$2="Timmar",IFERROR($H55/($G55-$F55),1),"-")))),"")
B56: Hantering av bilder/video | D56: Planerare | E56: 1_Tilldelad | F56: 46216 | G56: 46223 | O56: =IF(AND(O$9+($K$8/60)/24>=$F56,O$9<=$G56),IF($K$2="Projekt",$B56, IF($K$2="Ansvarig",$D56,IF($K$2="Status",$E56,IF($K$2="Timmar",IFERROR($H56/($G56-$F56),1),"-")))),"") | P56: =IF(AND(P$9+($K$8/60)/24>=$F56,P$9<=$G56),IF($K$2="Projekt",$B56, IF($K$2="Ansvarig",$D56,IF($K$2="Status",$E56,IF($K$2="Timmar",IFERROR($H56/($G56-$F56),1),"-")))),"") | Q56: =IF(AND(Q$9+($K$8/60)/24>=$F56,Q$9<=$G56),IF($K$2="Projekt",$B56, IF($K$2="Ansvarig",$D56,IF($K$2="Status",$E56,IF($K$2="Timmar",IFERROR($H56/($G56-$F56),1),"-")))),"") | R56: =IF(AND(R$9+($K$8/60)/24>=$F56,R$9<=$G56),IF($K$2="Projekt",$B56, IF($K$2="Ansvarig",$D56,IF($K$2="Status",$E56,IF($K$2="Timmar",IFERROR($H56/($G56-$F56),1),"-")))),"") | S56: =IF(AND(S$9+($K$8/60)/24>=$F56,S$9<=$G56),IF($K$2="Projekt",$B56, IF($K$2="Ansvarig",$D56,IF($K$2="Status",$E56,IF($K$2="Timmar",IFERROR($H56/($G56-$F56),1),"-")))),"") | T56: =IF(AND(T$9+($K$8/60)/24>=$F56,T$9<=$G56),IF($K$2="Projekt",$B56, IF($K$2="Ansvarig",$D56,IF($K$2="Status",$E56,IF($K$2="Timmar",IFERROR($H56/($G56-$F56),1),"-")))),"") | U56: =IF(AND(U$9+($K$8/60)/24>=$F56,U$9<=$G56),IF($K$2="Projekt",$B56, IF($K$2="Ansvarig",$D56,IF($K$2="Status",$E56,IF($K$2="Timmar",IFERROR($H56/($G56-$F56),1),"-")))),"") | V56: =IF(AND(V$9+($K$8/60)/24>=$F56,V$9<=$G56),IF($K$2="Projekt",$B56, IF($K$2="Ansvarig",$D56,IF($K$2="Status",$E56,IF($K$2="Timmar",IFERROR($H56/($G56-$F56),1),"-")))),"") | ... JX56: =IF(AND(JX$9+($K$8/60)/24>=$F56,JX$9<=$G56),IF($K$2="Projekt",$B56, IF($K$2="Ansvarig",$D56,IF($K$2="Status",$E56,IF($K$2="Timmar",IFERROR($H56/($G56-$F56),1),"-")))),"")
B57: Namnbyte (om aktuellt) | D57: Stina | E57: 1_Tilldelad | F57: 46216 | G57: 46223 | O57: =IF(AND(O$9+($K$8/60)/24>=$F57,O$9<=$G57),IF($K$2="Projekt",$B57, IF($K$2="Ansvarig",$D57,IF($K$2="Status",$E57,IF($K$2="Timmar",IFERROR($H57/($G57-$F57),1),"-")))),"") | P57: =IF(AND(P$9+($K$8/60)/24>=$F57,P$9<=$G57),IF($K$2="Projekt",$B57, IF($K$2="Ansvarig",$D57,IF($K$2="Status",$E57,IF($K$2="Timmar",IFERROR($H57/($G57-$F57),1),"-")))),"") | Q57: =IF(AND(Q$9+($K$8/60)/24>=$F57,Q$9<=$G57),IF($K$2="Projekt",$B57, IF($K$2="Ansvarig",$D57,IF($K$2="Status",$E57,IF($K$2="Timmar",IFERROR($H57/($G57-$F57),1),"-")))),"") | R57: =IF(AND(R$9+($K$8/60)/24>=$F57,R$9<=$G57),IF($K$2="Projekt",$B57, IF($K$2="Ansvarig",$D57,IF($K$2="Status",$E57,IF($K$2="Timmar",IFERROR($H57/($G57-$F57),1),"-")))),"") | S57: =IF(AND(S$9+($K$8/60)/24>=$F57,S$9<=$G57),IF($K$2="Projekt",$B57, IF($K$2="Ansvarig",$D57,IF($K$2="Status",$E57,IF($K$2="Timmar",IFERROR($H57/($G57-$F57),1),"-")))),"") | T57: =IF(AND(T$9+($K$8/60)/24>=$F57,T$9<=$G57),IF($K$2="Projekt",$B57, IF($K$2="Ansvarig",$D57,IF($K$2="Status",$E57,IF($K$2="Timmar",IFERROR($H57/($G57-$F57),1),"-")))),"") | U57: =IF(AND(U$9+($K$8/60)/24>=$F57,U$9<=$G57),IF($K$2="Projekt",$B57, IF($K$2="Ansvarig",$D57,IF($K$2="Status",$E57,IF($K$2="Timmar",IFERROR($H57/($G57-$F57),1),"-")))),"") | V57: =IF(AND(V$9+($K$8/60)/24>=$F57,V$9<=$G57),IF($K$2="Projekt",$B57, IF($K$2="Ansvarig",$D57,IF($K$2="Status",$E57,IF($K$2="Timmar",IFERROR($H57/($G57-$F57),1),"-")))),"") | ... JX57: =IF(AND(JX$9+($K$8/60)/24>=$F57,JX$9<=$G57),IF($K$2="Projekt",$B57, IF($K$2="Ansvarig",$D57,IF($K$2="Status",$E57,IF($K$2="Timmar",IFERROR($H57/($G57-$F57),1),"-")))),"")
O58: =IF(AND(O$9+($K$8/60)/24>=$F58,O$9<=$G58),IF($K$2="Projekt",$B58, IF($K$2="Ansvarig",$D58,IF($K$2="Status",$E58,IF($K$2="Timmar",IFERROR($H58/($G58-$F58),1),"-")))),"") | P58: =IF(AND(P$9+($K$8/60)/24>=$F58,P$9<=$G58),IF($K$2="Projekt",$B58, IF($K$2="Ansvarig",$D58,IF($K$2="Status",$E58,IF($K$2="Timmar",IFERROR($H58/($G58-$F58),1),"-")))),"") | Q58: =IF(AND(Q$9+($K$8/60)/24>=$F58,Q$9<=$G58),IF($K$2="Projekt",$B58, IF($K$2="Ansvarig",$D58,IF($K$2="Status",$E58,IF($K$2="Timmar",IFERROR($H58/($G58-$F58),1),"-")))),"") | R58: =IF(AND(R$9+($K$8/60)/24>=$F58,R$9<=$G58),IF($K$2="Projekt",$B58, IF($K$2="Ansvarig",$D58,IF($K$2="Status",$E58,IF($K$2="Timmar",IFERROR($H58/($G58-$F58),1),"-")))),"") | S58: =IF(AND(S$9+($K$8/60)/24>=$F58,S$9<=$G58),IF($K$2="Projekt",$B58, IF($K$2="Ansvarig",$D58,IF($K$2="Status",$E58,IF($K$2="Timmar",IFERROR($H58/($G58-$F58),1),"-")))),"") | T58: =IF(AND(T$9+($K$8/60)/24>=$F58,T$9<=$G58),IF($K$2="Projekt",$B58, IF($K$2="Ansvarig",$D58,IF($K$2="Status",$E58,IF($K$2="Timmar",IFERROR($H58/($G58-$F58),1),"-")))),"") | U58: =IF(AND(U$9+($K$8/60)/24>=$F58,U$9<=$G58),IF($K$2="Projekt",$B58, IF($K$2="Ansvarig",$D58,IF($K$2="Status",$E58,IF($K$2="Timmar",IFERROR($H58/($G58-$F58),1),"-")))),"") | V58: =IF(AND(V$9+($K$8/60)/24>=$F58,V$9<=$G58),IF($K$2="Projekt",$B58, IF($K$2="Ansvarig",$D58,IF($K$2="Status",$E58,IF($K$2="Timmar",IFERROR($H58/($G58-$F58),1),"-")))),"") | ... JX58: =IF(AND(JX$9+($K$8/60)/24>=$F58,JX$9<=$G58),IF($K$2="Projekt",$B58, IF($K$2="Ansvarig",$D58,IF($K$2="Status",$E58,IF($K$2="Timmar",IFERROR($H58/($G58-$F58),1),"-")))),"")

Sheet TimPlanering
M1: 1_Tilldelad | N1: Övrigt | O1: =COUNTIFS(O$11:O$58,$N1) -> 0 | P1: =COUNTIFS(P$11:P$58,$N1) -> 0 | Q1: =COUNTIFS(Q$11:Q$58,$N1) -> 1 | R1: =COUNTIFS(R$11:R$58,$N1) -> 2 | S1: =COUNTIFS(S$11:S$58,$N1) -> 1 | T1: =COUNTIFS(T$11:T$58,$N1) -> 1 | U1: =COUNTIFS(U$11:U$58,$N1) -> 0 | V1: =COUNTIFS(V$11:V$58,$N1) -> 0 | ... BW1: =COUNTIFS(BW$11:BW$58,$N1) -> 0
M2: 2_Påbörjad | N2: Servering | O2: =COUNTIFS(O$11:O$58,$N2) -> 0 | P2: =COUNTIFS(P$11:P$58,$N2) -> 0 | Q2: =COUNTIFS(Q$11:Q$58,$N2) -> 0 | R2: =COUNTIFS(R$11:R$58,$N2) -> 0 | S2: =COUNTIFS(S$11:S$58,$N2) -> 1 | T2: =COUNTIFS(T$11:T$58,$N2) -> 2 | U2: =COUNTIFS(U$11:U$58,$N2) -> 3 | V2: =COUNTIFS(V$11:V$58,$N2) -> 2 | ... BW2: =COUNTIFS(BW$11:BW$58,$N2) -> 0
M3: 6_Avslutad | N3: Gäster | O3: =COUNTIFS(O$11:O$58,$N3) -> 0 | P3: =COUNTIFS(P$11:P$58,$N3) -> 0 | Q3: =COUNTIFS(Q$11:Q$58,$N3) -> 0 | R3: =COUNTIFS(R$11:R$58,$N3) -> 0 | S3: =COUNTIFS(S$11:S$58,$N3) -> 0 | T3: =COUNTIFS(T$11:T$58,$N3) -> 0 | U3: =COUNTIFS(U$11:U$58,$N3) -> 0 | V3: =COUNTIFS(V$11:V$58,$N3) -> 0 | ... BW3: =COUNTIFS(BW$11:BW$58,$N3) -> 0
A4: SAVED | B4: 45348.44 | M4: 97_InväntarSvar | N4: Underhållning | O4: =COUNTIFS(O$11:O$58,$N4) -> 0 | P4: =COUNTIFS(P$11:P$58,$N4) -> 0 | Q4: =COUNTIFS(Q$11:Q$58,$N4) -> 1 | R4: =COUNTIFS(R$11:R$58,$N4) -> 2 | S4: =COUNTIFS(S$11:S$58,$N4) -> 4 | T4: =COUNTIFS(T$11:T$58,$N4) -> 2 | U4: =COUNTIFS(U$11:U$58,$N4) -> 1 | V4: =COUNTIFS(V$11:V$58,$N4) -> 1 | ... BW4: =COUNTIFS(BW$11:BW$58,$N4) -> 0
A5: LOAD | B5: 45348.441 | K5: Startid | M5: 50_Saknas | N5: Personal | O5: =COUNTIFS(O$11:O$58,$N5) -> 0 | P5: =COUNTIFS(P$11:P$58,$N5) -> 0 | Q5: =COUNTIFS(Q$11:Q$58,$N5) -> 0 | R5: =COUNTIFS(R$11:R$58,$N5) -> 0 | S5: =COUNTIFS(S$11:S$58,$N5) -> 0 | T5: =COUNTIFS(T$11:T$58,$N5) -> 0 | U5: =COUNTIFS(U$11:U$58,$N5) -> 0 | V5: =COUNTIFS(V$11:V$58,$N5) -> 0 | ... BW5: =COUNTIFS(BW$11:BW$58,$N5) -> 0
K6: 0.75 | M6: 98_ErbjudandeSkickat | N6: Funktion2 | O6: =COUNTIFS(O$11:O$58,$N6) -> 0 | P6: =COUNTIFS(P$11:P$58,$N6) -> 0 | Q6: =COUNTIFS(Q$11:Q$58,$N6) -> 0 | R6: =COUNTIFS(R$11:R$58,$N6) -> 0 | S6: =COUNTIFS(S$11:S$58,$N6) -> 0 | T6: =COUNTIFS(T$11:T$58,$N6) -> 0 | U6: =COUNTIFS(U$11:U$58,$N6) -> 0 | V6: =COUNTIFS(V$11:V$58,$N6) -> 0 | ... BW6: =COUNTIFS(BW$11:BW$58,$N6) -> 0
K7: Tidsintervall | M7: 99_Avstyrt | N7: Funktion3 | O7: =COUNTIFS(O$11:O$58,$N7) -> 0 | P7: =COUNTIFS(P$11:P$58,$N7) -> 0 | Q7: =COUNTIFS(Q$11:Q$58,$N7) -> 0 | R7: =COUNTIFS(R$11:R$58,$N7) -> 0 | S7: =COUNTIFS(S$11:S$58,$N7) -> 0 | T7: =COUNTIFS(T$11:T$58,$N7) -> 0 | U7: =COUNTIFS(U$11:U$58,$N7) -> 0 | V7: =COUNTIFS(V$11:V$58,$N7) -> 0 | ... BW7: =COUNTIFS(BW$11:BW$58,$N7) -> 0
K8: 10 | M8: 0_Problem | N8: Total
N9: =IFERROR(IF(SUM(W9:AB9)>0,1,IF(SUM(P9:U9)>0,0.5,0)),"") -> 1 | O9: =K6 -> 0.75 | P9: =O9+($K$8/60)/24 -> 0.75694444 | Q9: =P9+($K$8/60)/24 -> 0.76388889 | R9: =Q9+($K$8/60)/24 -> 0.77083333 | S9: =R9+($K$8/60)/24 -> 0.77777778 | T9: =S9+($K$8/60)/24 -> 0.78472222 | U9: =T9+($K$8/60)/24 -> 0.79166667 | V9: =U9+($K$8/60)/24 -> 0.79861111 | W9: =V9+($K$8/60)/24 -> 0.80555556 | ... BW9: =BV9+($K$8/60)/24 -> 1.1666667
A10: _Key | B10: Projekt | C10: Namn | D10: Ansvarig | E10: Status | F10: StarTid | G10: SlutTid | H10: Timmar | I10: Kategori | J10: Plannerat Datum | K10: Kommentar | L10: Prio | M10: Beskrivning | O10: =HOUR(O9) -> 18 | P10: =IF(MINUTE(O9+($K$8/60)/24)=0,HOUR(O9+($K$8/60)/24),MINUTE(O9+($K$8/60)/24)) -> 10 | Q10: =IF(MINUTE(P9+($K$8/60)/24)=0,HOUR(P9+($K$8/60)/24),MINUTE(P9+($K$8/60)/24)) -> 20 | R10: =IF(MINUTE(Q9+($K$8/60)/24)=0,HOUR(Q9+($K$8/60)/24),MINUTE(Q9+($K$8/60)/24)) -> 30 | S10: =IF(MINUTE(R9+($K$8/60)/24)=0,HOUR(R9+($K$8/60)/24),MINUTE(R9+($K$8/60)/24)) -> 40 | T10: =IF(MINUTE(S9+($K$8/60)/24)=0,HOUR(S9+($K$8/60)/24),MINUTE(S9+($K$8/60)/24)) -> 50 | U10: =IF(MINUTE(T9+($K$8/60)/24)=0,HOUR(T9+($K$8/60)/24),MINUTE(T9+($K$8/60)/24)) -> 19 | V10: =IF(MINUTE(U9+($K$8/60)/24)=0,HOUR(U9+($K$8/60)/24),MINUTE(U9+($K$8/60)/24)) -> 10 | W10: =IF(MINUTE(V9+($K$8/60)/24)=0,HOUR(V9+($K$8/60)/24),MINUTE(V9+($K$8/60)/24)) -> 20 | ... BW10: =IF(MINUTE(BV9+($K$8/60)/24)=0,HOUR(BV9+($K$8/60)/24),MINUTE(BV9+($K$8/60)/24)) -> 4
B11: Servering | D11: Servering | E11: 6_Avslutad | F11: 0.78125 | G11: =F11+H11 -> 0.79166667 | H11: 0.010416667 | O11: =IF(AND(O$9+($K$8/60)/24>=$F11,O$9<=$G11),$D11,"") | P11: =IF(AND(P$9+($K$8/60)/24>=$F11,P$9<=$G11),$D11,"") | Q11: =IF(AND(Q$9+($K$8/60)/24>=$F11,Q$9<=$G11),$D11,"") | R11: =IF(AND(R$9+($K$8/60)/24>=$F11,R$9<=$G11),$D11,"") | S11: =IF(AND(S$9+($K$8/60)/24>=$F11,S$9<=$G11),$D11,"") -> Servering | T11: =IF(AND(T$9+($K$8/60)/24>=$F11,T$9<=$G11),$D11,"") -> Servering | U11: =IF(AND(U$9+($K$8/60)/24>=$F11,U$9<=$G11),$D11,"") -> Servering | V11: =IF(AND(V$9+($K$8/60)/24>=$F11,V$9<=$G11),$D11,"") | ... BW11: =IF(AND(BW$9+($K$8/60)/24>=$F11,BW$9<=$G11),$D11,"") | CA11: =IF(AND(CB$9-($K$8/60)/24>=$F11,BZ$9<=$G11),$D11,"") | CB11: =IF(AND(CC$9-($K$8/60)/24>=$F11,CA$9<=$G11),$D11,"") | CC11: =IF(AND(CD$9-($K$8/60)/24>=$F11,CB$9<=$G11),$D11,"") | CD11: =IF(AND(CE$9-($K$8/60)/24>=$F11,CC$9<=$G11),$D11,"") | CE11: =IF(AND(CF$9-($K$8/60)/24>=$F11,CD$9<=$G11),$D11,"") | CF11: =IF(AND(CG$9-($K$8/60)/24>=$F11,CE$9<=$G11),$D11,"") | CG11: =IF(AND(CH$9-($K$8/60)/24>=$F11,CF$9<=$G11),$D11,"")
B12: Servering av 1a enhet dryck & inkl. kontroll av allergier/specialkost | D12: Servering | E12: 6_Avslutad | F12: 0.79166667 | G12: =F12+H12 -> 0.79861111 | H12: 0.0069444444 | O12: =IF(AND(O$9+($K$8/60)/24>=$F12,O$9<=$G12),$D12,"") | P12: =IF(AND(P$9+($K$8/60)/24>=$F12,P$9<=$G12),$D12,"") | Q12: =IF(AND(Q$9+($K$8/60)/24>=$F12,Q$9<=$G12),$D12,"") | R12: =IF(AND(R$9+($K$8/60)/24>=$F12,R$9<=$G12),$D12,"") | S12: =IF(AND(S$9+($K$8/60)/24>=$F12,S$9<=$G12),$D12,"") | T12: =IF(AND(T$9+($K$8/60)/24>=$F12,T$9<=$G12),$D12,"") -> Servering | U12: =IF(AND(U$9+($K$8/60)/24>=$F12,U$9<=$G12),$D12,"") -> Servering | V12: =IF(AND(V$9+($K$8/60)/24>=$F12,V$9<=$G12),$D12,"") -> Servering | ... BW12: =IF(AND(BW$9+($K$8/60)/24>=$F12,BW$9<=$G12),$D12,"") | CA12: =IF(AND(CB$9-($K$8/60)/24>=$F12,BZ$9<=$G12),$D12,"") | CB12: =IF(AND(CC$9-($K$8/60)/24>=$F12,CA$9<=$G12),$D12,"") | CC12: =IF(AND(CD$9-($K$8/60)/24>=$F12,CB$9<=$G12),$D12,"") | CD12: =IF(AND(CE$9-($K$8/60)/24>=$F12,CC$9<=$G12),$D12,"") | CE12: =IF(AND(CF$9-($K$8/60)/24>=$F12,CD$9<=$G12),$D12,"") | CF12: =IF(AND(CG$9-($K$8/60)/24>=$F12,CE$9<=$G12),$D12,"") | CG12: =IF(AND(CH$9-($K$8/60)/24>=$F12,CF$9<=$G12),$D12,"")
B13: Servering av FÖRRÄTT | D13: Servering | E13: 6_Avslutad | F13: 0.79861111 | G13: =F13+H13 -> 0.81944444 | H13: 0.020833333 | O13: =IF(AND(O$9+($K$8/60)/24>=$F13,O$9<=$G13),$D13,"") | P13: =IF(AND(P$9+($K$8/60)/24>=$F13,P$9<=$G13),$D13,"") | Q13: =IF(AND(Q$9+($K$8/60)/24>=$F13,Q$9<=$G13),$D13,"") | R13: =IF(AND(R$9+($K$8/60)/24>=$F13,R$9<=$G13),$D13,"") | S13: =IF(AND(S$9+($K$8/60)/24>=$F13,S$9<=$G13),$D13,"") | T13: =IF(AND(T$9+($K$8/60)/24>=$F13,T$9<=$G13),$D13,"") | U13: =IF(AND(U$9+($K$8/60)/24>=$F13,U$9<=$G13),$D13,"") -> Servering | V13: =IF(AND(V$9+($K$8/60)/24>=$F13,V$9<=$G13),$D13,"") -> Servering | ... BW13: =IF(AND(BW$9+($K$8/60)/24>=$F13,BW$9<=$G13),$D13,"") | CA13: =IF(AND(CB$9-($K$8/60)/24>=$F13,BZ$9<=$G13),$D13,"") | CB13: =IF(AND(CC$9-($K$8/60)/24>=$F13,CA$9<=$G13),$D13,"") | CC13: =IF(AND(CD$9-($K$8/60)/24>=$F13,CB$9<=$G13),$D13,"") | CD13: =IF(AND(CE$9-($K$8/60)/24>=$F13,CC$9<=$G13),$D13,"") | CE13: =IF(AND(CF$9-($K$8/60)/24>=$F13,CD$9<=$G13),$D13,"") | CF13: =IF(AND(CG$9-($K$8/60)/24>=$F13,CE$9<=$G13),$D13,"") | CG13: =IF(AND(CH$9-($K$8/60)/24>=$F13,CF$9<=$G13),$D13,"")
B14: Vänta | D14: Servering | E14: 6_Avslutad | F14: 0.81944444 | G14: =F14+H14 -> 0.825 | H14: 0.0055555556 | O14: =IF(AND(O$9+($K$8/60)/24>=$F14,O$9<=$G14),$D14,"") | P14: =IF(AND(P$9+($K$8/60)/24>=$F14,P$9<=$G14),$D14,"") | Q14: =IF(AND(Q$9+($K$8/60)/24>=$F14,Q$9<=$G14),$D14,"") | R14: =IF(AND(R$9+($K$8/60)/24>=$F14,R$9<=$G14),$D14,"") | S14: =IF(AND(S$9+($K$8/60)/24>=$F14,S$9<=$G14),$D14,"") | T14: =IF(AND(T$9+($K$8/60)/24>=$F14,T$9<=$G14),$D14,"") | U14: =IF(AND(U$9+($K$8/60)/24>=$F14,U$9<=$G14),$D14,"") | V14: =IF(AND(V$9+($K$8/60)/24>=$F14,V$9<=$G14),$D14,"") | ... BW14: =IF(AND(BW$9+($K$8/60)/24>=$F14,BW$9<=$G14),$D14,"") | CA14: =IF(AND(CB$9-($K$8/60)/24>=$F14,BZ$9<=$G14),$D14,"") | CB14: =IF(AND(CC$9-($K$8/60)/24>=$F14,CA$9<=$G14),$D14,"") | CC14: =IF(AND(CD$9-($K$8/60)/24>=$F14,CB$9<=$G14),$D14,"") | CD14: =IF(AND(CE$9-($K$8/60)/24>=$F14,CC$9<=$G14),$D14,"") | CE14: =IF(AND(CF$9-($K$8/60)/24>=$F14,CD$9<=$G14),$D14,"") | CF14: =IF(AND(CG$9-($K$8/60)/24>=$F14,CE$9<=$G14),$D14,"") | CG14: =IF(AND(CH$9-($K$8/60)/24>=$F14,CF$9<=$G14),$D14,"")
B15: Avduk förrätt (exkl. Bröd & Smör) | D15: Servering | E15: 6_Avslutad | F15: 0.825 | G15: =F15+H15 -> 0.83055556 | H15: 0.0055555556 | O15: =IF(AND(O$9+($K$8/60)/24>=$F15,O$9<=$G15),$D15,"") | P15: =IF(AND(P$9+($K$8/60)/24>=$F15,P$9<=$G15),$D15,"") | Q15: =IF(AND(Q$9+($K$8/60)/24>=$F15,Q$9<=$G15),$D15,"") | R15: =IF(AND(R$9+($K$8/60)/24>=$F15,R$9<=$G15),$D15,"") | S15: =IF(AND(S$9+($K$8/60)/24>=$F15,S$9<=$G15),$D15,"") | T15: =IF(AND(T$9+($K$8/60)/24>=$F15,T$9<=$G15),$D15,"") | U15: =IF(AND(U$9+($K$8/60)/24>=$F15,U$9<=$G15),$D15,"") | V15: =IF(AND(V$9+($K$8/60)/24>=$F15,V$9<=$G15),$D15,"") | ... BW15: =IF(AND(BW$9+($K$8/60)/24>=$F15,BW$9<=$G15),$D15,"") | CA15: =IF(AND(CB$9-($K$8/60)/24>=$F15,BZ$9<=$G15),$D15,"") | CB15: =IF(AND(CC$9-($K$8/60)/24>=$F15,CA$9<=$G15),$D15,"") | CC15: =IF(AND(CD$9-($K$8/60)/24>=$F15,CB$9<=$G15),$D15,"") | CD15: =IF(AND(CE$9-($K$8/60)/24>=$F15,CC$9<=$G15),$D15,"") | CE15: =IF(AND(CF$9-($K$8/60)/24>=$F15,CD$9<=$G15),$D15,"") | CF15: =IF(AND(CG$9-($K$8/60)/24>=$F15,CE$9<=$G15),$D15,"") | CG15: =IF(AND(CH$9-($K$8/60)/24>=$F15,CF$9<=$G15),$D15,"")
B16: Servering av 2a enhet dryck | D16: Servering | E16: 6_Avslutad | F16: 0.83055556 | G16: =F16+H16 -> 0.84791667 | H16: 0.017361111 | O16: =IF(AND(O$9+($K$8/60)/24>=$F16,O$9<=$G16),$D16,"") | P16: =IF(AND(P$9+($K$8/60)/24>=$F16,P$9<=$G16),$D16,"") | Q16: =IF(AND(Q$9+($K$8/60)/24>=$F16,Q$9<=$G16),$D16,"") | R16: =IF(AND(R$9+($K$8/60)/24>=$F16,R$9<=$G16),$D16,"") | S16: =IF(AND(S$9+($K$8/60)/24>=$F16,S$9<=$G16),$D16,"") | T16: =IF(AND(T$9+($K$8/60)/24>=$F16,T$9<=$G16),$D16,"") | U16: =IF(AND(U$9+($K$8/60)/24>=$F16,U$9<=$G16),$D16,"") | V16: =IF(AND(V$9+($K$8/60)/24>=$F16,V$9<=$G16),$D16,"") | ... BW16: =IF(AND(BW$9+($K$8/60)/24>=$F16,BW$9<=$G16),$D16,"") | CA16: =IF(AND(CB$9-($K$8/60)/24>=$F16,BZ$9<=$G16),$D16,"") | CB16: =IF(AND(CC$9-($K$8/60)/24>=$F16,CA$9<=$G16),$D16,"") | CC16: =IF(AND(CD$9-($K$8/60)/24>=$F16,CB$9<=$G16),$D16,"") | CD16: =IF(AND(CE$9-($K$8/60)/24>=$F16,CC$9<=$G16),$D16,"") | CE16: =IF(AND(CF$9-($K$8/60)/24>=$F16,CD$9<=$G16),$D16,"") | CF16: =IF(AND(CG$9-($K$8/60)/24>=$F16,CE$9<=$G16),$D16,"") | CG16: =IF(AND(CH$9-($K$8/60)/24>=$F16,CF$9<=$G16),$D16,"")
B17: Servering VARMRÄTT | D17: Servering | E17: 2_Påbörjad | F17: 0.84791667 | G17: =F17+H17 -> 0.85347222 | H17: 0.0055555556 | O17: =IF(AND(O$9+($K$8/60)/24>=$F17,O$9<=$G17),$D17,"") | P17: =IF(AND(P$9+($K$8/60)/24>=$F17,P$9<=$G17),$D17,"") | Q17: =IF(AND(Q$9+($K$8/60)/24>=$F17,Q$9<=$G17),$D17,"") | R17: =IF(AND(R$9+($K$8/60)/24>=$F17,R$9<=$G17),$D17,"") | S17: =IF(AND(S$9+($K$8/60)/24>=$F17,S$9<=$G17),$D17,"") | T17: =IF(AND(T$9+($K$8/60)/24>=$F17,T$9<=$G17),$D17,"") | U17: =IF(AND(U$9+($K$8/60)/24>=$F17,U$9<=$G17),$D17,"") | V17: =IF(AND(V$9+($K$8/60)/24>=$F17,V$9<=$G17),$D17,"") | ... BW17: =IF(AND(BW$9+($K$8/60)/24>=$F17,BW$9<=$G17),$D17,"") | CA17: =IF(AND(CB$9-($K$8/60)/24>=$F17,BZ$9<=$G17),$D17,"") | CB17: =IF(AND(CC$9-($K$8/60)/24>=$F17,CA$9<=$G17),$D17,"") | CC17: =IF(AND(CD$9-($K$8/60)/24>=$F17,CB$9<=$G17),$D17,"") | CD17: =IF(AND(CE$9-($K$8/60)/24>=$F17,CC$9<=$G17),$D17,"") | CE17: =IF(AND(CF$9-($K$8/60)/24>=$F17,CD$9<=$G17),$D17,"") | CF17: =IF(AND(CG$9-($K$8/60)/24>=$F17,CE$9<=$G17),$D17,"") | CG17: =IF(AND(CH$9-($K$8/60)/24>=$F17,CF$9<=$G17),$D17,"")
B18: Påfyllning av varmrätts vin | D18: Servering | E18: 2_Påbörjad | F18: 0.85347222 | G18: =F18+H18 -> 0.87777778 | H18: 0.024305556 | O18: =IF(AND(O$9+($K$8/60)/24>=$F18,O$9<=$G18),$D18,"") | P18: =IF(AND(P$9+($K$8/60)/24>=$F18,P$9<=$G18),$D18,"") | Q18: =IF(AND(Q$9+($K$8/60)/24>=$F18,Q$9<=$G18),$D18,"") | R18: =IF(AND(R$9+($K$8/60)/24>=$F18,R$9<=$G18),$D18,"") | S18: =IF(AND(S$9+($K$8/60)/24>=$F18,S$9<=$G18),$D18,"") | T18: =IF(AND(T$9+($K$8/60)/24>=$F18,T$9<=$G18),$D18,"") | U18: =IF(AND(U$9+($K$8/60)/24>=$F18,U$9<=$G18),$D18,"") | V18: =IF(AND(V$9+($K$8/60)/24>=$F18,V$9<=$G18),$D18,"") | ... BW18: =IF(AND(BW$9+($K$8/60)/24>=$F18,BW$9<=$G18),$D18,"") | CA18: =IF(AND(CB$9-($K$8/60)/24>=$F18,BZ$9<=$G18),$D18,"") | CB18: =IF(AND(CC$9-($K$8/60)/24>=$F18,CA$9<=$G18),$D18,"") | CC18: =IF(AND(CD$9-($K$8/60)/24>=$F18,CB$9<=$G18),$D18,"") | CD18: =IF(AND(CE$9-($K$8/60)/24>=$F18,CC$9<=$G18),$D18,"") | CE18: =IF(AND(CF$9-($K$8/60)/24>=$F18,CD$9<=$G18),$D18,"") | CF18: =IF(AND(CG$9-($K$8/60)/24>=$F18,CE$9<=$G18),$D18,"") | CG18: =IF(AND(CH$9-($K$8/60)/24>=$F18,CF$9<=$G18),$D18,"")
B19: Vänta | D19: Servering | E19: 2_Påbörjad | F19: 0.87777778 | G19: =F19+H19 -> 0.88472222 | H19: 0.0069444444 | O19: =IF(AND(O$9+($K$8/60)/24>=$F19,O$9<=$G19),$D19,"") | P19: =IF(AND(P$9+($K$8/60)/24>=$F19,P$9<=$G19),$D19,"") | Q19: =IF(AND(Q$9+($K$8/60)/24>=$F19,Q$9<=$G19),$D19,"") | R19: =IF(AND(R$9+($K$8/60)/24>=$F19,R$9<=$G19),$D19,"") | S19: =IF(AND(S$9+($K$8/60)/24>=$F19,S$9<=$G19),$D19,"") | T19: =IF(AND(T$9+($K$8/60)/24>=$F19,T$9<=$G19),$D19,"") | U19: =IF(AND(U$9+($K$8/60)/24>=$F19,U$9<=$G19),$D19,"") | V19: =IF(AND(V$9+($K$8/60)/24>=$F19,V$9<=$G19),$D19,"") | ... BW19: =IF(AND(BW$9+($K$8/60)/24>=$F19,BW$9<=$G19),$D19,"") | CA19: =IF(AND(CB$9-($K$8/60)/24>=$F19,BZ$9<=$G19),$D19,"") | CB19: =IF(AND(CC$9-($K$8/60)/24>=$F19,CA$9<=$G19),$D19,"") | CC19: =IF(AND(CD$9-($K$8/60)/24>=$F19,CB$9<=$G19),$D19,"") | CD19: =IF(AND(CE$9-($K$8/60)/24>=$F19,CC$9<=$G19),$D19,"") | CE19: =IF(AND(CF$9-($K$8/60)/24>=$F19,CD$9<=$G19),$D19,"") | CF19: =IF(AND(CG$9-($K$8/60)/24>=$F19,CE$9<=$G19),$D19,"") | CG19: =IF(AND(CH$9-($K$8/60)/24>=$F19,CF$9<=$G19),$D19,"")
B20: Avduk varmrätt (inkl. Bröd & Smör) | D20: Servering | E20: 2_Påbörjad | F20: 0.88472222 | G20: =F20+H20 -> 0.89027778 | H20: 0.0055555556 | O20: =IF(AND(O$9+($K$8/60)/24>=$F20,O$9<=$G20),$D20,"") | P20: =IF(AND(P$9+($K$8/60)/24>=$F20,P$9<=$G20),$D20,"") | Q20: =IF(AND(Q$9+($K$8/60)/24>=$F20,Q$9<=$G20),$D20,"") | R20: =IF(AND(R$9+($K$8/60)/24>=$F20,R$9<=$G20),$D20,"") | S20: =IF(AND(S$9+($K$8/60)/24>=$F20,S$9<=$G20),$D20,"") | T20: =IF(AND(T$9+($K$8/60)/24>=$F20,T$9<=$G20),$D20,"") | U20: =IF(AND(U$9+($K$8/60)/24>=$F20,U$9<=$G20),$D20,"") | V20: =IF(AND(V$9+($K$8/60)/24>=$F20,V$9<=$G20),$D20,"") | ... BW20: =IF(AND(BW$9+($K$8/60)/24>=$F20,BW$9<=$G20),$D20,"") | CA20: =IF(AND(CB$9-($K$8/60)/24>=$F20,BZ$9<=$G20),$D20,"") | CB20: =IF(AND(CC$9-($K$8/60)/24>=$F20,CA$9<=$G20),$D20,"") | CC20: =IF(AND(CD$9-($K$8/60)/24>=$F20,CB$9<=$G20),$D20,"") | CD20: =IF(AND(CE$9-($K$8/60)/24>=$F20,CC$9<=$G20),$D20,"") | CE20: =IF(AND(CF$9-($K$8/60)/24>=$F20,CD$9<=$G20),$D20,"") | CF20: =IF(AND(CG$9-($K$8/60)/24>=$F20,CE$9<=$G20),$D20,"") | CG20: =IF(AND(CH$9-($K$8/60)/24>=$F20,CF$9<=$G20),$D20,"")
B21: Vänta | D21: Servering | E21: 2_Påbörjad | F21: 0.89027778 | G21: =F21+H21 -> 0.89513889 | H21: 0.0048611111 | O21: =IF(AND(O$9+($K$8/60)/24>=$F21,O$9<=$G21),$D21,"") | P21: =IF(AND(P$9+($K$8/60)/24>=$F21,P$9<=$G21),$D21,"") | Q21: =IF(AND(Q$9+($K$8/60)/24>=$F21,Q$9<=$G21),$D21,"") | R21: =IF(AND(R$9+($K$8/60)/24>=$F21,R$9<=$G21),$D21,"") | S21: =IF(AND(S$9+($K$8/60)/24>=$F21,S$9<=$G21),$D21,"") | T21: =IF(AND(T$9+($K$8/60)/24>=$F21,T$9<=$G21),$D21,"") | U21: =IF(AND(U$9+($K$8/60)/24>=$F21,U$9<=$G21),$D21,"") | V21: =IF(AND(V$9+($K$8/60)/24>=$F21,V$9<=$G21),$D21,"") | ... BW21: =IF(AND(BW$9+($K$8/60)/24>=$F21,BW$9<=$G21),$D21,"") | CA21: =IF(AND(CB$9-($K$8/60)/24>=$F21,BZ$9<=$G21),$D21,"") | CB21: =IF(AND(CC$9-($K$8/60)/24>=$F21,CA$9<=$G21),$D21,"") | CC21: =IF(AND(CD$9-($K$8/60)/24>=$F21,CB$9<=$G21),$D21,"") | CD21: =IF(AND(CE$9-($K$8/60)/24>=$F21,CC$9<=$G21),$D21,"") | CE21: =IF(AND(CF$9-($K$8/60)/24>=$F21,CD$9<=$G21),$D21,"") | CF21: =IF(AND(CG$9-($K$8/60)/24>=$F21,CE$9<=$G21),$D21,"") | CG21: =IF(AND(CH$9-($K$8/60)/24>=$F21,CF$9<=$G21),$D21,"")
B22: Servering DESSERT | D22: Servering | E22: 2_Påbörjad | F22: 0.89583333 | G22: =F22+H22 -> 0.90277778 | H22: 0.0069444444 | O22: =IF(AND(O$9+($K$8/60)/24>=$F22,O$9<=$G22),$D22,"") | P22: =IF(AND(P$9+($K$8/60)/24>=$F22,P$9<=$G22),$D22,"") | Q22: =IF(AND(Q$9+($K$8/60)/24>=$F22,Q$9<=$G22),$D22,"") | R22: =IF(AND(R$9+($K$8/60)/24>=$F22,R$9<=$G22),$D22,"") | S22: =IF(AND(S$9+($K$8/60)/24>=$F22,S$9<=$G22),$D22,"") | T22: =IF(AND(T$9+($K$8/60)/24>=$F22,T$9<=$G22),$D22,"") | U22: =IF(AND(U$9+($K$8/60)/24>=$F22,U$9<=$G22),$D22,"") | V22: =IF(AND(V$9+($K$8/60)/24>=$F22,V$9<=$G22),$D22,"") | ... BW22: =IF(AND(BW$9+($K$8/60)/24>=$F22,BW$9<=$G22),$D22,"") | CA22: =IF(AND(CB$9-($K$8/60)/24>=$F22,BZ$9<=$G22),$D22,"") | CB22: =IF(AND(CC$9-($K$8/60)/24>=$F22,CA$9<=$G22),$D22,"") | CC22: =IF(AND(CD$9-($K$8/60)/24>=$F22,CB$9<=$G22),$D22,"") | CD22: =IF(AND(CE$9-($K$8/60)/24>=$F22,CC$9<=$G22),$D22,"") | CE22: =IF(AND(CF$9-($K$8/60)/24>=$F22,CD$9<=$G22),$D22,"") | CF22: =IF(AND(CG$9-($K$8/60)/24>=$F22,CE$9<=$G22),$D22,"") | CG22: =IF(AND(CH$9-($K$8/60)/24>=$F22,CF$9<=$G22),$D22,"")
... B26: Avduk dessert | D26: Servering | E26: 1_Tilldelad | F26: 0.92361111 | G26: =F26+H26 -> 0.93055556 | H26: 0.0069444444 | O26: =IF(AND(O$9+($K$8/60)/24>=$F26,O$9<=$G26),$D26,"") | P26: =IF(AND(P$9+($K$8/60)/24>=$F26,P$9<=$G26),$D26,"") | Q26: =IF(AND(Q$9+($K$8/60)/24>=$F26,Q$9<=$G26),$D26,"") | R26: =IF(AND(R$9+($K$8/60)/24>=$F26,R$9<=$G26),$D26,"") | S26: =IF(AND(S$9+($K$8/60)/24>=$F26,S$9<=$G26),$D26,"") | T26: =IF(AND(T$9+($K$8/60)/24>=$F26,T$9<=$G26),$D26,"") | U26: =IF(AND(U$9+($K$8/60)/24>=$F26,U$9<=$G26),$D26,"") | V26: =IF(AND(V$9+($K$8/60)/24>=$F26,V$9<=$G26),$D26,"") | ... BW26: =IF(AND(BW$9+($K$8/60)/24>=$F26,BW$9<=$G26),$D26,"") | CA26: =IF(AND(CB$9-($K$8/60)/24>=$F26,BZ$9<=$G26),$D26,"") | CB26: =IF(AND(CC$9-($K$8/60)/24>=$F26,CA$9<=$G26),$D26,"") | CC26: =IF(AND(CD$9-($K$8/60)/24>=$F26,CB$9<=$G26),$D26,"") | CD26: =IF(AND(CE$9-($K$8/60)/24>=$F26,CC$9<=$G26),$D26,"") | CE26: =IF(AND(CF$9-($K$8/60)/24>=$F26,CD$9<=$G26),$D26,"") | CF26: =IF(AND(CG$9-($K$8/60)/24>=$F26,CE$9<=$G26),$D26,"") | CG26: =IF(AND(CH$9-($K$8/60)/24>=$F26,CF$9<=$G26),$D26,"")
O27: =IF(AND(O$9+($K$8/60)/24>=$F27,O$9<=$G27),$D27,"") | P27: =IF(AND(P$9+($K$8/60)/24>=$F27,P$9<=$G27),$D27,"") | Q27: =IF(AND(Q$9+($K$8/60)/24>=$F27,Q$9<=$G27),$D27,"") | R27: =IF(AND(R$9+($K$8/60)/24>=$F27,R$9<=$G27),$D27,"") | S27: =IF(AND(S$9+($K$8/60)/24>=$F27,S$9<=$G27),$D27,"") | T27: =IF(AND(T$9+($K$8/60)/24>=$F27,T$9<=$G27),$D27,"") | U27: =IF(AND(U$9+($K$8/60)/24>=$F27,U$9<=$G27),$D27,"") | V27: =IF(AND(V$9+($K$8/60)/24>=$F27,V$9<=$G27),$D27,"") | ... BW27: =IF(AND(BW$9+($K$8/60)/24>=$F27,BW$9<=$G27),$D27,"") | CA27: =IF(AND(CB$9-($K$8/60)/24>=$F27,BZ$9<=$G27),$D27,"") | CB27: =IF(AND(CC$9-($K$8/60)/24>=$F27,CA$9<=$G27),$D27,"") | CC27: =IF(AND(CD$9-($K$8/60)/24>=$F27,CB$9<=$G27),$D27,"") | CD27: =IF(AND(CE$9-($K$8/60)/24>=$F27,CC$9<=$G27),$D27,"") | CE27: =IF(AND(CF$9-($K$8/60)/24>=$F27,CD$9<=$G27),$D27,"") | CF27: =IF(AND(CG$9-($K$8/60)/24>=$F27,CE$9<=$G27),$D27,"") | CG27: =IF(AND(CH$9-($K$8/60)/24>=$F27,CF$9<=$G27),$D27,"")
D28: Total | O28: =IF(AND(O$9+($K$8/60)/24>=$F28,O$9<=$G28),$D28,"") | P28: =IF(AND(P$9+($K$8/60)/24>=$F28,P$9<=$G28),$D28,"") | Q28: =IF(AND(Q$9+($K$8/60)/24>=$F28,Q$9<=$G28),$D28,"") | R28: =IF(AND(R$9+($K$8/60)/24>=$F28,R$9<=$G28),$D28,"") | S28: =IF(AND(S$9+($K$8/60)/24>=$F28,S$9<=$G28),$D28,"") | T28: =IF(AND(T$9+($K$8/60)/24>=$F28,T$9<=$G28),$D28,"") | U28: =IF(AND(U$9+($K$8/60)/24>=$F28,U$9<=$G28),$D28,"") | V28: =IF(AND(V$9+($K$8/60)/24>=$F28,V$9<=$G28),$D28,"") | ... BW28: =IF(AND(BW$9+($K$8/60)/24>=$F28,BW$9<=$G28),$D28,"") | CA28: =IF(AND(CB$9-($K$8/60)/24>=$F28,BZ$9<=$G28),$D28,"") | CB28: =IF(AND(CC$9-($K$8/60)/24>=$F28,CA$9<=$G28),$D28,"") | CC28: =IF(AND(CD$9-($K$8/60)/24>=$F28,CB$9<=$G28),$D28,"") | CD28: =IF(AND(CE$9-($K$8/60)/24>=$F28,CC$9<=$G28),$D28,"") | CE28: =IF(AND(CF$9-($K$8/60)/24>=$F28,CD$9<=$G28),$D28,"") | CF28: =IF(AND(CG$9-($K$8/60)/24>=$F28,CE$9<=$G28),$D28,"") | CG28: =IF(AND(CH$9-($K$8/60)/24>=$F28,CF$9<=$G28),$D28,"")
B29: Underhållning | D29: Underhållning | E29: 6_Avslutad | F29: 0.77083333 | G29: =F29+H29 -> 0.77777778 | H29: 0.0069444444 | O29: =IF(AND(O$9+($K$8/60)/24>=$F29,O$9<=$G29),$D29,"") | P29: =IF(AND(P$9+($K$8/60)/24>=$F29,P$9<=$G29),$D29,"") | Q29: =IF(AND(Q$9+($K$8/60)/24>=$F29,Q$9<=$G29),$D29,"") -> Underhållning | R29: =IF(AND(R$9+($K$8/60)/24>=$F29,R$9<=$G29),$D29,"") -> Underhållning | S29: =IF(AND(S$9+($K$8/60)/24>=$F29,S$9<=$G29),$D29,"") -> Underhållning | T29: =IF(AND(T$9+($K$8/60)/24>=$F29,T$9<=$G29),$D29,"") | U29: =IF(AND(U$9+($K$8/60)/24>=$F29,U$9<=$G29),$D29,"") | V29: =IF(AND(V$9+($K$8/60)/24>=$F29,V$9<=$G29),$D29,"") | ... BW29: =IF(AND(BW$9+($K$8/60)/24>=$F29,BW$9<=$G29),$D29,"") | CA29: =IF(AND(CB$9-($K$8/60)/24>=$F29,BZ$9<=$G29),$D29,"") | CB29: =IF(AND(CC$9-($K$8/60)/24>=$F29,CA$9<=$G29),$D29,"") | CC29: =IF(AND(CD$9-($K$8/60)/24>=$F29,CB$9<=$G29),$D29,"") | CD29: =IF(AND(CE$9-($K$8/60)/24>=$F29,CC$9<=$G29),$D29,"") | CE29: =IF(AND(CF$9-($K$8/60)/24>=$F29,CD$9<=$G29),$D29,"") | CF29: =IF(AND(CG$9-($K$8/60)/24>=$F29,CE$9<=$G29),$D29,"") | CG29: =IF(AND(CH$9-($K$8/60)/24>=$F29,CF$9<=$G29),$D29,"")
B30: Musik spelas medan alla hittar sina platser | D30: Underhållning | E30: 6_Avslutad | F30: 0.77777778 | G30: =F30+H30 -> 0.78125 | H30: 0.0034722222 | O30: =IF(AND(O$9+($K$8/60)/24>=$F30,O$9<=$G30),$D30,"") | P30: =IF(AND(P$9+($K$8/60)/24>=$F30,P$9<=$G30),$D30,"") | Q30: =IF(AND(Q$9+($K$8/60)/24>=$F30,Q$9<=$G30),$D30,"") | R30: =IF(AND(R$9+($K$8/60)/24>=$F30,R$9<=$G30),$D30,"") -> Underhållning | S30: =IF(AND(S$9+($K$8/60)/24>=$F30,S$9<=$G30),$D30,"") -> Underhållning | T30: =IF(AND(T$9+($K$8/60)/24>=$F30,T$9<=$G30),$D30,"") | U30: =IF(AND(U$9+($K$8/60)/24>=$F30,U$9<=$G30),$D30,"") | V30: =IF(AND(V$9+($K$8/60)/24>=$F30,V$9<=$G30),$D30,"") | ... BW30: =IF(AND(BW$9+($K$8/60)/24>=$F30,BW$9<=$G30),$D30,"") | CA30: =IF(AND(CB$9-($K$8/60)/24>=$F30,BZ$9<=$G30),$D30,"") | CB30: =IF(AND(CC$9-($K$8/60)/24>=$F30,CA$9<=$G30),$D30,"") | CC30: =IF(AND(CD$9-($K$8/60)/24>=$F30,CB$9<=$G30),$D30,"") | CD30: =IF(AND(CE$9-($K$8/60)/24>=$F30,CC$9<=$G30),$D30,"") | CE30: =IF(AND(CF$9-($K$8/60)/24>=$F30,CD$9<=$G30),$D30,"") | CF30: =IF(AND(CG$9-($K$8/60)/24>=$F30,CE$9<=$G30),$D30,"") | CG30: =IF(AND(CH$9-($K$8/60)/24>=$F30,CF$9<=$G30),$D30,"")
B31: Hälsa välkomna, sätta regler | D31: Underhållning | E31: 6_Avslutad | F31: 0.78125 | G31: 0.78472222 | H31: 5.0034722 | O31: =IF(AND(O$9+($K$8/60)/24>=$F31,O$9<=$G31),$D31,"") | P31: =IF(AND(P$9+($K$8/60)/24>=$F31,P$9<=$G31),$D31,"") | Q31: =IF(AND(Q$9+($K$8/60)/24>=$F31,Q$9<=$G31),$D31,"") | R31: =IF(AND(R$9+($K$8/60)/24>=$F31,R$9<=$G31),$D31,"") | S31: =IF(AND(S$9+($K$8/60)/24>=$F31,S$9<$G31),$D31,"") -> Underhållning | T31: =IF(AND(T$9+($K$8/60)/24>=$F31,T$9<$G31),$D31,"") | U31: =IF(AND(U$9+($K$8/60)/24>=$F31,U$9<$G31),$D31,"") | V31: =IF(AND(V$9+($K$8/60)/24>=$F31,V$9<$G31),$D31,"") | W31: =IF(AND(W$9+($K$8/60)/24>=$F31,W$9<$G31),$D31,"") | X31: =IF(AND(X$9+($K$8/60)/24>=$F31,X$9<$G31),$D31,"") | Y31: =IF(AND(Y$9+($K$8/60)/24>=$F31,Y$9<$G31),$D31,"") | Z31: =IF(AND(Z$9+($K$8/60)/24>=$F31,Z$9<$G31),$D31,"") | ... BW31: =IF(AND(BW$9+($K$8/60)/24>=$F31,BW$9<$G31),$D31,"") | CA31: =IF(AND(CA$9+($K$8/60)/24>=$F31,CA$9<$G31),$D31,"") | CB31: =IF(AND(CB$9+($K$8/60)/24>=$F31,CB$9<$G31),$D31,"") | CC31: =IF(AND(CC$9+($K$8/60)/24>=$F31,CC$9<$G31),$D31,"") | CD31: =IF(AND(CD$9+($K$8/60)/24>=$F31,CD$9<$G31),$D31,"") | CE31: =IF(AND(CE$9+($K$8/60)/24>=$F31,CE$9<$G31),$D31,"") | CF31: =IF(AND(CF$9+($K$8/60)/24>=$F31,CF$9<$G31),$D31,"") | CG31: =IF(AND(CG$9+($K$8/60)/24>=$F31,CG$9<$G31),$D31,"")
B32: Kören | D32: Underhållning | E32: 6_Avslutad | F32: =G31 -> 0.78472222 | G32: =F32+H32 -> 0.78819444 | H32: 0.0034722222 | O32: =IF(AND(O$9+($K$8/60)/24>=$F32,O$9<=$G32),$D32,"") | P32: =IF(AND(P$9+($K$8/60)/24>=$F32,P$9<=$G32),$D32,"") | Q32: =IF(AND(Q$9+($K$8/60)/24>=$F32,Q$9<=$G32),$D32,"") | R32: =IF(AND(R$9+($K$8/60)/24>=$F32,R$9<=$G32),$D32,"") | S32: =IF(AND(S$9+($K$8/60)/24>=$F32,S$9<=$G32),$D32,"") -> Underhållning | T32: =IF(AND(T$9+($K$8/60)/24>=$F32,T$9<=$G32),$D32,"") -> Underhållning | U32: =IF(AND(U$9+($K$8/60)/24>=$F32,U$9<=$G32),$D32,"") | V32: =IF(AND(V$9+($K$8/60)/24>=$F32,V$9<=$G32),$D32,"") | ... BW32: =IF(AND(BW$9+($K$8/60)/24>=$F32,BW$9<=$G32),$D32,"") | BX32: =IF(AND(BY$9-($K$8/60)/24>=$F32,#REF!<=$G32),$D32,"") -> #REF! | BY32: =IF(AND(BZ$9-($K$8/60)/24>=$F32,BX$9<=$G32),$D32,"") | BZ32: =IF(AND(CA$9-($K$8/60)/24>=$F32,BY$9<=$G32),$D32,"") | CA32: =IF(AND(CB$9-($K$8/60)/24>=$F32,BZ$9<=$G32),$D32,"") | CB32: =IF(AND(CC$9-($K$8/60)/24>=$F32,CA$9<=$G32),$D32,"") | CC32: =IF(AND(CD$9-($K$8/60)/24>=$F32,CB$9<=$G32),$D32,"") | CD32: =IF(AND(CE$9-($K$8/60)/24>=$F32,CC$9<=$G32),$D32,"") | CE32: =IF(AND(CF$9-($K$8/60)/24>=$F32,CD$9<=$G32),$D32,"") | CF32: =IF(AND(CG$9-($K$8/60)/24>=$F32,CE$9<=$G32),$D32,"") | CG32: =IF(AND(CH$9-($K$8/60)/24>=$F32,CF$9<=$G32),$D32,"")
B33: presentera meny | D33: Underhållning | E33: 6_Avslutad | F33: =G32 -> 0.78819444 | G33: =F33+H33 -> 0.80555556 | H33: 0.017361111 | O33: =IF(AND(O$9+($K$8/60)/24>=$F33,O$9<=$G33),$D33,"") | P33: =IF(AND(P$9+($K$8/60)/24>=$F33,P$9<=$G33),$D33,"") | Q33: =IF(AND(Q$9+($K$8/60)/24>=$F33,Q$9<=$G33),$D33,"") | R33: =IF(AND(R$9+($K$8/60)/24>=$F33,R$9<=$G33),$D33,"") | S33: =IF(AND(S$9+($K$8/60)/24>=$F33,S$9<=$G33),$D33,"") | T33: =IF(AND(T$9+($K$8/60)/24>=$F33,T$9<=$G33),$D33,"") -> Underhållning | U33: =IF(AND(U$9+($K$8/60)/24>=$F33,U$9<=$G33),$D33,"") -> Underhållning | V33: =IF(AND(V$9+($K$8/60)/24>=$F33,V$9<=$G33),$D33,"") -> Underhållning | ... BW33: =IF(AND(BW$9+($K$8/60)/24>=$F33,BW$9<=$G33),$D33,"") | BX33: =IF(AND(BY$9-($K$8/60)/24>=$F33,#REF!<=$G33),$D33,"") -> #REF! | BY33: =IF(AND(BZ$9-($K$8/60)/24>=$F33,BX$9<=$G33),$D33,"") | BZ33: =IF(AND(CA$9-($K$8/60)/24>=$F33,BY$9<=$G33),$D33,"") | CA33: =IF(AND(CB$9-($K$8/60)/24>=$F33,BZ$9<=$G33),$D33,"") | CB33: =IF(AND(CC$9-($K$8/60)/24>=$F33,CA$9<=$G33),$D33,"") | CC33: =IF(AND(CD$9-($K$8/60)/24>=$F33,CB$9<=$G33),$D33,"") | CD33: =IF(AND(CE$9-($K$8/60)/24>=$F33,CC$9<=$G33),$D33,"") | CE33: =IF(AND(CF$9-($K$8/60)/24>=$F33,CD$9<=$G33),$D33,"") | CF33: =IF(AND(CG$9-($K$8/60)/24>=$F33,CE$9<=$G33),$D33,"") | CG33: =IF(AND(CH$9-($K$8/60)/24>=$F33,CF$9<=$G33),$D33,"")
B34: Paus | D34: Underhållning | E34: 6_Avslutad | F34: =G33 -> 0.80555556 | G34: =F34+H34 -> 0.81597222 | H34: 0.010416667 | O34: =IF(AND(O$9+($K$8/60)/24>=$F34,O$9<=$G34),$D34,"") | P34: =IF(AND(P$9+($K$8/60)/24>=$F34,P$9<=$G34),$D34,"") | Q34: =IF(AND(Q$9+($K$8/60)/24>=$F34,Q$9<=$G34),$D34,"") | R34: =IF(AND(R$9+($K$8/60)/24>=$F34,R$9<=$G34),$D34,"") | S34: =IF(AND(S$9+($K$8/60)/24>=$F34,S$9<=$G34),$D34,"") | T34: =IF(AND(T$9+($K$8/60)/24>=$F34,T$9<=$G34),$D34,"") | U34: =IF(AND(U$9+($K$8/60)/24>=$F34,U$9<=$G34),$D34,"") | V34: =IF(AND(V$9+($K$8/60)/24>=$F34,V$9<=$G34),$D34,"") | ... BW34: =IF(AND(BW$9+($K$8/60)/24>=$F34,BW$9<=$G34),$D34,"") | BX34: =IF(AND(BY$9-($K$8/60)/24>=$F34,#REF!<=$G34),$D34,"") -> #REF! | BY34: =IF(AND(BZ$9-($K$8/60)/24>=$F34,BX$9<=$G34),$D34,"") | BZ34: =IF(AND(CA$9-($K$8/60)/24>=$F34,BY$9<=$G34),$D34,"") | CA34: =IF(AND(CB$9-($K$8/60)/24>=$F34,BZ$9<=$G34),$D34,"") | CB34: =IF(AND(CC$9-($K$8/60)/24>=$F34,CA$9<=$G34),$D34,"") | CC34: =IF(AND(CD$9-($K$8/60)/24>=$F34,CB$9<=$G34),$D34,"") | CD34: =IF(AND(CE$9-($K$8/60)/24>=$F34,CC$9<=$G34),$D34,"") | CE34: =IF(AND(CF$9-($K$8/60)/24>=$F34,CD$9<=$G34),$D34,"") | CF34: =IF(AND(CG$9-($K$8/60)/24>=$F34,CE$9<=$G34),$D34,"") | CG34: =IF(AND(CH$9-($K$8/60)/24>=$F34,CF$9<=$G34),$D34,"")
B35: Prat plus dans | D35: Underhållning | E35: 2_Påbörjad | F35: =G34 -> 0.81597222 | G35: =F35+H35 -> 0.85416667 | H35: 0.038194444 | O35: =IF(AND(O$9+($K$8/60)/24>=$F35,O$9<=$G35),$D35,"") | P35: =IF(AND(P$9+($K$8/60)/24>=$F35,P$9<=$G35),$D35,"") | Q35: =IF(AND(Q$9+($K$8/60)/24>=$F35,Q$9<=$G35),$D35,"") | R35: =IF(AND(R$9+($K$8/60)/24>=$F35,R$9<=$G35),$D35,"") | S35: =IF(AND(S$9+($K$8/60)/24>=$F35,S$9<=$G35),$D35,"") | T35: =IF(AND(T$9+($K$8/60)/24>=$F35,T$9<=$G35),$D35,"") | U35: =IF(AND(U$9+($K$8/60)/24>=$F35,U$9<=$G35),$D35,"") | V35: =IF(AND(V$9+($K$8/60)/24>=$F35,V$9<=$G35),$D35,"") | ... BW35: =IF(AND(BW$9+($K$8/60)/24>=$F35,BW$9<=$G35),$D35,"") | BX35: =IF(AND(BY$9-($K$8/60)/24>=$F35,#REF!<=$G35),$D35,"") -> #REF! | BY35: =IF(AND(BZ$9-($K$8/60)/24>=$F35,BX$9<=$G35),$D35,"") | BZ35: =IF(AND(CA$9-($K$8/60)/24>=$F35,BY$9<=$G35),$D35,"") | CA35: =IF(AND(CB$9-($K$8/60)/24>=$F35,BZ$9<=$G35),$D35,"") | CB35: =IF(AND(CC$9-($K$8/60)/24>=$F35,CA$9<=$G35),$D35,"") | CC35: =IF(AND(CD$9-($K$8/60)/24>=$F35,CB$9<=$G35),$D35,"") | CD35: =IF(AND(CE$9-($K$8/60)/24>=$F35,CC$9<=$G35),$D35,"") | CE35: =IF(AND(CF$9-($K$8/60)/24>=$F35,CD$9<=$G35),$D35,"") | CF35: =IF(AND(CG$9-($K$8/60)/24>=$F35,CE$9<=$G35),$D35,"") | CG35: =IF(AND(CH$9-($K$8/60)/24>=$F35,CF$9<=$G35),$D35,"")
B36: Paus | D36: Underhållning | E36: 0_Problem | F36: =G35 -> 0.85416667 | G36: =F36+H36 -> 0.86111111 | H36: 0.0069444444 | O36: =IF(AND(O$9+($K$8/60)/24>=$F36,O$9<=$G36),$D36,"") | P36: =IF(AND(P$9+($K$8/60)/24>=$F36,P$9<=$G36),$D36,"") | Q36: =IF(AND(Q$9+($K$8/60)/24>=$F36,Q$9<=$G36),$D36,"") | R36: =IF(AND(R$9+($K$8/60)/24>=$F36,R$9<=$G36),$D36,"") | S36: =IF(AND(S$9+($K$8/60)/24>=$F36,S$9<=$G36),$D36,"") | T36: =IF(AND(T$9+($K$8/60)/24>=$F36,T$9<=$G36),$D36,"") | U36: =IF(AND(U$9+($K$8/60)/24>=$F36,U$9<=$G36),$D36,"") | V36: =IF(AND(V$9+($K$8/60)/24>=$F36,V$9<=$G36),$D36,"") | ... BW36: =IF(AND(BW$9+($K$8/60)/24>=$F36,BW$9<=$G36),$D36,"") | BX36: =IF(AND(BY$9-($K$8/60)/24>=$F36,#REF!<=$G36),$D36,"") -> #REF! | BY36: =IF(AND(BZ$9-($K$8/60)/24>=$F36,BX$9<=$G36),$D36,"") | BZ36: =IF(AND(CA$9-($K$8/60)/24>=$F36,BY$9<=$G36),$D36,"") | CA36: =IF(AND(CB$9-($K$8/60)/24>=$F36,BZ$9<=$G36),$D36,"") | CB36: =IF(AND(CC$9-($K$8/60)/24>=$F36,CA$9<=$G36),$D36,"") | CC36: =IF(AND(CD$9-($K$8/60)/24>=$F36,CB$9<=$G36),$D36,"") | CD36: =IF(AND(CE$9-($K$8/60)/24>=$F36,CC$9<=$G36),$D36,"") | CE36: =IF(AND(CF$9-($K$8/60)/24>=$F36,CD$9<=$G36),$D36,"") | CF36: =IF(AND(CG$9-($K$8/60)/24>=$F36,CE$9<=$G36),$D36,"") | CG36: =IF(AND(CH$9-($K$8/60)/24>=$F36,CF$9<=$G36),$D36,"")
B37: Prat plus film | D37: Underhållning | E37: 2_Påbörjad | F37: =G36 -> 0.86111111 | G37: =F37+H37 -> 0.87847222 | H37: 0.017361111 | O37: =IF(AND(O$9+($K$8/60)/24>=$F37,O$9<=$G37),$D37,"") | P37: =IF(AND(P$9+($K$8/60)/24>=$F37,P$9<=$G37),$D37,"") | Q37: =IF(AND(Q$9+($K$8/60)/24>=$F37,Q$9<=$G37),$D37,"") | R37: =IF(AND(R$9+($K$8/60)/24>=$F37,R$9<=$G37),$D37,"") | S37: =IF(AND(S$9+($K$8/60)/24>=$F37,S$9<=$G37),$D37,"") | T37: =IF(AND(T$9+($K$8/60)/24>=$F37,T$9<=$G37),$D37,"") | U37: =IF(AND(U$9+($K$8/60)/24>=$F37,U$9<=$G37),$D37,"") | V37: =IF(AND(V$9+($K$8/60)/24>=$F37,V$9<=$G37),$D37,"") | ... BW37: =IF(AND(BW$9+($K$8/60)/24>=$F37,BW$9<=$G37),$D37,"") | BX37: =IF(AND(BY$9-($K$8/60)/24>=$F37,#REF!<=$G37),$D37,"") -> #REF! | BY37: =IF(AND(BZ$9-($K$8/60)/24>=$F37,BX$9<=$G37),$D37,"") | BZ37: =IF(AND(CA$9-($K$8/60)/24>=$F37,BY$9<=$G37),$D37,"") | CA37: =IF(AND(CB$9-($K$8/60)/24>=$F37,BZ$9<=$G37),$D37,"") | CB37: =IF(AND(CC$9-($K$8/60)/24>=$F37,CA$9<=$G37),$D37,"") | CC37: =IF(AND(CD$9-($K$8/60)/24>=$F37,CB$9<=$G37),$D37,"") | CD37: =IF(AND(CE$9-($K$8/60)/24>=$F37,CC$9<=$G37),$D37,"") | CE37: =IF(AND(CF$9-($K$8/60)/24>=$F37,CD$9<=$G37),$D37,"") | CF37: =IF(AND(CG$9-($K$8/60)/24>=$F37,CE$9<=$G37),$D37,"") | CG37: =IF(AND(CH$9-($K$8/60)/24>=$F37,CF$9<=$G37),$D37,"")
B38: Paus | D38: Underhållning | E38: 2_Påbörjad | F38: =G37 -> 0.87847222 | G38: =F38+H38 -> 0.88541667 | H38: 0.0069444444 | O38: =IF(AND(O$9+($K$8/60)/24>=$F38,O$9<=$G38),$D38,"") | P38: =IF(AND(P$9+($K$8/60)/24>=$F38,P$9<=$G38),$D38,"") | Q38: =IF(AND(Q$9+($K$8/60)/24>=$F38,Q$9<=$G38),$D38,"") | R38: =IF(AND(R$9+($K$8/60)/24>=$F38,R$9<=$G38),$D38,"") | S38: =IF(AND(S$9+($K$8/60)/24>=$F38,S$9<=$G38),$D38,"") | T38: =IF(AND(T$9+($K$8/60)/24>=$F38,T$9<=$G38),$D38,"") | U38: =IF(AND(U$9+($K$8/60)/24>=$F38,U$9<=$G38),$D38,"") | V38: =IF(AND(V$9+($K$8/60)/24>=$F38,V$9<=$G38),$D38,"") | ... BW38: =IF(AND(BW$9+($K$8/60)/24>=$F38,BW$9<=$G38),$D38,"") | BX38: =IF(AND(BY$9-($K$8/60)/24>=$F38,#REF!<=$G38),$D38,"") -> #REF! | BY38: =IF(AND(BZ$9-($K$8/60)/24>=$F38,BX$9<=$G38),$D38,"") | BZ38: =IF(AND(CA$9-($K$8/60)/24>=$F38,BY$9<=$G38),$D38,"") | CA38: =IF(AND(CB$9-($K$8/60)/24>=$F38,BZ$9<=$G38),$D38,"") | CB38: =IF(AND(CC$9-($K$8/60)/24>=$F38,CA$9<=$G38),$D38,"") | CC38: =IF(AND(CD$9-($K$8/60)/24>=$F38,CB$9<=$G38),$D38,"") | CD38: =IF(AND(CE$9-($K$8/60)/24>=$F38,CC$9<=$G38),$D38,"") | CE38: =IF(AND(CF$9-($K$8/60)/24>=$F38,CD$9<=$G38),$D38,"") | CF38: =IF(AND(CG$9-($K$8/60)/24>=$F38,CE$9<=$G38),$D38,"") | CG38: =IF(AND(CH$9-($K$8/60)/24>=$F38,CF$9<=$G38),$D38,"")
B39: Prat plus dans | D39: Underhållning | E39: 2_Påbörjad | F39: =G38 -> 0.88541667 | G39: =F39+H39 -> 0.89930556 | H39: 0.013888889 | O39: =IF(AND(O$9+($K$8/60)/24>=$F39,O$9<=$G39),$D39,"") | P39: =IF(AND(P$9+($K$8/60)/24>=$F39,P$9<=$G39),$D39,"") | Q39: =IF(AND(Q$9+($K$8/60)/24>=$F39,Q$9<=$G39),$D39,"") | R39: =IF(AND(R$9+($K$8/60)/24>=$F39,R$9<=$G39),$D39,"") | S39: =IF(AND(S$9+($K$8/60)/24>=$F39,S$9<=$G39),$D39,"") | T39: =IF(AND(T$9+($K$8/60)/24>=$F39,T$9<=$G39),$D39,"") | U39: =IF(AND(U$9+($K$8/60)/24>=$F39,U$9<=$G39),$D39,"") | V39: =IF(AND(V$9+($K$8/60)/24>=$F39,V$9<=$G39),$D39,"") | ... BW39: =IF(AND(BW$9+($K$8/60)/24>=$F39,BW$9<=$G39),$D39,"") | BX39: =IF(AND(BY$9-($K$8/60)/24>=$F39,#REF!<=$G39),$D39,"") -> #REF! | BY39: =IF(AND(BZ$9-($K$8/60)/24>=$F39,BX$9<=$G39),$D39,"") | BZ39: =IF(AND(CA$9-($K$8/60)/24>=$F39,BY$9<=$G39),$D39,"") | CA39: =IF(AND(CB$9-($K$8/60)/24>=$F39,BZ$9<=$G39),$D39,"") | CB39: =IF(AND(CC$9-($K$8/60)/24>=$F39,CA$9<=$G39),$D39,"") | CC39: =IF(AND(CD$9-($K$8/60)/24>=$F39,CB$9<=$G39),$D39,"") | CD39: =IF(AND(CE$9-($K$8/60)/24>=$F39,CC$9<=$G39),$D39,"") | CE39: =IF(AND(CF$9-($K$8/60)/24>=$F39,CD$9<=$G39),$D39,"") | CF39: =IF(AND(CG$9-($K$8/60)/24>=$F39,CE$9<=$G39),$D39,"") | CG39: =IF(AND(CH$9-($K$8/60)/24>=$F39,CF$9<=$G39),$D39,"")
B40: Paus | D40: Underhållning | E40: 2_Påbörjad | F40: =G39 -> 0.89930556 | G40: =F40+H40 -> 0.90625 | H40: 0.0069444444 | O40: =IF(AND(O$9+($K$8/60)/24>=$F40,O$9<=$G40),$D40,"") | P40: =IF(AND(P$9+($K$8/60)/24>=$F40,P$9<=$G40),$D40,"") | Q40: =IF(AND(Q$9+($K$8/60)/24>=$F40,Q$9<=$G40),$D40,"") | R40: =IF(AND(R$9+($K$8/60)/24>=$F40,R$9<=$G40),$D40,"") | S40: =IF(AND(S$9+($K$8/60)/24>=$F40,S$9<=$G40),$D40,"") | T40: =IF(AND(T$9+($K$8/60)/24>=$F40,T$9<=$G40),$D40,"") | U40: =IF(AND(U$9+($K$8/60)/24>=$F40,U$9<=$G40),$D40,"") | V40: =IF(AND(V$9+($K$8/60)/24>=$F40,V$9<=$G40),$D40,"") | ... BW40: =IF(AND(BW$9+($K$8/60)/24>=$F40,BW$9<=$G40),$D40,"") | BX40: =IF(AND(BY$9-($K$8/60)/24>=$F40,#REF!<=$G40),$D40,"") -> #REF! | BY40: =IF(AND(BZ$9-($K$8/60)/24>=$F40,BX$9<=$G40),$D40,"") | BZ40: =IF(AND(CA$9-($K$8/60)/24>=$F40,BY$9<=$G40),$D40,"") | CA40: =IF(AND(CB$9-($K$8/60)/24>=$F40,BZ$9<=$G40),$D40,"") | CB40: =IF(AND(CC$9-($K$8/60)/24>=$F40,CA$9<=$G40),$D40,"") | CC40: =IF(AND(CD$9-($K$8/60)/24>=$F40,CB$9<=$G40),$D40,"") | CD40: =IF(AND(CE$9-($K$8/60)/24>=$F40,CC$9<=$G40),$D40,"") | CE40: =IF(AND(CF$9-($K$8/60)/24>=$F40,CD$9<=$G40),$D40,"") | CF40: =IF(AND(CG$9-($K$8/60)/24>=$F40,CE$9<=$G40),$D40,"") | CG40: =IF(AND(CH$9-($K$8/60)/24>=$F40,CF$9<=$G40),$D40,"")
B41: Prat plus kulturtavlor | D41: Underhållning | E41: 1_Tilldelad | F41: =G40 -> 0.90625 | G41: =F41+H41 -> 0.91666667 | H41: 0.010416667 | O41: =IF(AND(O$9+($K$8/60)/24>=$F41,O$9<=$G41),$D41,"") | P41: =IF(AND(P$9+($K$8/60)/24>=$F41,P$9<=$G41),$D41,"") | Q41: =IF(AND(Q$9+($K$8/60)/24>=$F41,Q$9<=$G41),$D41,"") | R41: =IF(AND(R$9+($K$8/60)/24>=$F41,R$9<=$G41),$D41,"") | S41: =IF(AND(S$9+($K$8/60)/24>=$F41,S$9<=$G41),$D41,"") | T41: =IF(AND(T$9+($K$8/60)/24>=$F41,T$9<=$G41),$D41,"") | U41: =IF(AND(U$9+($K$8/60)/24>=$F41,U$9<=$G41),$D41,"") | V41: =IF(AND(V$9+($K$8/60)/24>=$F41,V$9<=$G41),$D41,"") | ... BW41: =IF(AND(BW$9+($K$8/60)/24>=$F41,BW$9<=$G41),$D41,"") | BX41: =IF(AND(BY$9-($K$8/60)/24>=$F41,#REF!<=$G41),$D41,"") -> #REF! | BY41: =IF(AND(BZ$9-($K$8/60)/24>=$F41,BX$9<=$G41),$D41,"") | BZ41: =IF(AND(CA$9-($K$8/60)/24>=$F41,BY$9<=$G41),$D41,"") | CA41: =IF(AND(CB$9-($K$8/60)/24>=$F41,BZ$9<=$G41),$D41,"") | CB41: =IF(AND(CC$9-($K$8/60)/24>=$F41,CA$9<=$G41),$D41,"") | CC41: =IF(AND(CD$9-($K$8/60)/24>=$F41,CB$9<=$G41),$D41,"") | CD41: =IF(AND(CE$9-($K$8/60)/24>=$F41,CC$9<=$G41),$D41,"") | CE41: =IF(AND(CF$9-($K$8/60)/24>=$F41,CD$9<=$G41),$D41,"") | CF41: =IF(AND(CG$9-($K$8/60)/24>=$F41,CE$9<=$G41),$D41,"") | CG41: =IF(AND(CH$9-($K$8/60)/24>=$F41,CF$9<=$G41),$D41,"")
B42: Paus | D42: Underhållning | E42: 1_Tilldelad | F42: =G41 -> 0.91666667 | G42: =F42+H42 -> 0.91666667 | H42: 0 | O42: =IF(AND(O$9+($K$8/60)/24>=$F42,O$9<=$G42),$D42,"") | P42: =IF(AND(P$9+($K$8/60)/24>=$F42,P$9<=$G42),$D42,"") | Q42: =IF(AND(Q$9+($K$8/60)/24>=$F42,Q$9<=$G42),$D42,"") | R42: =IF(AND(R$9+($K$8/60)/24>=$F42,R$9<=$G42),$D42,"") | S42: =IF(AND(S$9+($K$8/60)/24>=$F42,S$9<=$G42),$D42,"") | T42: =IF(AND(T$9+($K$8/60)/24>=$F42,T$9<=$G42),$D42,"") | U42: =IF(AND(U$9+($K$8/60)/24>=$F42,U$9<=$G42),$D42,"") | V42: =IF(AND(V$9+($K$8/60)/24>=$F42,V$9<=$G42),$D42,"") | ... BW42: =IF(AND(BW$9+($K$8/60)/24>=$F42,BW$9<=$G42),$D42,"") | BX42: =IF(AND(BY$9-($K$8/60)/24>=$F42,#REF!<=$G42),$D42,"") -> #REF! | BY42: =IF(AND(BZ$9-($K$8/60)/24>=$F42,BX$9<=$G42),$D42,"") | BZ42: =IF(AND(CA$9-($K$8/60)/24>=$F42,BY$9<=$G42),$D42,"") | CA42: =IF(AND(CB$9-($K$8/60)/24>=$F42,BZ$9<=$G42),$D42,"") | CB42: =IF(AND(CC$9-($K$8/60)/24>=$F42,CA$9<=$G42),$D42,"") | CC42: =IF(AND(CD$9-($K$8/60)/24>=$F42,CB$9<=$G42),$D42,"") | CD42: =IF(AND(CE$9-($K$8/60)/24>=$F42,CC$9<=$G42),$D42,"") | CE42: =IF(AND(CF$9-($K$8/60)/24>=$F42,CD$9<=$G42),$D42,"") | CF42: =IF(AND(CG$9-($K$8/60)/24>=$F42,CE$9<=$G42),$D42,"") | CG42: =IF(AND(CH$9-($K$8/60)/24>=$F42,CF$9<=$G42),$D42,"")
B43: Bandet kommer in | D43: Underhållning | E43: 1_Tilldelad | G43: =F43+H43 -> 0 | O43: =IF(AND(O$9+($K$8/60)/24>=$F43,O$9<=$G43),$D43,"") | P43: =IF(AND(P$9+($K$8/60)/24>=$F43,P$9<=$G43),$D43,"") | Q43: =IF(AND(Q$9+($K$8/60)/24>=$F43,Q$9<=$G43),$D43,"") | R43: =IF(AND(R$9+($K$8/60)/24>=$F43,R$9<=$G43),$D43,"") | S43: =IF(AND(S$9+($K$8/60)/24>=$F43,S$9<=$G43),$D43,"") | T43: =IF(AND(T$9+($K$8/60)/24>=$F43,T$9<=$G43),$D43,"") | U43: =IF(AND(U$9+($K$8/60)/24>=$F43,U$9<=$G43),$D43,"") | V43: =IF(AND(V$9+($K$8/60)/24>=$F43,V$9<=$G43),$D43,"") | ... BW43: =IF(AND(BW$9+($K$8/60)/24>=$F43,BW$9<=$G43),$D43,"") | BX43: =IF(AND(BY$9-($K$8/60)/24>=$F43,#REF!<=$G43),$D43,"") -> #REF! | BY43: =IF(AND(BZ$9-($K$8/60)/24>=$F43,BX$9<=$G43),$D43,"") | BZ43: =IF(AND(CA$9-($K$8/60)/24>=$F43,BY$9<=$G43),$D43,"") | CA43: =IF(AND(CB$9-($K$8/60)/24>=$F43,BZ$9<=$G43),$D43,"") | CB43: =IF(AND(CC$9-($K$8/60)/24>=$F43,CA$9<=$G43),$D43,"") | CC43: =IF(AND(CD$9-($K$8/60)/24>=$F43,CB$9<=$G43),$D43,"") | CD43: =IF(AND(CE$9-($K$8/60)/24>=$F43,CC$9<=$G43),$D43,"") | CE43: =IF(AND(CF$9-($K$8/60)/24>=$F43,CD$9<=$G43),$D43,"") | CF43: =IF(AND(CG$9-($K$8/60)/24>=$F43,CE$9<=$G43),$D43,"") | CG43: =IF(AND(CH$9-($K$8/60)/24>=$F43,CF$9<=$G43),$D43,"")
E44: 1_Tilldelad | G44: =F44+H44 -> 0 | O44: =IF(AND(O$9+($K$8/60)/24>=$F44,O$9<=$G44),$D44,"") | P44: =IF(AND(P$9+($K$8/60)/24>=$F44,P$9<=$G44),$D44,"") | Q44: =IF(AND(Q$9+($K$8/60)/24>=$F44,Q$9<=$G44),$D44,"") | R44: =IF(AND(R$9+($K$8/60)/24>=$F44,R$9<=$G44),$D44,"") | S44: =IF(AND(S$9+($K$8/60)/24>=$F44,S$9<=$G44),$D44,"") | T44: =IF(AND(T$9+($K$8/60)/24>=$F44,T$9<=$G44),$D44,"") | U44: =IF(AND(U$9+($K$8/60)/24>=$F44,U$9<=$G44),$D44,"") | V44: =IF(AND(V$9+($K$8/60)/24>=$F44,V$9<=$G44),$D44,"") | ... BW44: =IF(AND(BW$9+($K$8/60)/24>=$F44,BW$9<=$G44),$D44,"") | BX44: =IF(AND(BY$9-($K$8/60)/24>=$F44,#REF!<=$G44),$D44,"") -> #REF! | BY44: =IF(AND(BZ$9-($K$8/60)/24>=$F44,BX$9<=$G44),$D44,"") | BZ44: =IF(AND(CA$9-($K$8/60)/24>=$F44,BY$9<=$G44),$D44,"") | CA44: =IF(AND(CB$9-($K$8/60)/24>=$F44,BZ$9<=$G44),$D44,"") | CB44: =IF(AND(CC$9-($K$8/60)/24>=$F44,CA$9<=$G44),$D44,"") | CC44: =IF(AND(CD$9-($K$8/60)/24>=$F44,CB$9<=$G44),$D44,"") | CD44: =IF(AND(CE$9-($K$8/60)/24>=$F44,CC$9<=$G44),$D44,"") | CE44: =IF(AND(CF$9-($K$8/60)/24>=$F44,CD$9<=$G44),$D44,"") | CF44: =IF(AND(CG$9-($K$8/60)/24>=$F44,CE$9<=$G44),$D44,"") | CG44: =IF(AND(CH$9-($K$8/60)/24>=$F44,CF$9<=$G44),$D44,"")
D45: Total | G45: =F45+H45 -> 0 | O45: =IF(AND(O$9+($K$8/60)/24>=$F45,O$9<=$G45),$D45,"") | P45: =IF(AND(P$9+($K$8/60)/24>=$F45,P$9<=$G45),$D45,"") | Q45: =IF(AND(Q$9+($K$8/60)/24>=$F45,Q$9<=$G45),$D45,"") | R45: =IF(AND(R$9+($K$8/60)/24>=$F45,R$9<=$G45),$D45,"") | S45: =IF(AND(S$9+($K$8/60)/24>=$F45,S$9<=$G45),$D45,"") | T45: =IF(AND(T$9+($K$8/60)/24>=$F45,T$9<=$G45),$D45,"") | U45: =IF(AND(U$9+($K$8/60)/24>=$F45,U$9<=$G45),$D45,"") | V45: =IF(AND(V$9+($K$8/60)/24>=$F45,V$9<=$G45),$D45,"") | ... BW45: =IF(AND(BW$9+($K$8/60)/24>=$F45,BW$9<=$G45),$D45,"") | BX45: =IF(AND(BY$9-($K$8/60)/24>=$F45,#REF!<=$G45),$D45,"") -> #REF! | BY45: =IF(AND(BZ$9-($K$8/60)/24>=$F45,BX$9<=$G45),$D45,"") | BZ45: =IF(AND(CA$9-($K$8/60)/24>=$F45,BY$9<=$G45),$D45,"") | CA45: =IF(AND(CB$9-($K$8/60)/24>=$F45,BZ$9<=$G45),$D45,"") | CB45: =IF(AND(CC$9-($K$8/60)/24>=$F45,CA$9<=$G45),$D45,"") | CC45: =IF(AND(CD$9-($K$8/60)/24>=$F45,CB$9<=$G45),$D45,"") | CD45: =IF(AND(CE$9-($K$8/60)/24>=$F45,CC$9<=$G45),$D45,"") | CE45: =IF(AND(CF$9-($K$8/60)/24>=$F45,CD$9<=$G45),$D45,"") | CF45: =IF(AND(CG$9-($K$8/60)/24>=$F45,CE$9<=$G45),$D45,"") | CG45: =IF(AND(CH$9-($K$8/60)/24>=$F45,CF$9<=$G45),$D45,"")
B46: Övrigt | D46: Övrigt | F46: 0.77083333 | G46: =F46+H46 -> 0.77083333 | O46: =IF(AND(O$9+($K$8/60)/24>=$F46,O$9<=$G46),$D46,"") | P46: =IF(AND(P$9+($K$8/60)/24>=$F46,P$9<=$G46),$D46,"") | Q46: =IF(AND(Q$9+($K$8/60)/24>=$F46,Q$9<=$G46),$D46,"") -> Övrigt | R46: =IF(AND(R$9+($K$8/60)/24>=$F46,R$9<=$G46),$D46,"") -> Övrigt | S46: =IF(AND(S$9+($K$8/60)/24>=$F46,S$9<=$G46),$D46,"") | T46: =IF(AND(T$9+($K$8/60)/24>=$F46,T$9<=$G46),$D46,"") | U46: =IF(AND(U$9+($K$8/60)/24>=$F46,U$9<=$G46),$D46,"") | V46: =IF(AND(V$9+($K$8/60)/24>=$F46,V$9<=$G46),$D46,"") | ... BW46: =IF(AND(BW$9+($K$8/60)/24>=$F46,BW$9<=$G46),$D46,"") | BX46: =IF(AND(BY$9-($K$8/60)/24>=$F46,#REF!<=$G46),$D46,"") -> #REF! | BY46: =IF(AND(BZ$9-($K$8/60)/24>=$F46,BX$9<=$G46),$D46,"") | BZ46: =IF(AND(CA$9-($K$8/60)/24>=$F46,BY$9<=$G46),$D46,"") | CA46: =IF(AND(CB$9-($K$8/60)/24>=$F46,BZ$9<=$G46),$D46,"") | CB46: =IF(AND(CC$9-($K$8/60)/24>=$F46,CA$9<=$G46),$D46,"") | CC46: =IF(AND(CD$9-($K$8/60)/24>=$F46,CB$9<=$G46),$D46,"") | CD46: =IF(AND(CE$9-($K$8/60)/24>=$F46,CC$9<=$G46),$D46,"") | CE46: =IF(AND(CF$9-($K$8/60)/24>=$F46,CD$9<=$G46),$D46,"") | CF46: =IF(AND(CG$9-($K$8/60)/24>=$F46,CE$9<=$G46),$D46,"") | CG46: =IF(AND(CH$9-($K$8/60)/24>=$F46,CF$9<=$G46),$D46,"")
B47: Musik spelas medan alla hittar sina platser | D47: Övrigt | F47: 0.77777778 | G47: =F47+H47 -> 0.77777778 | O47: =IF(AND(O$9+($K$8/60)/24>=$F47,O$9<=$G47),$D47,"") | P47: =IF(AND(P$9+($K$8/60)/24>=$F47,P$9<=$G47),$D47,"") | Q47: =IF(AND(Q$9+($K$8/60)/24>=$F47,Q$9<=$G47),$D47,"") | R47: =IF(AND(R$9+($K$8/60)/24>=$F47,R$9<=$G47),$D47,"") -> Övrigt | S47: =IF(AND(S$9+($K$8/60)/24>=$F47,S$9<=$G47),$D47,"") -> Övrigt | T47: =IF(AND(T$9+($K$8/60)/24>=$F47,T$9<=$G47),$D47,"") | U47: =IF(AND(U$9+($K$8/60)/24>=$F47,U$9<=$G47),$D47,"") | V47: =IF(AND(V$9+($K$8/60)/24>=$F47,V$9<=$G47),$D47,"") | ... BW47: =IF(AND(BW$9+($K$8/60)/24>=$F47,BW$9<=$G47),$D47,"") | BX47: =IF(AND(BY$9-($K$8/60)/24>=$F47,#REF!<=$G47),$D47,"") -> #REF! | BY47: =IF(AND(BZ$9-($K$8/60)/24>=$F47,BX$9<=$G47),$D47,"") | BZ47: =IF(AND(CA$9-($K$8/60)/24>=$F47,BY$9<=$G47),$D47,"") | CA47: =IF(AND(CB$9-($K$8/60)/24>=$F47,BZ$9<=$G47),$D47,"") | CB47: =IF(AND(CC$9-($K$8/60)/24>=$F47,CA$9<=$G47),$D47,"") | CC47: =IF(AND(CD$9-($K$8/60)/24>=$F47,CB$9<=$G47),$D47,"") | CD47: =IF(AND(CE$9-($K$8/60)/24>=$F47,CC$9<=$G47),$D47,"") | CE47: =IF(AND(CF$9-($K$8/60)/24>=$F47,CD$9<=$G47),$D47,"") | CF47: =IF(AND(CG$9-($K$8/60)/24>=$F47,CE$9<=$G47),$D47,"") | CG47: =IF(AND(CH$9-($K$8/60)/24>=$F47,CF$9<=$G47),$D47,"")
B48: Hälsa välkomna, sätta regler | D48: Övrigt | F48: =G47+15/(24*60) -> 0.78819444 | G48: =F48+H48 -> 0.78819444 | O48: =IF(AND(O$9+($K$8/60)/24>=$F48,O$9<=$G48),$D48,"") | P48: =IF(AND(P$9+($K$8/60)/24>=$F48,P$9<=$G48),$D48,"") | Q48: =IF(AND(Q$9+($K$8/60)/24>=$F48,Q$9<=$G48),$D48,"") | R48: =IF(AND(R$9+($K$8/60)/24>=$F48,R$9<=$G48),$D48,"") | S48: =IF(AND(S$9+($K$8/60)/24>=$F48,S$9<=$G48),$D48,"") | T48: =IF(AND(T$9+($K$8/60)/24>=$F48,T$9<=$G48),$D48,"") -> Övrigt | U48: =IF(AND(U$9+($K$8/60)/24>=$F48,U$9<=$G48),$D48,"") | V48: =IF(AND(V$9+($K$8/60)/24>=$F48,V$9<=$G48),$D48,"") | ... BW48: =IF(AND(BW$9+($K$8/60)/24>=$F48,BW$9<=$G48),$D48,"") | BX48: =IF(AND(BY$9-($K$8/60)/24>=$F48,#REF!<=$G48),$D48,"") -> #REF! | BY48: =IF(AND(BZ$9-($K$8/60)/24>=$F48,BX$9<=$G48),$D48,"") | BZ48: =IF(AND(CA$9-($K$8/60)/24>=$F48,BY$9<=$G48),$D48,"") | CA48: =IF(AND(CB$9-($K$8/60)/24>=$F48,BZ$9<=$G48),$D48,"") | CB48: =IF(AND(CC$9-($K$8/60)/24>=$F48,CA$9<=$G48),$D48,"") | CC48: =IF(AND(CD$9-($K$8/60)/24>=$F48,CB$9<=$G48),$D48,"") | CD48: =IF(AND(CE$9-($K$8/60)/24>=$F48,CC$9<=$G48),$D48,"") | CE48: =IF(AND(CF$9-($K$8/60)/24>=$F48,CD$9<=$G48),$D48,"") | CF48: =IF(AND(CG$9-($K$8/60)/24>=$F48,CE$9<=$G48),$D48,"") | CG48: =IF(AND(CH$9-($K$8/60)/24>=$F48,CF$9<=$G48),$D48,"")
O49: =IF(AND(O$9+($K$8/60)/24>=$F49,O$9<=$G49),$D49,"") | P49: =IF(AND(P$9+($K$8/60)/24>=$F49,P$9<=$G49),$D49,"") | Q49: =IF(AND(Q$9+($K$8/60)/24>=$F49,Q$9<=$G49),$D49,"") | R49: =IF(AND(R$9+($K$8/60)/24>=$F49,R$9<=$G49),$D49,"") | S49: =IF(AND(S$9+($K$8/60)/24>=$F49,S$9<=$G49),$D49,"") | T49: =IF(AND(T$9+($K$8/60)/24>=$F49,T$9<=$G49),$D49,"") | U49: =IF(AND(U$9+($K$8/60)/24>=$F49,U$9<=$G49),$D49,"") | V49: =IF(AND(V$9+($K$8/60)/24>=$F49,V$9<=$G49),$D49,"") | ... BW49: =IF(AND(BW$9+($K$8/60)/24>=$F49,BW$9<=$G49),$D49,"") | BX49: =IF(AND(BY$9-($K$8/60)/24>=$F49,#REF!<=$G49),$D49,"") -> #REF! | BY49: =IF(AND(BZ$9-($K$8/60)/24>=$F49,BX$9<=$G49),$D49,"") | BZ49: =IF(AND(CA$9-($K$8/60)/24>=$F49,BY$9<=$G49),$D49,"") | CA49: =IF(AND(CB$9-($K$8/60)/24>=$F49,BZ$9<=$G49),$D49,"") | CB49: =IF(AND(CC$9-($K$8/60)/24>=$F49,CA$9<=$G49),$D49,"") | CC49: =IF(AND(CD$9-($K$8/60)/24>=$F49,CB$9<=$G49),$D49,"") | CD49: =IF(AND(CE$9-($K$8/60)/24>=$F49,CC$9<=$G49),$D49,"") | CE49: =IF(AND(CF$9-($K$8/60)/24>=$F49,CD$9<=$G49),$D49,"") | CF49: =IF(AND(CG$9-($K$8/60)/24>=$F49,CE$9<=$G49),$D49,"") | CG49: =IF(AND(CH$9-($K$8/60)/24>=$F49,CF$9<=$G49),$D49,"")
O50: =IF(AND(O$9+($K$8/60)/24>=$F50,O$9<=$G50),$D50,"") | P50: =IF(AND(P$9+($K$8/60)/24>=$F50,P$9<=$G50),$D50,"") | Q50: =IF(AND(Q$9+($K$8/60)/24>=$F50,Q$9<=$G50),$D50,"") | R50: =IF(AND(R$9+($K$8/60)/24>=$F50,R$9<=$G50),$D50,"") | S50: =IF(AND(S$9+($K$8/60)/24>=$F50,S$9<=$G50),$D50,"") | T50: =IF(AND(T$9+($K$8/60)/24>=$F50,T$9<=$G50),$D50,"") | U50: =IF(AND(U$9+($K$8/60)/24>=$F50,U$9<=$G50),$D50,"") | V50: =IF(AND(V$9+($K$8/60)/24>=$F50,V$9<=$G50),$D50,"") | ... BW50: =IF(AND(BW$9+($K$8/60)/24>=$F50,BW$9<=$G50),$D50,"") | BX50: =IF(AND(BY$9-($K$8/60)/24>=$F50,#REF!<=$G50),$D50,"") -> #REF! | BY50: =IF(AND(BZ$9-($K$8/60)/24>=$F50,BX$9<=$G50),$D50,"") | BZ50: =IF(AND(CA$9-($K$8/60)/24>=$F50,BY$9<=$G50),$D50,"") | CA50: =IF(AND(CB$9-($K$8/60)/24>=$F50,BZ$9<=$G50),$D50,"") | CB50: =IF(AND(CC$9-($K$8/60)/24>=$F50,CA$9<=$G50),$D50,"") | CC50: =IF(AND(CD$9-($K$8/60)/24>=$F50,CB$9<=$G50),$D50,"") | CD50: =IF(AND(CE$9-($K$8/60)/24>=$F50,CC$9<=$G50),$D50,"") | CE50: =IF(AND(CF$9-($K$8/60)/24>=$F50,CD$9<=$G50),$D50,"") | CF50: =IF(AND(CG$9-($K$8/60)/24>=$F50,CE$9<=$G50),$D50,"") | CG50: =IF(AND(CH$9-($K$8/60)/24>=$F50,CF$9<=$G50),$D50,"")
O51: =IF(AND(O$9+($K$8/60)/24>=$F51,O$9<=$G51),$D51,"") | P51: =IF(AND(P$9+($K$8/60)/24>=$F51,P$9<=$G51),$D51,"") | Q51: =IF(AND(Q$9+($K$8/60)/24>=$F51,Q$9<=$G51),$D51,"") | R51: =IF(AND(R$9+($K$8/60)/24>=$F51,R$9<=$G51),$D51,"") | S51: =IF(AND(S$9+($K$8/60)/24>=$F51,S$9<=$G51),$D51,"") | T51: =IF(AND(T$9+($K$8/60)/24>=$F51,T$9<=$G51),$D51,"") | U51: =IF(AND(U$9+($K$8/60)/24>=$F51,U$9<=$G51),$D51,"") | V51: =IF(AND(V$9+($K$8/60)/24>=$F51,V$9<=$G51),$D51,"") | ... BW51: =IF(AND(BW$9+($K$8/60)/24>=$F51,BW$9<=$G51),$D51,"") | BX51: =IF(AND(BY$9-($K$8/60)/24>=$F51,#REF!<=$G51),$D51,"") -> #REF! | BY51: =IF(AND(BZ$9-($K$8/60)/24>=$F51,BX$9<=$G51),$D51,"") | BZ51: =IF(AND(CA$9-($K$8/60)/24>=$F51,BY$9<=$G51),$D51,"") | CA51: =IF(AND(CB$9-($K$8/60)/24>=$F51,BZ$9<=$G51),$D51,"") | CB51: =IF(AND(CC$9-($K$8/60)/24>=$F51,CA$9<=$G51),$D51,"") | CC51: =IF(AND(CD$9-($K$8/60)/24>=$F51,CB$9<=$G51),$D51,"") | CD51: =IF(AND(CE$9-($K$8/60)/24>=$F51,CC$9<=$G51),$D51,"") | CE51: =IF(AND(CF$9-($K$8/60)/24>=$F51,CD$9<=$G51),$D51,"") | CF51: =IF(AND(CG$9-($K$8/60)/24>=$F51,CE$9<=$G51),$D51,"") | CG51: =IF(AND(CH$9-($K$8/60)/24>=$F51,CF$9<=$G51),$D51,"")
O52: =IF(AND(O$9+($K$8/60)/24>=$F52,O$9<=$G52),$D52,"") | P52: =IF(AND(P$9+($K$8/60)/24>=$F52,P$9<=$G52),$D52,"") | Q52: =IF(AND(Q$9+($K$8/60)/24>=$F52,Q$9<=$G52),$D52,"") | R52: =IF(AND(R$9+($K$8/60)/24>=$F52,R$9<=$G52),$D52,"") | S52: =IF(AND(S$9+($K$8/60)/24>=$F52,S$9<=$G52),$D52,"") | T52: =IF(AND(T$9+($K$8/60)/24>=$F52,T$9<=$G52),$D52,"") | U52: =IF(AND(U$9+($K$8/60)/24>=$F52,U$9<=$G52),$D52,"") | V52: =IF(AND(V$9+($K$8/60)/24>=$F52,V$9<=$G52),$D52,"") | ... BW52: =IF(AND(BW$9+($K$8/60)/24>=$F52,BW$9<=$G52),$D52,"") | BX52: =IF(AND(BY$9-($K$8/60)/24>=$F52,#REF!<=$G52),$D52,"") -> #REF! | BY52: =IF(AND(BZ$9-($K$8/60)/24>=$F52,BX$9<=$G52),$D52,"") | BZ52: =IF(AND(CA$9-($K$8/60)/24>=$F52,BY$9<=$G52),$D52,"") | CA52: =IF(AND(CB$9-($K$8/60)/24>=$F52,BZ$9<=$G52),$D52,"") | CB52: =IF(AND(CC$9-($K$8/60)/24>=$F52,CA$9<=$G52),$D52,"") | CC52: =IF(AND(CD$9-($K$8/60)/24>=$F52,CB$9<=$G52),$D52,"") | CD52: =IF(AND(CE$9-($K$8/60)/24>=$F52,CC$9<=$G52),$D52,"") | CE52: =IF(AND(CF$9-($K$8/60)/24>=$F52,CD$9<=$G52),$D52,"") | CF52: =IF(AND(CG$9-($K$8/60)/24>=$F52,CE$9<=$G52),$D52,"") | CG52: =IF(AND(CH$9-($K$8/60)/24>=$F52,CF$9<=$G52),$D52,"")
O53: =IF(AND(O$9+($K$8/60)/24>=$F53,O$9<=$G53),$D53,"") | P53: =IF(AND(P$9+($K$8/60)/24>=$F53,P$9<=$G53),$D53,"") | Q53: =IF(AND(Q$9+($K$8/60)/24>=$F53,Q$9<=$G53),$D53,"") | R53: =IF(AND(R$9+($K$8/60)/24>=$F53,R$9<=$G53),$D53,"") | S53: =IF(AND(S$9+($K$8/60)/24>=$F53,S$9<=$G53),$D53,"") | T53: =IF(AND(T$9+($K$8/60)/24>=$F53,T$9<=$G53),$D53,"") | U53: =IF(AND(U$9+($K$8/60)/24>=$F53,U$9<=$G53),$D53,"") | V53: =IF(AND(V$9+($K$8/60)/24>=$F53,V$9<=$G53),$D53,"") | ... BW53: =IF(AND(BW$9+($K$8/60)/24>=$F53,BW$9<=$G53),$D53,"") | BX53: =IF(AND(BY$9-($K$8/60)/24>=$F53,#REF!<=$G53),$D53,"") -> #REF! | BY53: =IF(AND(BZ$9-($K$8/60)/24>=$F53,BX$9<=$G53),$D53,"") | BZ53: =IF(AND(CA$9-($K$8/60)/24>=$F53,BY$9<=$G53),$D53,"") | CA53: =IF(AND(CB$9-($K$8/60)/24>=$F53,BZ$9<=$G53),$D53,"") | CB53: =IF(AND(CC$9-($K$8/60)/24>=$F53,CA$9<=$G53),$D53,"") | CC53: =IF(AND(CD$9-($K$8/60)/24>=$F53,CB$9<=$G53),$D53,"") | CD53: =IF(AND(CE$9-($K$8/60)/24>=$F53,CC$9<=$G53),$D53,"") | CE53: =IF(AND(CF$9-($K$8/60)/24>=$F53,CD$9<=$G53),$D53,"") | CF53: =IF(AND(CG$9-($K$8/60)/24>=$F53,CE$9<=$G53),$D53,"") | CG53: =IF(AND(CH$9-($K$8/60)/24>=$F53,CF$9<=$G53),$D53,"")
O54: =IF(AND(O$9+($K$8/60)/24>=$F54,O$9<=$G54),$D54,"") | P54: =IF(AND(P$9+($K$8/60)/24>=$F54,P$9<=$G54),$D54,"") | Q54: =IF(AND(Q$9+($K$8/60)/24>=$F54,Q$9<=$G54),$D54,"") | R54: =IF(AND(R$9+($K$8/60)/24>=$F54,R$9<=$G54),$D54,"") | S54: =IF(AND(S$9+($K$8/60)/24>=$F54,S$9<=$G54),$D54,"") | T54: =IF(AND(T$9+($K$8/60)/24>=$F54,T$9<=$G54),$D54,"") | U54: =IF(AND(U$9+($K$8/60)/24>=$F54,U$9<=$G54),$D54,"") | V54: =IF(AND(V$9+($K$8/60)/24>=$F54,V$9<=$G54),$D54,"") | ... BW54: =IF(AND(BW$9+($K$8/60)/24>=$F54,BW$9<=$G54),$D54,"") | BX54: =IF(AND(BY$9-($K$8/60)/24>=$F54,#REF!<=$G54),$D54,"") -> #REF! | BY54: =IF(AND(BZ$9-($K$8/60)/24>=$F54,BX$9<=$G54),$D54,"") | BZ54: =IF(AND(CA$9-($K$8/60)/24>=$F54,BY$9<=$G54),$D54,"") | CA54: =IF(AND(CB$9-($K$8/60)/24>=$F54,BZ$9<=$G54),$D54,"") | CB54: =IF(AND(CC$9-($K$8/60)/24>=$F54,CA$9<=$G54),$D54,"") | CC54: =IF(AND(CD$9-($K$8/60)/24>=$F54,CB$9<=$G54),$D54,"") | CD54: =IF(AND(CE$9-($K$8/60)/24>=$F54,CC$9<=$G54),$D54,"") | CE54: =IF(AND(CF$9-($K$8/60)/24>=$F54,CD$9<=$G54),$D54,"") | CF54: =IF(AND(CG$9-($K$8/60)/24>=$F54,CE$9<=$G54),$D54,"") | CG54: =IF(AND(CH$9-($K$8/60)/24>=$F54,CF$9<=$G54),$D54,"")
O55: =IF(AND(O$9+($K$8/60)/24>=$F55,O$9<=$G55),$D55,"") | P55: =IF(AND(P$9+($K$8/60)/24>=$F55,P$9<=$G55),$D55,"") | Q55: =IF(AND(Q$9+($K$8/60)/24>=$F55,Q$9<=$G55),$D55,"") | R55: =IF(AND(R$9+($K$8/60)/24>=$F55,R$9<=$G55),$D55,"") | S55: =IF(AND(S$9+($K$8/60)/24>=$F55,S$9<=$G55),$D55,"") | T55: =IF(AND(T$9+($K$8/60)/24>=$F55,T$9<=$G55),$D55,"") | U55: =IF(AND(U$9+($K$8/60)/24>=$F55,U$9<=$G55),$D55,"") | V55: =IF(AND(V$9+($K$8/60)/24>=$F55,V$9<=$G55),$D55,"") | ... BW55: =IF(AND(BW$9+($K$8/60)/24>=$F55,BW$9<=$G55),$D55,"") | BX55: =IF(AND(BY$9-($K$8/60)/24>=$F55,#REF!<=$G55),$D55,"") -> #REF! | BY55: =IF(AND(BZ$9-($K$8/60)/24>=$F55,BX$9<=$G55),$D55,"") | BZ55: =IF(AND(CA$9-($K$8/60)/24>=$F55,BY$9<=$G55),$D55,"") | CA55: =IF(AND(CB$9-($K$8/60)/24>=$F55,BZ$9<=$G55),$D55,"") | CB55: =IF(AND(CC$9-($K$8/60)/24>=$F55,CA$9<=$G55),$D55,"") | CC55: =IF(AND(CD$9-($K$8/60)/24>=$F55,CB$9<=$G55),$D55,"") | CD55: =IF(AND(CE$9-($K$8/60)/24>=$F55,CC$9<=$G55),$D55,"") | CE55: =IF(AND(CF$9-($K$8/60)/24>=$F55,CD$9<=$G55),$D55,"") | CF55: =IF(AND(CG$9-($K$8/60)/24>=$F55,CE$9<=$G55),$D55,"") | CG55: =IF(AND(CH$9-($K$8/60)/24>=$F55,CF$9<=$G55),$D55,"")
O56: =IF(AND(O$9+($K$8/60)/24>=$F56,O$9<=$G56),$D56,"") | P56: =IF(AND(P$9+($K$8/60)/24>=$F56,P$9<=$G56),$D56,"") | Q56: =IF(AND(Q$9+($K$8/60)/24>=$F56,Q$9<=$G56),$D56,"") | R56: =IF(AND(R$9+($K$8/60)/24>=$F56,R$9<=$G56),$D56,"") | S56: =IF(AND(S$9+($K$8/60)/24>=$F56,S$9<=$G56),$D56,"") | T56: =IF(AND(T$9+($K$8/60)/24>=$F56,T$9<=$G56),$D56,"") | U56: =IF(AND(U$9+($K$8/60)/24>=$F56,U$9<=$G56),$D56,"") | V56: =IF(AND(V$9+($K$8/60)/24>=$F56,V$9<=$G56),$D56,"") | ... BW56: =IF(AND(BW$9+($K$8/60)/24>=$F56,BW$9<=$G56),$D56,"") | BX56: =IF(AND(BY$9-($K$8/60)/24>=$F56,#REF!<=$G56),$D56,"") -> #REF! | BY56: =IF(AND(BZ$9-($K$8/60)/24>=$F56,BX$9<=$G56),$D56,"") | BZ56: =IF(AND(CA$9-($K$8/60)/24>=$F56,BY$9<=$G56),$D56,"") | CA56: =IF(AND(CB$9-($K$8/60)/24>=$F56,BZ$9<=$G56),$D56,"") | CB56: =IF(AND(CC$9-($K$8/60)/24>=$F56,CA$9<=$G56),$D56,"") | CC56: =IF(AND(CD$9-($K$8/60)/24>=$F56,CB$9<=$G56),$D56,"") | CD56: =IF(AND(CE$9-($K$8/60)/24>=$F56,CC$9<=$G56),$D56,"") | CE56: =IF(AND(CF$9-($K$8/60)/24>=$F56,CD$9<=$G56),$D56,"") | CF56: =IF(AND(CG$9-($K$8/60)/24>=$F56,CE$9<=$G56),$D56,"") | CG56: =IF(AND(CH$9-($K$8/60)/24>=$F56,CF$9<=$G56),$D56,"")
O57: =IF(AND(O$9+($K$8/60)/24>=$F57,O$9<=$G57),$D57,"") | P57: =IF(AND(P$9+($K$8/60)/24>=$F57,P$9<=$G57),$D57,"") | Q57: =IF(AND(Q$9+($K$8/60)/24>=$F57,Q$9<=$G57),$D57,"") | R57: =IF(AND(R$9+($K$8/60)/24>=$F57,R$9<=$G57),$D57,"") | S57: =IF(AND(S$9+($K$8/60)/24>=$F57,S$9<=$G57),$D57,"") | T57: =IF(AND(T$9+($K$8/60)/24>=$F57,T$9<=$G57),$D57,"") | U57: =IF(AND(U$9+($K$8/60)/24>=$F57,U$9<=$G57),$D57,"") | V57: =IF(AND(V$9+($K$8/60)/24>=$F57,V$9<=$G57),$D57,"") | ... BW57: =IF(AND(BW$9+($K$8/60)/24>=$F57,BW$9<=$G57),$D57,"") | BX57: =IF(AND(BY$9-($K$8/60)/24>=$F57,#REF!<=$G57),$D57,"") -> #REF! | BY57: =IF(AND(BZ$9-($K$8/60)/24>=$F57,BX$9<=$G57),$D57,"") | BZ57: =IF(AND(CA$9-($K$8/60)/24>=$F57,BY$9<=$G57),$D57,"") | CA57: =IF(AND(CB$9-($K$8/60)/24>=$F57,BZ$9<=$G57),$D57,"") | CB57: =IF(AND(CC$9-($K$8/60)/24>=$F57,CA$9<=$G57),$D57,"") | CC57: =IF(AND(CD$9-($K$8/60)/24>=$F57,CB$9<=$G57),$D57,"") | CD57: =IF(AND(CE$9-($K$8/60)/24>=$F57,CC$9<=$G57),$D57,"") | CE57: =IF(AND(CF$9-($K$8/60)/24>=$F57,CD$9<=$G57),$D57,"") | CF57: =IF(AND(CG$9-($K$8/60)/24>=$F57,CE$9<=$G57),$D57,"") | CG57: =IF(AND(CH$9-($K$8/60)/24>=$F57,CF$9<=$G57),$D57,"")
O58: =IF(AND(O$9+($K$8/60)/24>=$F58,O$9<=$G58),$D58,"") | P58: =IF(AND(P$9+($K$8/60)/24>=$F58,P$9<=$G58),$D58,"") | Q58: =IF(AND(Q$9+($K$8/60)/24>=$F58,Q$9<=$G58),$D58,"") | R58: =IF(AND(R$9+($K$8/60)/24>=$F58,R$9<=$G58),$D58,"") | S58: =IF(AND(S$9+($K$8/60)/24>=$F58,S$9<=$G58),$D58,"") | T58: =IF(AND(T$9+($K$8/60)/24>=$F58,T$9<=$G58),$D58,"") | U58: =IF(AND(U$9+($K$8/60)/24>=$F58,U$9<=$G58),$D58,"") | V58: =IF(AND(V$9+($K$8/60)/24>=$F58,V$9<=$G58),$D58,"") | ... BW58: =IF(AND(BW$9+($K$8/60)/24>=$F58,BW$9<=$G58),$D58,"") | BX58: =IF(AND(BY$9-($K$8/60)/24>=$F58,#REF!<=$G58),$D58,"") -> #REF! | BY58: =IF(AND(BZ$9-($K$8/60)/24>=$F58,BX$9<=$G58),$D58,"") | BZ58: =IF(AND(CA$9-($K$8/60)/24>=$F58,BY$9<=$G58),$D58,"") | CA58: =IF(AND(CB$9-($K$8/60)/24>=$F58,BZ$9<=$G58),$D58,"") | CB58: =IF(AND(CC$9-($K$8/60)/24>=$F58,CA$9<=$G58),$D58,"") | CC58: =IF(AND(CD$9-($K$8/60)/24>=$F58,CB$9<=$G58),$D58,"") | CD58: =IF(AND(CE$9-($K$8/60)/24>=$F58,CC$9<=$G58),$D58,"") | CE58: =IF(AND(CF$9-($K$8/60)/24>=$F58,CD$9<=$G58),$D58,"") | CF58: =IF(AND(CG$9-($K$8/60)/24>=$F58,CE$9<=$G58),$D58,"") | CG58: =IF(AND(CH$9-($K$8/60)/24>=$F58,CF$9<=$G58),$D58,"")

Sheet Veckoplanering
K1: Visa text | N1: 1_Tilldelad | P1: KalleOStina | Q1: =IF($K$2="Status","",IF($K$2="Ansvarig",COUNTIFS(Q$11:Q$100,$P1),IF($K$2="Timmar",1,IF($K$2="Projekt","","")))) -> 0 | R1: =IF($K$2="Status","",IF($K$2="Ansvarig",COUNTIFS(R$11:R$100,$P1),IF($K$2="Timmar",1,IF($K$2="Projekt","","")))) -> 3 | S1: =IF($K$2="Status","",IF($K$2="Ansvarig",COUNTIFS(S$11:S$100,$P1),IF($K$2="Timmar",1,IF($K$2="Projekt","","")))) -> 4 | T1: =IF($K$2="Status","",IF($K$2="Ansvarig",COUNTIFS(T$11:T$100,$P1),IF($K$2="Timmar",1,IF($K$2="Projekt","","")))) -> 4 | U1: =IF($K$2="Status","",IF($K$2="Ansvarig",COUNTIFS(U$11:U$100,$P1),IF($K$2="Timmar",1,IF($K$2="Projekt","","")))) -> 1 | V1: =IF($K$2="Status","",IF($K$2="Ansvarig",COUNTIFS(V$11:V$100,$P1),IF($K$2="Timmar",1,IF($K$2="Projekt","","")))) -> 1 | W1: =IF($K$2="Status","",IF($K$2="Ansvarig",COUNTIFS(W$11:W$100,$P1),IF($K$2="Timmar",1,IF($K$2="Projekt","","")))) -> 0 | X1: =IF($K$2="Status","",IF($K$2="Ansvarig",COUNTIFS(X$11:X$100,$P1),IF($K$2="Timmar",1,IF($K$2="Projekt","","")))) -> 0 | ... BQ1: =IF($K$2="Status","",IF($K$2="Ansvarig",COUNTIFS(BQ$11:BQ$100,$P1),IF($K$2="Timmar",1,IF($K$2="Projekt","","")))) -> 0
K2: Ansvarig | N2: 2_Påbörjad | P2: Stina | Q2: =IF($K$2="Status","",IF($K$2="Ansvarig",COUNTIFS(Q$11:Q$100,$P2),IF($K$2="Timmar",1,IF($K$2="Projekt","","")))) -> 0 | R2: =IF($K$2="Status","",IF($K$2="Ansvarig",COUNTIFS(R$11:R$100,$P2),IF($K$2="Timmar",1,IF($K$2="Projekt","","")))) -> 0 | S2: =IF($K$2="Status","",IF($K$2="Ansvarig",COUNTIFS(S$11:S$100,$P2),IF($K$2="Timmar",1,IF($K$2="Projekt","","")))) -> 0 | T2: =IF($K$2="Status","",IF($K$2="Ansvarig",COUNTIFS(T$11:T$100,$P2),IF($K$2="Timmar",1,IF($K$2="Projekt","","")))) -> 0 | U2: =IF($K$2="Status","",IF($K$2="Ansvarig",COUNTIFS(U$11:U$100,$P2),IF($K$2="Timmar",1,IF($K$2="Projekt","","")))) -> 0 | V2: =IF($K$2="Status","",IF($K$2="Ansvarig",COUNTIFS(V$11:V$100,$P2),IF($K$2="Timmar",1,IF($K$2="Projekt","","")))) -> 0 | W2: =IF($K$2="Status","",IF($K$2="Ansvarig",COUNTIFS(W$11:W$100,$P2),IF($K$2="Timmar",1,IF($K$2="Projekt","","")))) -> 0 | X2: =IF($K$2="Status","",IF($K$2="Ansvarig",COUNTIFS(X$11:X$100,$P2),IF($K$2="Timmar",1,IF($K$2="Projekt","","")))) -> 0 | ... BQ2: =IF($K$2="Status","",IF($K$2="Ansvarig",COUNTIFS(BQ$11:BQ$100,$P2),IF($K$2="Timmar",1,IF($K$2="Projekt","","")))) -> 0
K3: Färga efter | N3: 6_Avslutad | P3: Kalle | Q3: =IF($K$2="Status","",IF($K$2="Ansvarig",COUNTIFS(Q$11:Q$100,$P3),IF($K$2="Timmar",1,IF($K$2="Projekt","","")))) -> 0 | R3: =IF($K$2="Status","",IF($K$2="Ansvarig",COUNTIFS(R$11:R$100,$P3),IF($K$2="Timmar",1,IF($K$2="Projekt","","")))) -> 0 | S3: =IF($K$2="Status","",IF($K$2="Ansvarig",COUNTIFS(S$11:S$100,$P3),IF($K$2="Timmar",1,IF($K$2="Projekt","","")))) -> 0 | T3: =IF($K$2="Status","",IF($K$2="Ansvarig",COUNTIFS(T$11:T$100,$P3),IF($K$2="Timmar",1,IF($K$2="Projekt","","")))) -> 0 | U3: =IF($K$2="Status","",IF($K$2="Ansvarig",COUNTIFS(U$11:U$100,$P3),IF($K$2="Timmar",1,IF($K$2="Projekt","","")))) -> 0 | V3: =IF($K$2="Status","",IF($K$2="Ansvarig",COUNTIFS(V$11:V$100,$P3),IF($K$2="Timmar",1,IF($K$2="Projekt","","")))) -> 0 | W3: =IF($K$2="Status","",IF($K$2="Ansvarig",COUNTIFS(W$11:W$100,$P3),IF($K$2="Timmar",1,IF($K$2="Projekt","","")))) -> 1 | X3: =IF($K$2="Status","",IF($K$2="Ansvarig",COUNTIFS(X$11:X$100,$P3),IF($K$2="Timmar",1,IF($K$2="Projekt","","")))) -> 0 | ... BQ3: =IF($K$2="Status","",IF($K$2="Ansvarig",COUNTIFS(BQ$11:BQ$100,$P3),IF($K$2="Timmar",1,IF($K$2="Projekt","","")))) -> 0
A4: SAVED | B4: 45348.44 | K4: Status | N4: 97_InväntarSvar | P4: Planerare | Q4: =IF($K$2="Status","",IF($K$2="Ansvarig",COUNTIFS(Q$11:Q$100,$P4),IF($K$2="Timmar",1,IF($K$2="Projekt","","")))) -> 0 | R4: =IF($K$2="Status","",IF($K$2="Ansvarig",COUNTIFS(R$11:R$100,$P4),IF($K$2="Timmar",1,IF($K$2="Projekt","","")))) -> 0 | S4: =IF($K$2="Status","",IF($K$2="Ansvarig",COUNTIFS(S$11:S$100,$P4),IF($K$2="Timmar",1,IF($K$2="Projekt","","")))) -> 0 | T4: =IF($K$2="Status","",IF($K$2="Ansvarig",COUNTIFS(T$11:T$100,$P4),IF($K$2="Timmar",1,IF($K$2="Projekt","","")))) -> 0 | U4: =IF($K$2="Status","",IF($K$2="Ansvarig",COUNTIFS(U$11:U$100,$P4),IF($K$2="Timmar",1,IF($K$2="Projekt","","")))) -> 0 | V4: =IF($K$2="Status","",IF($K$2="Ansvarig",COUNTIFS(V$11:V$100,$P4),IF($K$2="Timmar",1,IF($K$2="Projekt","","")))) -> 0 | W4: =IF($K$2="Status","",IF($K$2="Ansvarig",COUNTIFS(W$11:W$100,$P4),IF($K$2="Timmar",1,IF($K$2="Projekt","","")))) -> 0 | X4: =IF($K$2="Status","",IF($K$2="Ansvarig",COUNTIFS(X$11:X$100,$P4),IF($K$2="Timmar",1,IF($K$2="Projekt","","")))) -> 0 | ... BQ4: =IF($K$2="Status","",IF($K$2="Ansvarig",COUNTIFS(BQ$11:BQ$100,$P4),IF($K$2="Timmar",1,IF($K$2="Projekt","","")))) -> 0
A5: LOAD | B5: 45348.441 | K5: Tidsintervall | N5: 50_Saknas | P5: Gäster | Q5: =IF($K$2="Status","",IF($K$2="Ansvarig",COUNTIFS(Q$11:Q$100,$P5),IF($K$2="Timmar",1,IF($K$2="Projekt","","")))) -> 0 | R5: =IF($K$2="Status","",IF($K$2="Ansvarig",COUNTIFS(R$11:R$100,$P5),IF($K$2="Timmar",1,IF($K$2="Projekt","","")))) -> 0 | S5: =IF($K$2="Status","",IF($K$2="Ansvarig",COUNTIFS(S$11:S$100,$P5),IF($K$2="Timmar",1,IF($K$2="Projekt","","")))) -> 0 | T5: =IF($K$2="Status","",IF($K$2="Ansvarig",COUNTIFS(T$11:T$100,$P5),IF($K$2="Timmar",1,IF($K$2="Projekt","","")))) -> 0 | U5: =IF($K$2="Status","",IF($K$2="Ansvarig",COUNTIFS(U$11:U$100,$P5),IF($K$2="Timmar",1,IF($K$2="Projekt","","")))) -> 0 | V5: =IF($K$2="Status","",IF($K$2="Ansvarig",COUNTIFS(V$11:V$100,$P5),IF($K$2="Timmar",1,IF($K$2="Projekt","","")))) -> 0 | W5: =IF($K$2="Status","",IF($K$2="Ansvarig",COUNTIFS(W$11:W$100,$P5),IF($K$2="Timmar",1,IF($K$2="Projekt","","")))) -> 0 | X5: =IF($K$2="Status","",IF($K$2="Ansvarig",COUNTIFS(X$11:X$100,$P5),IF($K$2="Timmar",1,IF($K$2="Projekt","","")))) -> 0 | ... BQ5: =IF($K$2="Status","",IF($K$2="Ansvarig",COUNTIFS(BQ$11:BQ$100,$P5),IF($K$2="Timmar",1,IF($K$2="Projekt","","")))) -> 0
K6: 46023 | L6: =K6-WEEKDAY(K6)+2 -> 46020 | N6: 98_ErbjudandeSkickat | P6: Funktion2 | Q6: =IF($K$2="Status","",IF($K$2="Ansvarig",COUNTIFS(Q$11:Q$100,$P6),IF($K$2="Timmar",1,IF($K$2="Projekt","","")))) -> 0 | R6: =IF($K$2="Status","",IF($K$2="Ansvarig",COUNTIFS(R$11:R$100,$P6),IF($K$2="Timmar",1,IF($K$2="Projekt","","")))) -> 0 | S6: =IF($K$2="Status","",IF($K$2="Ansvarig",COUNTIFS(S$11:S$100,$P6),IF($K$2="Timmar",1,IF($K$2="Projekt","","")))) -> 0 | T6: =IF($K$2="Status","",IF($K$2="Ansvarig",COUNTIFS(T$11:T$100,$P6),IF($K$2="Timmar",1,IF($K$2="Projekt","","")))) -> 0 | U6: =IF($K$2="Status","",IF($K$2="Ansvarig",COUNTIFS(U$11:U$100,$P6),IF($K$2="Timmar",1,IF($K$2="Projekt","","")))) -> 0 | V6: =IF($K$2="Status","",IF($K$2="Ansvarig",COUNTIFS(V$11:V$100,$P6),IF($K$2="Timmar",1,IF($K$2="Projekt","","")))) -> 0 | W6: =IF($K$2="Status","",IF($K$2="Ansvarig",COUNTIFS(W$11:W$100,$P6),IF($K$2="Timmar",1,IF($K$2="Projekt","","")))) -> 0 | X6: =IF($K$2="Status","",IF($K$2="Ansvarig",COUNTIFS(X$11:X$100,$P6),IF($K$2="Timmar",1,IF($K$2="Projekt","","")))) -> 0 | ... BQ6: =IF($K$2="Status","",IF($K$2="Ansvarig",COUNTIFS(BQ$11:BQ$100,$P6),IF($K$2="Timmar",1,IF($K$2="Projekt","","")))) -> 0
K7: Tidsintervall | N7: 99_Avstyrt | P7: Funktion3 | Q7: =IF($K$2="Status","",IF($K$2="Ansvarig",COUNTIFS(Q$11:Q$100,$P7),IF($K$2="Timmar",1,IF($K$2="Projekt","","")))) -> 0 | R7: =IF($K$2="Status","",IF($K$2="Ansvarig",COUNTIFS(R$11:R$100,$P7),IF($K$2="Timmar",1,IF($K$2="Projekt","","")))) -> 0 | S7: =IF($K$2="Status","",IF($K$2="Ansvarig",COUNTIFS(S$11:S$100,$P7),IF($K$2="Timmar",1,IF($K$2="Projekt","","")))) -> 0 | T7: =IF($K$2="Status","",IF($K$2="Ansvarig",COUNTIFS(T$11:T$100,$P7),IF($K$2="Timmar",1,IF($K$2="Projekt","","")))) -> 0 | U7: =IF($K$2="Status","",IF($K$2="Ansvarig",COUNTIFS(U$11:U$100,$P7),IF($K$2="Timmar",1,IF($K$2="Projekt","","")))) -> 0 | V7: =IF($K$2="Status","",IF($K$2="Ansvarig",COUNTIFS(V$11:V$100,$P7),IF($K$2="Timmar",1,IF($K$2="Projekt","","")))) -> 0 | W7: =IF($K$2="Status","",IF($K$2="Ansvarig",COUNTIFS(W$11:W$100,$P7),IF($K$2="Timmar",1,IF($K$2="Projekt","","")))) -> 0 | X7: =IF($K$2="Status","",IF($K$2="Ansvarig",COUNTIFS(X$11:X$100,$P7),IF($K$2="Timmar",1,IF($K$2="Projekt","","")))) -> 0 | ... BQ7: =IF($K$2="Status","",IF($K$2="Ansvarig",COUNTIFS(BQ$11:BQ$100,$P7),IF($K$2="Timmar",1,IF($K$2="Projekt","","")))) -> 0
K8: 7 | N8: 0_Problem | P8: Total
N9: =IF(F9="","",$L$6+($K$8)*(F9-1)) | O9: =IF(G9="","",$L$6+($K$8)*(G9-1)) | P9: =IFERROR(IF(SUM(Y9:AD9)>0,1,IF(SUM(R9:W9)>0,0.5,0)),"") -> 1 | Q9: =K6-WEEKDAY(K6)+2 -> 46020 | R9: =Q9+$K$8 -> 46027 | S9: =R9+$K$8 -> 46034 | T9: =S9+$K$8 -> 46041 | U9: =T9+$K$8 -> 46048 | V9: =U9+$K$8 -> 46055 | W9: =V9+$K$8 -> 46062 | X9: =W9+$K$8 -> 46069 | Y9: =X9+$K$8 -> 46076 | ... BQ9: =BP9+$K$8 -> 46384
A10: _Key | B10: Projekt | C10: Namn | D10: Ansvarig | E10: Status | F10: V Start | G10: V Slut | H10: Timmar | I10: Kategori | J10: Plannerat Datum | K10: Kommentar | L10: Prio | M10: Beskrivning | N10: StartDatum | O10: SlutDatum | P10: Vecka | Q10: =WEEKNUM(Q9) -> 53 | R10: =IF(YEAR(R9)=YEAR(Q9),WEEKNUM(R9),YEAR(R9)&"-"&WEEKNUM(R9)) -> 2026-2 | S10: =IF(YEAR(S9)=YEAR(R9),WEEKNUM(S9),YEAR(S9)&"-"&WEEKNUM(S9)) -> 3 | T10: =IF(YEAR(T9)=YEAR(S9),WEEKNUM(T9),YEAR(T9)&"-"&WEEKNUM(T9)) -> 4 | U10: =IF(YEAR(U9)=YEAR(T9),WEEKNUM(U9),YEAR(U9)&"-"&WEEKNUM(U9)) -> 5 | V10: =IF(YEAR(V9)=YEAR(U9),WEEKNUM(V9),YEAR(V9)&"-"&WEEKNUM(V9)) -> 6 | W10: =IF(YEAR(W9)=YEAR(V9),WEEKNUM(W9),YEAR(W9)&"-"&WEEKNUM(W9)) -> 7 | X10: =IF(YEAR(X9)=YEAR(W9),WEEKNUM(X9),YEAR(X9)&"-"&WEEKNUM(X9)) -> 8 | Y10: =IF(YEAR(Y9)=YEAR(X9),WEEKNUM(Y9),YEAR(Y9)&"-"&WEEKNUM(Y9)) -> 9 | ... BQ10: =IF(YEAR(BQ9)=YEAR(BP9),WEEKNUM(BQ9),YEAR(BQ9)&"-"&WEEKNUM(BQ9)) -> 53
B11: Beslut | D11: Total | N11: =IF(F11="","",$L$6+($K$8)*(F11-1)) | O11: =IF(G11="","",$L$6+($K$8)*(G11-1)) | Q11: =IF(AND(Q$9+($K$8/60)/24>=$N11,Q$9<=$O11),IF($K$2="Projekt",$B11, IF($K$2="Ansvarig",$D11,IF($K$2="Status",$E11,IF($K$2="Timmar",IFERROR($H11/($O11-$N11),1),"-")))),"") | R11: =IF(AND(R$9+($K$8/60)/24>=$N11,R$9<=$O11),IF($K$2="Projekt",$B11, IF($K$2="Ansvarig",$D11,IF($K$2="Status",$E11,IF($K$2="Timmar",IFERROR($H11/($O11-$N11),1),"-")))),"") | S11: =IF(AND(S$9+($K$8/60)/24>=$N11,S$9<=$O11),IF($K$2="Projekt",$B11, IF($K$2="Ansvarig",$D11,IF($K$2="Status",$E11,IF($K$2="Timmar",IFERROR($H11/($O11-$N11),1),"-")))),"") | T11: =IF(AND(T$9+($K$8/60)/24>=$N11,T$9<=$O11),IF($K$2="Projekt",$B11, IF($K$2="Ansvarig",$D11,IF($K$2="Status",$E11,IF($K$2="Timmar",IFERROR($H11/($O11-$N11),1),"-")))),"") | U11: =IF(AND(U$9+($K$8/60)/24>=$N11,U$9<=$O11),IF($K$2="Projekt",$B11, IF($K$2="Ansvarig",$D11,IF($K$2="Status",$E11,IF($K$2="Timmar",IFERROR($H11/($O11-$N11),1),"-")))),"") | V11: =IF(AND(V$9+($K$8/60)/24>=$N11,V$9<=$O11),IF($K$2="Projekt",$B11, IF($K$2="Ansvarig",$D11,IF($K$2="Status",$E11,IF($K$2="Timmar",IFERROR($H11/($O11-$N11),1),"-")))),"") | W11: =IF(AND(W$9+($K$8/60)/24>=$N11,W$9<=$O11),IF($K$2="Projekt",$B11, IF($K$2="Ansvarig",$D11,IF($K$2="Status",$E11,IF($K$2="Timmar",IFERROR($H11/($O11-$N11),1),"-")))),"") | X11: =IF(AND(X$9+($K$8/60)/24>=$N11,X$9<=$O11),IF($K$2="Projekt",$B11, IF($K$2="Ansvarig",$D11,IF($K$2="Status",$E11,IF($K$2="Timmar",IFERROR($H11/($O11-$N11),1),"-")))),"") | ... BS11: =IF(AND(BS$9+($K$8/60)/24>=$N11,BS$9<=$O11),IF($K$2="Projekt",$B11, IF($K$2="Ansvarig",$D11,IF($K$2="Status",$E11,IF($K$2="Timmar",IFERROR($H11/($O11-$N11),1),"-")))),"")
B12: Datum eller ungefärlig period | D12: KalleOStina | E12: 6_Avslutad | F12: 2 | G12: 4 | H12: 2 | N12: =IF(F12="","",$L$6+($K$8)*(F12-1)) -> 46027 | O12: =IF(G12="","",$L$6+($K$8)*(G12-1)) -> 46041 | Q12: =IF(AND(Q$9+($K$8/60)/24>=$N12,Q$9<=$O12),IF($K$2="Projekt",$B12, IF($K$2="Ansvarig",$D12,IF($K$2="Status",$E12,IF($K$2="Timmar",IFERROR($H12/($O12-$N12),1),"-")))),"") | R12: =IF(AND(R$9+($K$8/60)/24>=$N12,R$9<=$O12),IF($K$2="Projekt",$B12, IF($K$2="Ansvarig",$D12,IF($K$2="Status",$E12,IF($K$2="Timmar",IFERROR($H12/($O12-$N12),1),"-")))),"") -> KalleOStina | S12: =IF(AND(S$9+($K$8/60)/24>=$N12,S$9<=$O12),IF($K$2="Projekt",$B12, IF($K$2="Ansvarig",$D12,IF($K$2="Status",$E12,IF($K$2="Timmar",IFERROR($H12/($O12-$N12),1),"-")))),"") -> KalleOStina | T12: =IF(AND(T$9+($K$8/60)/24>=$N12,T$9<=$O12),IF($K$2="Projekt",$B12, IF($K$2="Ansvarig",$D12,IF($K$2="Status",$E12,IF($K$2="Timmar",IFERROR($H12/($O12-$N12),1),"-")))),"") -> KalleOStina | U12: =IF(AND(U$9+($K$8/60)/24>=$N12,U$9<=$O12),IF($K$2="Projekt",$B12, IF($K$2="Ansvarig",$D12,IF($K$2="Status",$E12,IF($K$2="Timmar",IFERROR($H12/($O12-$N12),1),"-")))),"") | V12: =IF(AND(V$9+($K$8/60)/24>=$N12,V$9<=$O12),IF($K$2="Projekt",$B12, IF($K$2="Ansvarig",$D12,IF($K$2="Status",$E12,IF($K$2="Timmar",IFERROR($H12/($O12-$N12),1),"-")))),"") | W12: =IF(AND(W$9+($K$8/60)/24>=$N12,W$9<=$O12),IF($K$2="Projekt",$B12, IF($K$2="Ansvarig",$D12,IF($K$2="Status",$E12,IF($K$2="Timmar",IFERROR($H12/($O12-$N12),1),"-")))),"") | X12: =IF(AND(X$9+($K$8/60)/24>=$N12,X$9<=$O12),IF($K$2="Projekt",$B12, IF($K$2="Ansvarig",$D12,IF($K$2="Status",$E12,IF($K$2="Timmar",IFERROR($H12/($O12-$N12),1),"-")))),"") | ... BS12: =IF(AND(BS$9+($K$8/60)/24>=$N12,BS$9<=$O12),IF($K$2="Projekt",$B12, IF($K$2="Ansvarig",$D12,IF($K$2="Status",$E12,IF($K$2="Timmar",IFERROR($H12/($O12-$N12),1),"-")))),"")
B13: Budget och vem som betalar vad | D13: KalleOStina | E13: 6_Avslutad | F13: 2 | G13: 4 | H13: 3 | N13: =IF(F13="","",$L$6+($K$8)*(F13-1)) -> 46027 | O13: =IF(G13="","",$L$6+($K$8)*(G13-1)) -> 46041 | Q13: =IF(AND(Q$9+($K$8/60)/24>=$N13,Q$9<=$O13),IF($K$2="Projekt",$B13, IF($K$2="Ansvarig",$D13,IF($K$2="Status",$E13,IF($K$2="Timmar",IFERROR($H13/($O13-$N13),1),"-")))),"") | R13: =IF(AND(R$9+($K$8/60)/24>=$N13,R$9<=$O13),IF($K$2="Projekt",$B13, IF($K$2="Ansvarig",$D13,IF($K$2="Status",$E13,IF($K$2="Timmar",IFERROR($H13/($O13-$N13),1),"-")))),"") -> KalleOStina | S13: =IF(AND(S$9+($K$8/60)/24>=$N13,S$9<=$O13),IF($K$2="Projekt",$B13, IF($K$2="Ansvarig",$D13,IF($K$2="Status",$E13,IF($K$2="Timmar",IFERROR($H13/($O13-$N13),1),"-")))),"") -> KalleOStina | T13: =IF(AND(T$9+($K$8/60)/24>=$N13,T$9<=$O13),IF($K$2="Projekt",$B13, IF($K$2="Ansvarig",$D13,IF($K$2="Status",$E13,IF($K$2="Timmar",IFERROR($H13/($O13-$N13),1),"-")))),"") -> KalleOStina | U13: =IF(AND(U$9+($K$8/60)/24>=$N13,U$9<=$O13),IF($K$2="Projekt",$B13, IF($K$2="Ansvarig",$D13,IF($K$2="Status",$E13,IF($K$2="Timmar",IFERROR($H13/($O13-$N13),1),"-")))),"") | V13: =IF(AND(V$9+($K$8/60)/24>=$N13,V$9<=$O13),IF($K$2="Projekt",$B13, IF($K$2="Ansvarig",$D13,IF($K$2="Status",$E13,IF($K$2="Timmar",IFERROR($H13/($O13-$N13),1),"-")))),"") | W13: =IF(AND(W$9+($K$8/60)/24>=$N13,W$9<=$O13),IF($K$2="Projekt",$B13, IF($K$2="Ansvarig",$D13,IF($K$2="Status",$E13,IF($K$2="Timmar",IFERROR($H13/($O13-$N13),1),"-")))),"") | X13: =IF(AND(X$9+($K$8/60)/24>=$N13,X$9<=$O13),IF($K$2="Projekt",$B13, IF($K$2="Ansvarig",$D13,IF($K$2="Status",$E13,IF($K$2="Timmar",IFERROR($H13/($O13-$N13),1),"-")))),"") | ... BS13: =IF(AND(BS$9+($K$8/60)/24>=$N13,BS$9<=$O13),IF($K$2="Projekt",$B13, IF($K$2="Ansvarig",$D13,IF($K$2="Status",$E13,IF($K$2="Timmar",IFERROR($H13/($O13-$N13),1),"-")))),"")
B14: Typ av bröllop (stort, intimt, destination, kyrkligt, borgerligt osv.) | D14: KalleOStina | E14: 6_Avslutad | F14: 2 | G14: 4 | H14: 4 | N14: =IF(F14="","",$L$6+($K$8)*(F14-1)) -> 46027 | O14: =IF(G14="","",$L$6+($K$8)*(G14-1)) -> 46041 | Q14: =IF(AND(Q$9+($K$8/60)/24>=$N14,Q$9<=$O14),IF($K$2="Projekt",$B14, IF($K$2="Ansvarig",$D14,IF($K$2="Status",$E14,IF($K$2="Timmar",IFERROR($H14/($O14-$N14),1),"-")))),"") | R14: =IF(AND(R$9+($K$8/60)/24>=$N14,R$9<=$O14),IF($K$2="Projekt",$B14, IF($K$2="Ansvarig",$D14,IF($K$2="Status",$E14,IF($K$2="Timmar",IFERROR($H14/($O14-$N14),1),"-")))),"") -> KalleOStina | S14: =IF(AND(S$9+($K$8/60)/24>=$N14,S$9<=$O14),IF($K$2="Projekt",$B14, IF($K$2="Ansvarig",$D14,IF($K$2="Status",$E14,IF($K$2="Timmar",IFERROR($H14/($O14-$N14),1),"-")))),"") -> KalleOStina | T14: =IF(AND(T$9+($K$8/60)/24>=$N14,T$9<=$O14),IF($K$2="Projekt",$B14, IF($K$2="Ansvarig",$D14,IF($K$2="Status",$E14,IF($K$2="Timmar",IFERROR($H14/($O14-$N14),1),"-")))),"") -> KalleOStina | U14: =IF(AND(U$9+($K$8/60)/24>=$N14,U$9<=$O14),IF($K$2="Projekt",$B14, IF($K$2="Ansvarig",$D14,IF($K$2="Status",$E14,IF($K$2="Timmar",IFERROR($H14/($O14-$N14),1),"-")))),"") | V14: =IF(AND(V$9+($K$8/60)/24>=$N14,V$9<=$O14),IF($K$2="Projekt",$B14, IF($K$2="Ansvarig",$D14,IF($K$2="Status",$E14,IF($K$2="Timmar",IFERROR($H14/($O14-$N14),1),"-")))),"") | W14: =IF(AND(W$9+($K$8/60)/24>=$N14,W$9<=$O14),IF($K$2="Projekt",$B14, IF($K$2="Ansvarig",$D14,IF($K$2="Status",$E14,IF($K$2="Timmar",IFERROR($H14/($O14-$N14),1),"-")))),"") | X14: =IF(AND(X$9+($K$8/60)/24>=$N14,X$9<=$O14),IF($K$2="Projekt",$B14, IF($K$2="Ansvarig",$D14,IF($K$2="Status",$E14,IF($K$2="Timmar",IFERROR($H14/($O14-$N14),1),"-")))),"") | ... BS14: =IF(AND(BS$9+($K$8/60)/24>=$N14,BS$9<=$O14),IF($K$2="Projekt",$B14, IF($K$2="Ansvarig",$D14,IF($K$2="Status",$E14,IF($K$2="Timmar",IFERROR($H14/($O14-$N14),1),"-")))),"")
B15: Gästantal | D15: KalleOStina | E15: 6_Avslutad | F15: 3 | G15: 4 | H15: 2 | N15: =IF(F15="","",$L$6+($K$8)*(F15-1)) -> 46034 | O15: =IF(G15="","",$L$6+($K$8)*(G15-1)) -> 46041 | Q15: =IF(AND(Q$9+($K$8/60)/24>=$N15,Q$9<=$O15),IF($K$2="Projekt",$B15, IF($K$2="Ansvarig",$D15,IF($K$2="Status",$E15,IF($K$2="Timmar",IFERROR($H15/($O15-$N15),1),"-")))),"") | R15: =IF(AND(R$9+($K$8/60)/24>=$N15,R$9<=$O15),IF($K$2="Projekt",$B15, IF($K$2="Ansvarig",$D15,IF($K$2="Status",$E15,IF($K$2="Timmar",IFERROR($H15/($O15-$N15),1),"-")))),"") | S15: =IF(AND(S$9+($K$8/60)/24>=$N15,S$9<=$O15),IF($K$2="Projekt",$B15, IF($K$2="Ansvarig",$D15,IF($K$2="Status",$E15,IF($K$2="Timmar",IFERROR($H15/($O15-$N15),1),"-")))),"") -> KalleOStina | T15: =IF(AND(T$9+($K$8/60)/24>=$N15,T$9<=$O15),IF($K$2="Projekt",$B15, IF($K$2="Ansvarig",$D15,IF($K$2="Status",$E15,IF($K$2="Timmar",IFERROR($H15/($O15-$N15),1),"-")))),"") -> KalleOStina | U15: =IF(AND(U$9+($K$8/60)/24>=$N15,U$9<=$O15),IF($K$2="Projekt",$B15, IF($K$2="Ansvarig",$D15,IF($K$2="Status",$E15,IF($K$2="Timmar",IFERROR($H15/($O15-$N15),1),"-")))),"") | V15: =IF(AND(V$9+($K$8/60)/24>=$N15,V$9<=$O15),IF($K$2="Projekt",$B15, IF($K$2="Ansvarig",$D15,IF($K$2="Status",$E15,IF($K$2="Timmar",IFERROR($H15/($O15-$N15),1),"-")))),"") | W15: =IF(AND(W$9+($K$8/60)/24>=$N15,W$9<=$O15),IF($K$2="Projekt",$B15, IF($K$2="Ansvarig",$D15,IF($K$2="Status",$E15,IF($K$2="Timmar",IFERROR($H15/($O15-$N15),1),"-")))),"") | X15: =IF(AND(X$9+($K$8/60)/24>=$N15,X$9<=$O15),IF($K$2="Projekt",$B15, IF($K$2="Ansvarig",$D15,IF($K$2="Status",$E15,IF($K$2="Timmar",IFERROR($H15/($O15-$N15),1),"-")))),"") | ... BS15: =IF(AND(BS$9+($K$8/60)/24>=$N15,BS$9<=$O15),IF($K$2="Projekt",$B15, IF($K$2="Ansvarig",$D15,IF($K$2="Status",$E15,IF($K$2="Timmar",IFERROR($H15/($O15-$N15),1),"-")))),"")
H16: 3 | N16: =IF(F16="","",$L$6+($K$8)*(F16-1)) | O16: =IF(G16="","",$L$6+($K$8)*(G16-1)) | Q16: =IF(AND(Q$9+($K$8/60)/24>=$N16,Q$9<=$O16),IF($K$2="Projekt",$B16, IF($K$2="Ansvarig",$D16,IF($K$2="Status",$E16,IF($K$2="Timmar",IFERROR($H16/($O16-$N16),1),"-")))),"") | R16: =IF(AND(R$9+($K$8/60)/24>=$N16,R$9<=$O16),IF($K$2="Projekt",$B16, IF($K$2="Ansvarig",$D16,IF($K$2="Status",$E16,IF($K$2="Timmar",IFERROR($H16/($O16-$N16),1),"-")))),"") | S16: =IF(AND(S$9+($K$8/60)/24>=$N16,S$9<=$O16),IF($K$2="Projekt",$B16, IF($K$2="Ansvarig",$D16,IF($K$2="Status",$E16,IF($K$2="Timmar",IFERROR($H16/($O16-$N16),1),"-")))),"") | T16: =IF(AND(T$9+($K$8/60)/24>=$N16,T$9<=$O16),IF($K$2="Projekt",$B16, IF($K$2="Ansvarig",$D16,IF($K$2="Status",$E16,IF($K$2="Timmar",IFERROR($H16/($O16-$N16),1),"-")))),"") | U16: =IF(AND(U$9+($K$8/60)/24>=$N16,U$9<=$O16),IF($K$2="Projekt",$B16, IF($K$2="Ansvarig",$D16,IF($K$2="Status",$E16,IF($K$2="Timmar",IFERROR($H16/($O16-$N16),1),"-")))),"") | V16: =IF(AND(V$9+($K$8/60)/24>=$N16,V$9<=$O16),IF($K$2="Projekt",$B16, IF($K$2="Ansvarig",$D16,IF($K$2="Status",$E16,IF($K$2="Timmar",IFERROR($H16/($O16-$N16),1),"-")))),"") | W16: =IF(AND(W$9+($K$8/60)/24>=$N16,W$9<=$O16),IF($K$2="Projekt",$B16, IF($K$2="Ansvarig",$D16,IF($K$2="Status",$E16,IF($K$2="Timmar",IFERROR($H16/($O16-$N16),1),"-")))),"") | X16: =IF(AND(X$9+($K$8/60)/24>=$N16,X$9<=$O16),IF($K$2="Projekt",$B16, IF($K$2="Ansvarig",$D16,IF($K$2="Status",$E16,IF($K$2="Timmar",IFERROR($H16/($O16-$N16),1),"-")))),"") | ... BS16: =IF(AND(BS$9+($K$8/60)/24>=$N16,BS$9<=$O16),IF($K$2="Projekt",$B16, IF($K$2="Ansvarig",$D16,IF($K$2="Status",$E16,IF($K$2="Timmar",IFERROR($H16/($O16-$N16),1),"-")))),"")
B17: Gästlista | D17: Total | N17: =IF(F17="","",$L$6+($K$8)*(F17-1)) | O17: =IF(G17="","",$L$6+($K$8)*(G17-1)) | Q17: =IF(AND(Q$9+($K$8/60)/24>=$N17,Q$9<=$O17),IF($K$2="Projekt",$B17, IF($K$2="Ansvarig",$D17,IF($K$2="Status",$E17,IF($K$2="Timmar",IFERROR($H17/($O17-$N17),1),"-")))),"") | R17: =IF(AND(R$9+($K$8/60)/24>=$N17,R$9<=$O17),IF($K$2="Projekt",$B17, IF($K$2="Ansvarig",$D17,IF($K$2="Status",$E17,IF($K$2="Timmar",IFERROR($H17/($O17-$N17),1),"-")))),"") | S17: =IF(AND(S$9+($K$8/60)/24>=$N17,S$9<=$O17),IF($K$2="Projekt",$B17, IF($K$2="Ansvarig",$D17,IF($K$2="Status",$E17,IF($K$2="Timmar",IFERROR($H17/($O17-$N17),1),"-")))),"") | T17: =IF(AND(T$9+($K$8/60)/24>=$N17,T$9<=$O17),IF($K$2="Projekt",$B17, IF($K$2="Ansvarig",$D17,IF($K$2="Status",$E17,IF($K$2="Timmar",IFERROR($H17/($O17-$N17),1),"-")))),"") | U17: =IF(AND(U$9+($K$8/60)/24>=$N17,U$9<=$O17),IF($K$2="Projekt",$B17, IF($K$2="Ansvarig",$D17,IF($K$2="Status",$E17,IF($K$2="Timmar",IFERROR($H17/($O17-$N17),1),"-")))),"") | V17: =IF(AND(V$9+($K$8/60)/24>=$N17,V$9<=$O17),IF($K$2="Projekt",$B17, IF($K$2="Ansvarig",$D17,IF($K$2="Status",$E17,IF($K$2="Timmar",IFERROR($H17/($O17-$N17),1),"-")))),"") | W17: =IF(AND(W$9+($K$8/60)/24>=$N17,W$9<=$O17),IF($K$2="Projekt",$B17, IF($K$2="Ansvarig",$D17,IF($K$2="Status",$E17,IF($K$2="Timmar",IFERROR($H17/($O17-$N17),1),"-")))),"") | X17: =IF(AND(X$9+($K$8/60)/24>=$N17,X$9<=$O17),IF($K$2="Projekt",$B17, IF($K$2="Ansvarig",$D17,IF($K$2="Status",$E17,IF($K$2="Timmar",IFERROR($H17/($O17-$N17),1),"-")))),"") | ... BS17: =IF(AND(BS$9+($K$8/60)/24>=$N17,BS$9<=$O17),IF($K$2="Projekt",$B17, IF($K$2="Ansvarig",$D17,IF($K$2="Status",$E17,IF($K$2="Timmar",IFERROR($H17/($O17-$N17),1),"-")))),"")
B18: Gästlista | D18: KalleOStina | E18: 6_Avslutad | F18: 5 | G18: 6 | H18: 4 | N18: =IF(F18="","",$L$6+($K$8)*(F18-1)) -> 46048 | O18: =IF(G18="","",$L$6+($K$8)*(G18-1)) -> 46055 | Q18: =IF(AND(Q$9+($K$8/60)/24>=$N18,Q$9<=$O18),IF($K$2="Projekt",$B18, IF($K$2="Ansvarig",$D18,IF($K$2="Status",$E18,IF($K$2="Timmar",IFERROR($H18/($O18-$N18),1),"-")))),"") | R18: =IF(AND(R$9+($K$8/60)/24>=$N18,R$9<=$O18),IF($K$2="Projekt",$B18, IF($K$2="Ansvarig",$D18,IF($K$2="Status",$E18,IF($K$2="Timmar",IFERROR($H18/($O18-$N18),1),"-")))),"") | S18: =IF(AND(S$9+($K$8/60)/24>=$N18,S$9<=$O18),IF($K$2="Projekt",$B18, IF($K$2="Ansvarig",$D18,IF($K$2="Status",$E18,IF($K$2="Timmar",IFERROR($H18/($O18-$N18),1),"-")))),"") | T18: =IF(AND(T$9+($K$8/60)/24>=$N18,T$9<=$O18),IF($K$2="Projekt",$B18, IF($K$2="Ansvarig",$D18,IF($K$2="Status",$E18,IF($K$2="Timmar",IFERROR($H18/($O18-$N18),1),"-")))),"") | U18: =IF(AND(U$9+($K$8/60)/24>=$N18,U$9<=$O18),IF($K$2="Projekt",$B18, IF($K$2="Ansvarig",$D18,IF($K$2="Status",$E18,IF($K$2="Timmar",IFERROR($H18/($O18-$N18),1),"-")))),"") -> KalleOStina | V18: =IF(AND(V$9+($K$8/60)/24>=$N18,V$9<=$O18),IF($K$2="Projekt",$B18, IF($K$2="Ansvarig",$D18,IF($K$2="Status",$E18,IF($K$2="Timmar",IFERROR($H18/($O18-$N18),1),"-")))),"") -> KalleOStina | W18: =IF(AND(W$9+($K$8/60)/24>=$N18,W$9<=$O18),IF($K$2="Projekt",$B18, IF($K$2="Ansvarig",$D18,IF($K$2="Status",$E18,IF($K$2="Timmar",IFERROR($H18/($O18-$N18),1),"-")))),"") | X18: =IF(AND(X$9+($K$8/60)/24>=$N18,X$9<=$O18),IF($K$2="Projekt",$B18, IF($K$2="Ansvarig",$D18,IF($K$2="Status",$E18,IF($K$2="Timmar",IFERROR($H18/($O18-$N18),1),"-")))),"") | ... BS18: =IF(AND(BS$9+($K$8/60)/24>=$N18,BS$9<=$O18),IF($K$2="Projekt",$B18, IF($K$2="Ansvarig",$D18,IF($K$2="Status",$E18,IF($K$2="Timmar",IFERROR($H18/($O18-$N18),1),"-")))),"")
B19: Save-the-date | D19: Kalle | E19: 6_Avslutad | F19: 7 | G19: 7 | H19: 2 | N19: =IF(F19="","",$L$6+($K$8)*(F19-1)) -> 46062 | O19: =IF(G19="","",$L$6+($K$8)*(G19-1)) -> 46062 | Q19: =IF(AND(Q$9+($K$8/60)/24>=$N19,Q$9<=$O19),IF($K$2="Projekt",$B19, IF($K$2="Ansvarig",$D19,IF($K$2="Status",$E19,IF($K$2="Timmar",IFERROR($H19/($O19-$N19),1),"-")))),"") | R19: =IF(AND(R$9+($K$8/60)/24>=$N19,R$9<=$O19),IF($K$2="Projekt",$B19, IF($K$2="Ansvarig",$D19,IF($K$2="Status",$E19,IF($K$2="Timmar",IFERROR($H19/($O19-$N19),1),"-")))),"") | S19: =IF(AND(S$9+($K$8/60)/24>=$N19,S$9<=$O19),IF($K$2="Projekt",$B19, IF($K$2="Ansvarig",$D19,IF($K$2="Status",$E19,IF($K$2="Timmar",IFERROR($H19/($O19-$N19),1),"-")))),"") | T19: =IF(AND(T$9+($K$8/60)/24>=$N19,T$9<=$O19),IF($K$2="Projekt",$B19, IF($K$2="Ansvarig",$D19,IF($K$2="Status",$E19,IF($K$2="Timmar",IFERROR($H19/($O19-$N19),1),"-")))),"") | U19: =IF(AND(U$9+($K$8/60)/24>=$N19,U$9<=$O19),IF($K$2="Projekt",$B19, IF($K$2="Ansvarig",$D19,IF($K$2="Status",$E19,IF($K$2="Timmar",IFERROR($H19/($O19-$N19),1),"-")))),"") | V19: =IF(AND(V$9+($K$8/60)/24>=$N19,V$9<=$O19),IF($K$2="Projekt",$B19, IF($K$2="Ansvarig",$D19,IF($K$2="Status",$E19,IF($K$2="Timmar",IFERROR($H19/($O19-$N19),1),"-")))),"") | W19: =IF(AND(W$9+($K$8/60)/24>=$N19,W$9<=$O19),IF($K$2="Projekt",$B19, IF($K$2="Ansvarig",$D19,IF($K$2="Status",$E19,IF($K$2="Timmar",IFERROR($H19/($O19-$N19),1),"-")))),"") -> Kalle | X19: =IF(AND(X$9+($K$8/60)/24>=$N19,X$9<=$O19),IF($K$2="Projekt",$B19, IF($K$2="Ansvarig",$D19,IF($K$2="Status",$E19,IF($K$2="Timmar",IFERROR($H19/($O19-$N19),1),"-")))),"") | ... BS19: =IF(AND(BS$9+($K$8/60)/24>=$N19,BS$9<=$O19),IF($K$2="Projekt",$B19, IF($K$2="Ansvarig",$D19,IF($K$2="Status",$E19,IF($K$2="Timmar",IFERROR($H19/($O19-$N19),1),"-")))),"")
B20: Inbjudningar | D20: Kalle | E20: 2_Påbörjad | F20: 10 | G20: 10 | H20: 3 | N20: =IF(F20="","",$L$6+($K$8)*(F20-1)) -> 46083 | O20: =IF(G20="","",$L$6+($K$8)*(G20-1)) -> 46083 | Q20: =IF(AND(Q$9+($K$8/60)/24>=$N20,Q$9<=$O20),IF($K$2="Projekt",$B20, IF($K$2="Ansvarig",$D20,IF($K$2="Status",$E20,IF($K$2="Timmar",IFERROR($H20/($O20-$N20),1),"-")))),"") | R20: =IF(AND(R$9+($K$8/60)/24>=$N20,R$9<=$O20),IF($K$2="Projekt",$B20, IF($K$2="Ansvarig",$D20,IF($K$2="Status",$E20,IF($K$2="Timmar",IFERROR($H20/($O20-$N20),1),"-")))),"") | S20: =IF(AND(S$9+($K$8/60)/24>=$N20,S$9<=$O20),IF($K$2="Projekt",$B20, IF($K$2="Ansvarig",$D20,IF($K$2="Status",$E20,IF($K$2="Timmar",IFERROR($H20/($O20-$N20),1),"-")))),"") | T20: =IF(AND(T$9+($K$8/60)/24>=$N20,T$9<=$O20),IF($K$2="Projekt",$B20, IF($K$2="Ansvarig",$D20,IF($K$2="Status",$E20,IF($K$2="Timmar",IFERROR($H20/($O20-$N20),1),"-")))),"") | U20: =IF(AND(U$9+($K$8/60)/24>=$N20,U$9<=$O20),IF($K$2="Projekt",$B20, IF($K$2="Ansvarig",$D20,IF($K$2="Status",$E20,IF($K$2="Timmar",IFERROR($H20/($O20-$N20),1),"-")))),"") | V20: =IF(AND(V$9+($K$8/60)/24>=$N20,V$9<=$O20),IF($K$2="Projekt",$B20, IF($K$2="Ansvarig",$D20,IF($K$2="Status",$E20,IF($K$2="Timmar",IFERROR($H20/($O20-$N20),1),"-")))),"") | W20: =IF(AND(W$9+($K$8/60)/24>=$N20,W$9<=$O20),IF($K$2="Projekt",$B20, IF($K$2="Ansvarig",$D20,IF($K$2="Status",$E20,IF($K$2="Timmar",IFERROR($H20/($O20-$N20),1),"-")))),"") | X20: =IF(AND(X$9+($K$8/60)/24>=$N20,X$9<=$O20),IF($K$2="Projekt",$B20, IF($K$2="Ansvarig",$D20,IF($K$2="Status",$E20,IF($K$2="Timmar",IFERROR($H20/($O20-$N20),1),"-")))),"") | ... BS20: =IF(AND(BS$9+($K$8/60)/24>=$N20,BS$9<=$O20),IF($K$2="Projekt",$B20, IF($K$2="Ansvarig",$D20,IF($K$2="Status",$E20,IF($K$2="Timmar",IFERROR($H20/($O20-$N20),1),"-")))),"")
B21: OSA-hantering | D21: Kalle | E21: 2_Påbörjad | F21: 11 | G21: 15 | H21: 4 | N21: =IF(F21="","",$L$6+($K$8)*(F21-1)) -> 46090 | O21: =IF(G21="","",$L$6+($K$8)*(G21-1)) -> 46118 | Q21: =IF(AND(Q$9+($K$8/60)/24>=$N21,Q$9<=$O21),IF($K$2="Projekt",$B21, IF($K$2="Ansvarig",$D21,IF($K$2="Status",$E21,IF($K$2="Timmar",IFERROR($H21/($O21-$N21),1),"-")))),"") | R21: =IF(AND(R$9+($K$8/60)/24>=$N21,R$9<=$O21),IF($K$2="Projekt",$B21, IF($K$2="Ansvarig",$D21,IF($K$2="Status",$E21,IF($K$2="Timmar",IFERROR($H21/($O21-$N21),1),"-")))),"") | S21: =IF(AND(S$9+($K$8/60)/24>=$N21,S$9<=$O21),IF($K$2="Projekt",$B21, IF($K$2="Ansvarig",$D21,IF($K$2="Status",$E21,IF($K$2="Timmar",IFERROR($H21/($O21-$N21),1),"-")))),"") | T21: =IF(AND(T$9+($K$8/60)/24>=$N21,T$9<=$O21),IF($K$2="Projekt",$B21, IF($K$2="Ansvarig",$D21,IF($K$2="Status",$E21,IF($K$2="Timmar",IFERROR($H21/($O21-$N21),1),"-")))),"") | U21: =IF(AND(U$9+($K$8/60)/24>=$N21,U$9<=$O21),IF($K$2="Projekt",$B21, IF($K$2="Ansvarig",$D21,IF($K$2="Status",$E21,IF($K$2="Timmar",IFERROR($H21/($O21-$N21),1),"-")))),"") | V21: =IF(AND(V$9+($K$8/60)/24>=$N21,V$9<=$O21),IF($K$2="Projekt",$B21, IF($K$2="Ansvarig",$D21,IF($K$2="Status",$E21,IF($K$2="Timmar",IFERROR($H21/($O21-$N21),1),"-")))),"") | W21: =IF(AND(W$9+($K$8/60)/24>=$N21,W$9<=$O21),IF($K$2="Projekt",$B21, IF($K$2="Ansvarig",$D21,IF($K$2="Status",$E21,IF($K$2="Timmar",IFERROR($H21/($O21-$N21),1),"-")))),"") | X21: =IF(AND(X$9+($K$8/60)/24>=$N21,X$9<=$O21),IF($K$2="Projekt",$B21, IF($K$2="Ansvarig",$D21,IF($K$2="Status",$E21,IF($K$2="Timmar",IFERROR($H21/($O21-$N21),1),"-")))),"") | ... BS21: =IF(AND(BS$9+($K$8/60)/24>=$N21,BS$9<=$O21),IF($K$2="Projekt",$B21, IF($K$2="Ansvarig",$D21,IF($K$2="Status",$E21,IF($K$2="Timmar",IFERROR($H21/($O21-$N21),1),"-")))),"")
B22: Inbjudning 2 | D22: Kalle | E22: 2_Påbörjad | F22: 16 | G22: 16 | N22: =IF(F22="","",$L$6+($K$8)*(F22-1)) -> 46125 | O22: =IF(G22="","",$L$6+($K$8)*(G22-1)) -> 46125 | Q22: =IF(AND(Q$9+($K$8/60)/24>=$N22,Q$9<=$O22),IF($K$2="Projekt",$B22, IF($K$2="Ansvarig",$D22,IF($K$2="Status",$E22,IF($K$2="Timmar",IFERROR($H22/($O22-$N22),1),"-")))),"") | R22: =IF(AND(R$9+($K$8/60)/24>=$N22,R$9<=$O22),IF($K$2="Projekt",$B22, IF($K$2="Ansvarig",$D22,IF($K$2="Status",$E22,IF($K$2="Timmar",IFERROR($H22/($O22-$N22),1),"-")))),"") | S22: =IF(AND(S$9+($K$8/60)/24>=$N22,S$9<=$O22),IF($K$2="Projekt",$B22, IF($K$2="Ansvarig",$D22,IF($K$2="Status",$E22,IF($K$2="Timmar",IFERROR($H22/($O22-$N22),1),"-")))),"") | T22: =IF(AND(T$9+($K$8/60)/24>=$N22,T$9<=$O22),IF($K$2="Projekt",$B22, IF($K$2="Ansvarig",$D22,IF($K$2="Status",$E22,IF($K$2="Timmar",IFERROR($H22/($O22-$N22),1),"-")))),"") | U22: =IF(AND(U$9+($K$8/60)/24>=$N22,U$9<=$O22),IF($K$2="Projekt",$B22, IF($K$2="Ansvarig",$D22,IF($K$2="Status",$E22,IF($K$2="Timmar",IFERROR($H22/($O22-$N22),1),"-")))),"") | V22: =IF(AND(V$9+($K$8/60)/24>=$N22,V$9<=$O22),IF($K$2="Projekt",$B22, IF($K$2="Ansvarig",$D22,IF($K$2="Status",$E22,IF($K$2="Timmar",IFERROR($H22/($O22-$N22),1),"-")))),"") | W22: =IF(AND(W$9+($K$8/60)/24>=$N22,W$9<=$O22),IF($K$2="Projekt",$B22, IF($K$2="Ansvarig",$D22,IF($K$2="Status",$E22,IF($K$2="Timmar",IFERROR($H22/($O22-$N22),1),"-")))),"") | X22: =IF(AND(X$9+($K$8/60)/24>=$N22,X$9<=$O22),IF($K$2="Projekt",$B22, IF($K$2="Ansvarig",$D22,IF($K$2="Status",$E22,IF($K$2="Timmar",IFERROR($H22/($O22-$N22),1),"-")))),"") | ... BS22: =IF(AND(BS$9+($K$8/60)/24>=$N22,BS$9<=$O22),IF($K$2="Projekt",$B22, IF($K$2="Ansvarig",$D22,IF($K$2="Status",$E22,IF($K$2="Timmar",IFERROR($H22/($O22-$N22),1),"-")))),"")
B23: OSA-hantering 2 | D23: Kalle | E23: 2_Påbörjad | F23: 16 | G23: 20 | H23: 2 | N23: =IF(F23="","",$L$6+($K$8)*(F23-1)) -> 46125 | O23: =IF(G23="","",$L$6+($K$8)*(G23-1)) -> 46153 | Q23: =IF(AND(Q$9+($K$8/60)/24>=$N23,Q$9<=$O23),IF($K$2="Projekt",$B23, IF($K$2="Ansvarig",$D23,IF($K$2="Status",$E23,IF($K$2="Timmar",IFERROR($H23/($O23-$N23),1),"-")))),"") | R23: =IF(AND(R$9+($K$8/60)/24>=$N23,R$9<=$O23),IF($K$2="Projekt",$B23, IF($K$2="Ansvarig",$D23,IF($K$2="Status",$E23,IF($K$2="Timmar",IFERROR($H23/($O23-$N23),1),"-")))),"") | S23: =IF(AND(S$9+($K$8/60)/24>=$N23,S$9<=$O23),IF($K$2="Projekt",$B23, IF($K$2="Ansvarig",$D23,IF($K$2="Status",$E23,IF($K$2="Timmar",IFERROR($H23/($O23-$N23),1),"-")))),"") | T23: =IF(AND(T$9+($K$8/60)/24>=$N23,T$9<=$O23),IF($K$2="Projekt",$B23, IF($K$2="Ansvarig",$D23,IF($K$2="Status",$E23,IF($K$2="Timmar",IFERROR($H23/($O23-$N23),1),"-")))),"") | U23: =IF(AND(U$9+($K$8/60)/24>=$N23,U$9<=$O23),IF($K$2="Projekt",$B23, IF($K$2="Ansvarig",$D23,IF($K$2="Status",$E23,IF($K$2="Timmar",IFERROR($H23/($O23-$N23),1),"-")))),"") | V23: =IF(AND(V$9+($K$8/60)/24>=$N23,V$9<=$O23),IF($K$2="Projekt",$B23, IF($K$2="Ansvarig",$D23,IF($K$2="Status",$E23,IF($K$2="Timmar",IFERROR($H23/($O23-$N23),1),"-")))),"") | W23: =IF(AND(W$9+($K$8/60)/24>=$N23,W$9<=$O23),IF($K$2="Projekt",$B23, IF($K$2="Ansvarig",$D23,IF($K$2="Status",$E23,IF($K$2="Timmar",IFERROR($H23/($O23-$N23),1),"-")))),"") | X23: =IF(AND(X$9+($K$8/60)/24>=$N23,X$9<=$O23),IF($K$2="Projekt",$B23, IF($K$2="Ansvarig",$D23,IF($K$2="Status",$E23,IF($K$2="Timmar",IFERROR($H23/($O23-$N23),1),"-")))),"") | ... BS23: =IF(AND(BS$9+($K$8/60)/24>=$N23,BS$9<=$O23),IF($K$2="Projekt",$B23, IF($K$2="Ansvarig",$D23,IF($K$2="Status",$E23,IF($K$2="Timmar",IFERROR($H23/($O23-$N23),1),"-")))),"")
B24: Inbjudning 3 | D24: Kalle | E24: 1_Tilldelad | F24: 21 | G24: 21 | H24: 2 | N24: =IF(F24="","",$L$6+($K$8)*(F24-1)) -> 46160 | O24: =IF(G24="","",$L$6+($K$8)*(G24-1)) -> 46160 | Q24: =IF(AND(Q$9+($K$8/60)/24>=$N24,Q$9<=$O24),IF($K$2="Projekt",$B24, IF($K$2="Ansvarig",$D24,IF($K$2="Status",$E24,IF($K$2="Timmar",IFERROR($H24/($O24-$N24),1),"-")))),"") | R24: =IF(AND(R$9+($K$8/60)/24>=$N24,R$9<=$O24),IF($K$2="Projekt",$B24, IF($K$2="Ansvarig",$D24,IF($K$2="Status",$E24,IF($K$2="Timmar",IFERROR($H24/($O24-$N24),1),"-")))),"") | S24: =IF(AND(S$9+($K$8/60)/24>=$N24,S$9<=$O24),IF($K$2="Projekt",$B24, IF($K$2="Ansvarig",$D24,IF($K$2="Status",$E24,IF($K$2="Timmar",IFERROR($H24/($O24-$N24),1),"-")))),"") | T24: =IF(AND(T$9+($K$8/60)/24>=$N24,T$9<=$O24),IF($K$2="Projekt",$B24, IF($K$2="Ansvarig",$D24,IF($K$2="Status",$E24,IF($K$2="Timmar",IFERROR($H24/($O24-$N24),1),"-")))),"") | U24: =IF(AND(U$9+($K$8/60)/24>=$N24,U$9<=$O24),IF($K$2="Projekt",$B24, IF($K$2="Ansvarig",$D24,IF($K$2="Status",$E24,IF($K$2="Timmar",IFERROR($H24/($O24-$N24),1),"-")))),"") | V24: =IF(AND(V$9+($K$8/60)/24>=$N24,V$9<=$O24),IF($K$2="Projekt",$B24, IF($K$2="Ansvarig",$D24,IF($K$2="Status",$E24,IF($K$2="Timmar",IFERROR($H24/($O24-$N24),1),"-")))),"") | W24: =IF(AND(W$9+($K$8/60)/24>=$N24,W$9<=$O24),IF($K$2="Projekt",$B24, IF($K$2="Ansvarig",$D24,IF($K$2="Status",$E24,IF($K$2="Timmar",IFERROR($H24/($O24-$N24),1),"-")))),"") | X24: =IF(AND(X$9+($K$8/60)/24>=$N24,X$9<=$O24),IF($K$2="Projekt",$B24, IF($K$2="Ansvarig",$D24,IF($K$2="Status",$E24,IF($K$2="Timmar",IFERROR($H24/($O24-$N24),1),"-")))),"") | ... BS24: =IF(AND(BS$9+($K$8/60)/24>=$N24,BS$9<=$O24),IF($K$2="Projekt",$B24, IF($K$2="Ansvarig",$D24,IF($K$2="Status",$E24,IF($K$2="Timmar",IFERROR($H24/($O24-$N24),1),"-")))),"")
B25: Specialkost/allergier | D25: Stina | E25: 1_Tilldelad | F25: 10 | G25: 14 | H25: 2 | N25: =IF(F25="","",$L$6+($K$8)*(F25-1)) -> 46083 | O25: =IF(G25="","",$L$6+($K$8)*(G25-1)) -> 46111 | Q25: =IF(AND(Q$9+($K$8/60)/24>=$N25,Q$9<=$O25),IF($K$2="Projekt",$B25, IF($K$2="Ansvarig",$D25,IF($K$2="Status",$E25,IF($K$2="Timmar",IFERROR($H25/($O25-$N25),1),"-")))),"") | R25: =IF(AND(R$9+($K$8/60)/24>=$N25,R$9<=$O25),IF($K$2="Projekt",$B25, IF($K$2="Ansvarig",$D25,IF($K$2="Status",$E25,IF($K$2="Timmar",IFERROR($H25/($O25-$N25),1),"-")))),"") | S25: =IF(AND(S$9+($K$8/60)/24>=$N25,S$9<=$O25),IF($K$2="Projekt",$B25, IF($K$2="Ansvarig",$D25,IF($K$2="Status",$E25,IF($K$2="Timmar",IFERROR($H25/($O25-$N25),1),"-")))),"") | T25: =IF(AND(T$9+($K$8/60)/24>=$N25,T$9<=$O25),IF($K$2="Projekt",$B25, IF($K$2="Ansvarig",$D25,IF($K$2="Status",$E25,IF($K$2="Timmar",IFERROR($H25/($O25-$N25),1),"-")))),"") | U25: =IF(AND(U$9+($K$8/60)/24>=$N25,U$9<=$O25),IF($K$2="Projekt",$B25, IF($K$2="Ansvarig",$D25,IF($K$2="Status",$E25,IF($K$2="Timmar",IFERROR($H25/($O25-$N25),1),"-")))),"") | V25: =IF(AND(V$9+($K$8/60)/24>=$N25,V$9<=$O25),IF($K$2="Projekt",$B25, IF($K$2="Ansvarig",$D25,IF($K$2="Status",$E25,IF($K$2="Timmar",IFERROR($H25/($O25-$N25),1),"-")))),"") | W25: =IF(AND(W$9+($K$8/60)/24>=$N25,W$9<=$O25),IF($K$2="Projekt",$B25, IF($K$2="Ansvarig",$D25,IF($K$2="Status",$E25,IF($K$2="Timmar",IFERROR($H25/($O25-$N25),1),"-")))),"") | X25: =IF(AND(X$9+($K$8/60)/24>=$N25,X$9<=$O25),IF($K$2="Projekt",$B25, IF($K$2="Ansvarig",$D25,IF($K$2="Status",$E25,IF($K$2="Timmar",IFERROR($H25/($O25-$N25),1),"-")))),"") | ... BS25: =IF(AND(BS$9+($K$8/60)/24>=$N25,BS$9<=$O25),IF($K$2="Projekt",$B25, IF($K$2="Ansvarig",$D25,IF($K$2="Status",$E25,IF($K$2="Timmar",IFERROR($H25/($O25-$N25),1),"-")))),"")
B26: Barn eller barnfritt | D26: Stina | E26: 0_Problem | F26: 10 | G26: 14 | H26: 3 | N26: =IF(F26="","",$L$6+($K$8)*(F26-1)) -> 46083 | O26: =IF(G26="","",$L$6+($K$8)*(G26-1)) -> 46111 | Q26: =IF(AND(Q$9+($K$8/60)/24>=$N26,Q$9<=$O26),IF($K$2="Projekt",$B26, IF($K$2="Ansvarig",$D26,IF($K$2="Status",$E26,IF($K$2="Timmar",IFERROR($H26/($O26-$N26),1),"-")))),"") | R26: =IF(AND(R$9+($K$8/60)/24>=$N26,R$9<=$O26),IF($K$2="Projekt",$B26, IF($K$2="Ansvarig",$D26,IF($K$2="Status",$E26,IF($K$2="Timmar",IFERROR($H26/($O26-$N26),1),"-")))),"") | S26: =IF(AND(S$9+($K$8/60)/24>=$N26,S$9<=$O26),IF($K$2="Projekt",$B26, IF($K$2="Ansvarig",$D26,IF($K$2="Status",$E26,IF($K$2="Timmar",IFERROR($H26/($O26-$N26),1),"-")))),"") | T26: =IF(AND(T$9+($K$8/60)/24>=$N26,T$9<=$O26),IF($K$2="Projekt",$B26, IF($K$2="Ansvarig",$D26,IF($K$2="Status",$E26,IF($K$2="Timmar",IFERROR($H26/($O26-$N26),1),"-")))),"") | U26: =IF(AND(U$9+($K$8/60)/24>=$N26,U$9<=$O26),IF($K$2="Projekt",$B26, IF($K$2="Ansvarig",$D26,IF($K$2="Status",$E26,IF($K$2="Timmar",IFERROR($H26/($O26-$N26),1),"-")))),"") | V26: =IF(AND(V$9+($K$8/60)/24>=$N26,V$9<=$O26),IF($K$2="Projekt",$B26, IF($K$2="Ansvarig",$D26,IF($K$2="Status",$E26,IF($K$2="Timmar",IFERROR($H26/($O26-$N26),1),"-")))),"") | W26: =IF(AND(W$9+($K$8/60)/24>=$N26,W$9<=$O26),IF($K$2="Projekt",$B26, IF($K$2="Ansvarig",$D26,IF($K$2="Status",$E26,IF($K$2="Timmar",IFERROR($H26/($O26-$N26),1),"-")))),"") | X26: =IF(AND(X$9+($K$8/60)/24>=$N26,X$9<=$O26),IF($K$2="Projekt",$B26, IF($K$2="Ansvarig",$D26,IF($K$2="Status",$E26,IF($K$2="Timmar",IFERROR($H26/($O26-$N26),1),"-")))),"") | ... BS26: =IF(AND(BS$9+($K$8/60)/24>=$N26,BS$9<=$O26),IF($K$2="Projekt",$B26, IF($K$2="Ansvarig",$D26,IF($K$2="Status",$E26,IF($K$2="Timmar",IFERROR($H26/($O26-$N26),1),"-")))),"")
B27: Toastmaster/toastmadame | D27: Stina | E27: 1_Tilldelad | F27: 10 | G27: 14 | H27: 4 | N27: =IF(F27="","",$L$6+($K$8)*(F27-1)) -> 46083 | O27: =IF(G27="","",$L$6+($K$8)*(G27-1)) -> 46111 | Q27: =IF(AND(Q$9+($K$8/60)/24>=$N27,Q$9<=$O27),IF($K$2="Projekt",$B27, IF($K$2="Ansvarig",$D27,IF($K$2="Status",$E27,IF($K$2="Timmar",IFERROR($H27/($O27-$N27),1),"-")))),"") | R27: =IF(AND(R$9+($K$8/60)/24>=$N27,R$9<=$O27),IF($K$2="Projekt",$B27, IF($K$2="Ansvarig",$D27,IF($K$2="Status",$E27,IF($K$2="Timmar",IFERROR($H27/($O27-$N27),1),"-")))),"") | S27: =IF(AND(S$9+($K$8/60)/24>=$N27,S$9<=$O27),IF($K$2="Projekt",$B27, IF($K$2="Ansvarig",$D27,IF($K$2="Status",$E27,IF($K$2="Timmar",IFERROR($H27/($O27-$N27),1),"-")))),"") | T27: =IF(AND(T$9+($K$8/60)/24>=$N27,T$9<=$O27),IF($K$2="Projekt",$B27, IF($K$2="Ansvarig",$D27,IF($K$2="Status",$E27,IF($K$2="Timmar",IFERROR($H27/($O27-$N27),1),"-")))),"") | U27: =IF(AND(U$9+($K$8/60)/24>=$N27,U$9<=$O27),IF($K$2="Projekt",$B27, IF($K$2="Ansvarig",$D27,IF($K$2="Status",$E27,IF($K$2="Timmar",IFERROR($H27/($O27-$N27),1),"-")))),"") | V27: =IF(AND(V$9+($K$8/60)/24>=$N27,V$9<=$O27),IF($K$2="Projekt",$B27, IF($K$2="Ansvarig",$D27,IF($K$2="Status",$E27,IF($K$2="Timmar",IFERROR($H27/($O27-$N27),1),"-")))),"") | W27: =IF(AND(W$9+($K$8/60)/24>=$N27,W$9<=$O27),IF($K$2="Projekt",$B27, IF($K$2="Ansvarig",$D27,IF($K$2="Status",$E27,IF($K$2="Timmar",IFERROR($H27/($O27-$N27),1),"-")))),"") | X27: =IF(AND(X$9+($K$8/60)/24>=$N27,X$9<=$O27),IF($K$2="Projekt",$B27, IF($K$2="Ansvarig",$D27,IF($K$2="Status",$E27,IF($K$2="Timmar",IFERROR($H27/($O27-$N27),1),"-")))),"") | ... BS27: =IF(AND(BS$9+($K$8/60)/24>=$N27,BS$9<=$O27),IF($K$2="Projekt",$B27, IF($K$2="Ansvarig",$D27,IF($K$2="Status",$E27,IF($K$2="Timmar",IFERROR($H27/($O27-$N27),1),"-")))),"")
H28: 3 | N28: =IF(F28="","",$L$6+($K$8)*(F28-1)) | O28: =IF(G28="","",$L$6+($K$8)*(G28-1)) | Q28: =IF(AND(Q$9+($K$8/60)/24>=$N28,Q$9<=$O28),IF($K$2="Projekt",$B28, IF($K$2="Ansvarig",$D28,IF($K$2="Status",$E28,IF($K$2="Timmar",IFERROR($H28/($O28-$N28),1),"-")))),"") | R28: =IF(AND(R$9+($K$8/60)/24>=$N28,R$9<=$O28),IF($K$2="Projekt",$B28, IF($K$2="Ansvarig",$D28,IF($K$2="Status",$E28,IF($K$2="Timmar",IFERROR($H28/($O28-$N28),1),"-")))),"") | S28: =IF(AND(S$9+($K$8/60)/24>=$N28,S$9<=$O28),IF($K$2="Projekt",$B28, IF($K$2="Ansvarig",$D28,IF($K$2="Status",$E28,IF($K$2="Timmar",IFERROR($H28/($O28-$N28),1),"-")))),"") | T28: =IF(AND(T$9+($K$8/60)/24>=$N28,T$9<=$O28),IF($K$2="Projekt",$B28, IF($K$2="Ansvarig",$D28,IF($K$2="Status",$E28,IF($K$2="Timmar",IFERROR($H28/($O28-$N28),1),"-")))),"") | U28: =IF(AND(U$9+($K$8/60)/24>=$N28,U$9<=$O28),IF($K$2="Projekt",$B28, IF($K$2="Ansvarig",$D28,IF($K$2="Status",$E28,IF($K$2="Timmar",IFERROR($H28/($O28-$N28),1),"-")))),"") | V28: =IF(AND(V$9+($K$8/60)/24>=$N28,V$9<=$O28),IF($K$2="Projekt",$B28, IF($K$2="Ansvarig",$D28,IF($K$2="Status",$E28,IF($K$2="Timmar",IFERROR($H28/($O28-$N28),1),"-")))),"") | W28: =IF(AND(W$9+($K$8/60)/24>=$N28,W$9<=$O28),IF($K$2="Projekt",$B28, IF($K$2="Ansvarig",$D28,IF($K$2="Status",$E28,IF($K$2="Timmar",IFERROR($H28/($O28-$N28),1),"-")))),"") | X28: =IF(AND(X$9+($K$8/60)/24>=$N28,X$9<=$O28),IF($K$2="Projekt",$B28, IF($K$2="Ansvarig",$D28,IF($K$2="Status",$E28,IF($K$2="Timmar",IFERROR($H28/($O28-$N28),1),"-")))),"") | ... BS28: =IF(AND(BS$9+($K$8/60)/24>=$N28,BS$9<=$O28),IF($K$2="Projekt",$B28, IF($K$2="Ansvarig",$D28,IF($K$2="Status",$E28,IF($K$2="Timmar",IFERROR($H28/($O28-$N28),1),"-")))),"")
H29: 3 | N29: =IF(F29="","",$L$6+($K$8)*(F29-1)) | O29: =IF(G29="","",$L$6+($K$8)*(G29-1)) | Q29: =IF(AND(Q$9+($K$8/60)/24>=$N29,Q$9<=$O29),IF($K$2="Projekt",$B29, IF($K$2="Ansvarig",$D29,IF($K$2="Status",$E29,IF($K$2="Timmar",IFERROR($H29/($O29-$N29),1),"-")))),"") | R29: =IF(AND(R$9+($K$8/60)/24>=$N29,R$9<=$O29),IF($K$2="Projekt",$B29, IF($K$2="Ansvarig",$D29,IF($K$2="Status",$E29,IF($K$2="Timmar",IFERROR($H29/($O29-$N29),1),"-")))),"") | S29: =IF(AND(S$9+($K$8/60)/24>=$N29,S$9<=$O29),IF($K$2="Projekt",$B29, IF($K$2="Ansvarig",$D29,IF($K$2="Status",$E29,IF($K$2="Timmar",IFERROR($H29/($O29-$N29),1),"-")))),"") | T29: =IF(AND(T$9+($K$8/60)/24>=$N29,T$9<=$O29),IF($K$2="Projekt",$B29, IF($K$2="Ansvarig",$D29,IF($K$2="Status",$E29,IF($K$2="Timmar",IFERROR($H29/($O29-$N29),1),"-")))),"") | U29: =IF(AND(U$9+($K$8/60)/24>=$N29,U$9<=$O29),IF($K$2="Projekt",$B29, IF($K$2="Ansvarig",$D29,IF($K$2="Status",$E29,IF($K$2="Timmar",IFERROR($H29/($O29-$N29),1),"-")))),"") | V29: =IF(AND(V$9+($K$8/60)/24>=$N29,V$9<=$O29),IF($K$2="Projekt",$B29, IF($K$2="Ansvarig",$D29,IF($K$2="Status",$E29,IF($K$2="Timmar",IFERROR($H29/($O29-$N29),1),"-")))),"") | W29: =IF(AND(W$9+($K$8/60)/24>=$N29,W$9<=$O29),IF($K$2="Projekt",$B29, IF($K$2="Ansvarig",$D29,IF($K$2="Status",$E29,IF($K$2="Timmar",IFERROR($H29/($O29-$N29),1),"-")))),"") | X29: =IF(AND(X$9+($K$8/60)/24>=$N29,X$9<=$O29),IF($K$2="Projekt",$B29, IF($K$2="Ansvarig",$D29,IF($K$2="Status",$E29,IF($K$2="Timmar",IFERROR($H29/($O29-$N29),1),"-")))),"") | ... BS29: =IF(AND(BS$9+($K$8/60)/24>=$N29,BS$9<=$O29),IF($K$2="Projekt",$B29, IF($K$2="Ansvarig",$D29,IF($K$2="Status",$E29,IF($K$2="Timmar",IFERROR($H29/($O29-$N29),1),"-")))),"")
B30: Mat & dryck | D30: Total | N30: =IF(F30="","",$L$6+($K$8)*(F30-1)) | O30: =IF(G30="","",$L$6+($K$8)*(G30-1)) | Q30: =IF(AND(Q$9+($K$8/60)/24>=$N30,Q$9<=$O30),IF($K$2="Projekt",$B30, IF($K$2="Ansvarig",$D30,IF($K$2="Status",$E30,IF($K$2="Timmar",IFERROR($H30/($O30-$N30),1),"-")))),"") | R30: =IF(AND(R$9+($K$8/60)/24>=$N30,R$9<=$O30),IF($K$2="Projekt",$B30, IF($K$2="Ansvarig",$D30,IF($K$2="Status",$E30,IF($K$2="Timmar",IFERROR($H30/($O30-$N30),1),"-")))),"") | S30: =IF(AND(S$9+($K$8/60)/24>=$N30,S$9<=$O30),IF($K$2="Projekt",$B30, IF($K$2="Ansvarig",$D30,IF($K$2="Status",$E30,IF($K$2="Timmar",IFERROR($H30/($O30-$N30),1),"-")))),"") | T30: =IF(AND(T$9+($K$8/60)/24>=$N30,T$9<=$O30),IF($K$2="Projekt",$B30, IF($K$2="Ansvarig",$D30,IF($K$2="Status",$E30,IF($K$2="Timmar",IFERROR($H30/($O30-$N30),1),"-")))),"") | U30: =IF(AND(U$9+($K$8/60)/24>=$N30,U$9<=$O30),IF($K$2="Projekt",$B30, IF($K$2="Ansvarig",$D30,IF($K$2="Status",$E30,IF($K$2="Timmar",IFERROR($H30/($O30-$N30),1),"-")))),"") | V30: =IF(AND(V$9+($K$8/60)/24>=$N30,V$9<=$O30),IF($K$2="Projekt",$B30, IF($K$2="Ansvarig",$D30,IF($K$2="Status",$E30,IF($K$2="Timmar",IFERROR($H30/($O30-$N30),1),"-")))),"") | W30: =IF(AND(W$9+($K$8/60)/24>=$N30,W$9<=$O30),IF($K$2="Projekt",$B30, IF($K$2="Ansvarig",$D30,IF($K$2="Status",$E30,IF($K$2="Timmar",IFERROR($H30/($O30-$N30),1),"-")))),"") | X30: =IF(AND(X$9+($K$8/60)/24>=$N30,X$9<=$O30),IF($K$2="Projekt",$B30, IF($K$2="Ansvarig",$D30,IF($K$2="Status",$E30,IF($K$2="Timmar",IFERROR($H30/($O30-$N30),1),"-")))),"") | ... BS30: =IF(AND(BS$9+($K$8/60)/24>=$N30,BS$9<=$O30),IF($K$2="Projekt",$B30, IF($K$2="Ansvarig",$D30,IF($K$2="Status",$E30,IF($K$2="Timmar",IFERROR($H30/($O30-$N30),1),"-")))),"")
B31: Catering eller restaurang | D31: KalleOStina | E31: 2_Påbörjad | F31: 10 | G31: 12 | N31: =IF(F31="","",$L$6+($K$8)*(F31-1)) -> 46083 | O31: =IF(G31="","",$L$6+($K$8)*(G31-1)) -> 46097 | Q31: =IF(AND(Q$9+($K$8/60)/24>=$N31,Q$9<=$O31),IF($K$2="Projekt",$B31, IF($K$2="Ansvarig",$D31,IF($K$2="Status",$E31,IF($K$2="Timmar",IFERROR($H31/($O31-$N31),1),"-")))),"") | R31: =IF(AND(R$9+($K$8/60)/24>=$N31,R$9<=$O31),IF($K$2="Projekt",$B31, IF($K$2="Ansvarig",$D31,IF($K$2="Status",$E31,IF($K$2="Timmar",IFERROR($H31/($O31-$N31),1),"-")))),"") | S31: =IF(AND(S$9+($K$8/60)/24>=$N31,S$9<=$O31),IF($K$2="Projekt",$B31, IF($K$2="Ansvarig",$D31,IF($K$2="Status",$E31,IF($K$2="Timmar",IFERROR($H31/($O31-$N31),1),"-")))),"") | T31: =IF(AND(T$9+($K$8/60)/24>=$N31,T$9<=$O31),IF($K$2="Projekt",$B31, IF($K$2="Ansvarig",$D31,IF($K$2="Status",$E31,IF($K$2="Timmar",IFERROR($H31/($O31-$N31),1),"-")))),"") | U31: =IF(AND(U$9+($K$8/60)/24>=$N31,U$9<=$O31),IF($K$2="Projekt",$B31, IF($K$2="Ansvarig",$D31,IF($K$2="Status",$E31,IF($K$2="Timmar",IFERROR($H31/($O31-$N31),1),"-")))),"") | V31: =IF(AND(V$9+($K$8/60)/24>=$N31,V$9<=$O31),IF($K$2="Projekt",$B31, IF($K$2="Ansvarig",$D31,IF($K$2="Status",$E31,IF($K$2="Timmar",IFERROR($H31/($O31-$N31),1),"-")))),"") | W31: =IF(AND(W$9+($K$8/60)/24>=$N31,W$9<=$O31),IF($K$2="Projekt",$B31, IF($K$2="Ansvarig",$D31,IF($K$2="Status",$E31,IF($K$2="Timmar",IFERROR($H31/($O31-$N31),1),"-")))),"") | X31: =IF(AND(X$9+($K$8/60)/24>=$N31,X$9<=$O31),IF($K$2="Projekt",$B31, IF($K$2="Ansvarig",$D31,IF($K$2="Status",$E31,IF($K$2="Timmar",IFERROR($H31/($O31-$N31),1),"-")))),"") | ... BS31: =IF(AND(BS$9+($K$8/60)/24>=$N31,BS$9<=$O31),IF($K$2="Projekt",$B31, IF($K$2="Ansvarig",$D31,IF($K$2="Status",$E31,IF($K$2="Timmar",IFERROR($H31/($O31-$N31),1),"-")))),"")
B32: Middagsmeny | D32: Planerare | E32: 2_Påbörjad | F32: 12 | G32: =F32+3 -> 15 | N32: =IF(F32="","",$L$6+($K$8)*(F32-1)) -> 46097 | O32: =IF(G32="","",$L$6+($K$8)*(G32-1)) -> 46118 | Q32: =IF(AND(Q$9+($K$8/60)/24>=$N32,Q$9<=$O32),IF($K$2="Projekt",$B32, IF($K$2="Ansvarig",$D32,IF($K$2="Status",$E32,IF($K$2="Timmar",IFERROR($H32/($O32-$N32),1),"-")))),"") | R32: =IF(AND(R$9+($K$8/60)/24>=$N32,R$9<=$O32),IF($K$2="Projekt",$B32, IF($K$2="Ansvarig",$D32,IF($K$2="Status",$E32,IF($K$2="Timmar",IFERROR($H32/($O32-$N32),1),"-")))),"") | S32: =IF(AND(S$9+($K$8/60)/24>=$N32,S$9<=$O32),IF($K$2="Projekt",$B32, IF($K$2="Ansvarig",$D32,IF($K$2="Status",$E32,IF($K$2="Timmar",IFERROR($H32/($O32-$N32),1),"-")))),"") | T32: =IF(AND(T$9+($K$8/60)/24>=$N32,T$9<=$O32),IF($K$2="Projekt",$B32, IF($K$2="Ansvarig",$D32,IF($K$2="Status",$E32,IF($K$2="Timmar",IFERROR($H32/($O32-$N32),1),"-")))),"") | U32: =IF(AND(U$9+($K$8/60)/24>=$N32,U$9<=$O32),IF($K$2="Projekt",$B32, IF($K$2="Ansvarig",$D32,IF($K$2="Status",$E32,IF($K$2="Timmar",IFERROR($H32/($O32-$N32),1),"-")))),"") | V32: =IF(AND(V$9+($K$8/60)/24>=$N32,V$9<=$O32),IF($K$2="Projekt",$B32, IF($K$2="Ansvarig",$D32,IF($K$2="Status",$E32,IF($K$2="Timmar",IFERROR($H32/($O32-$N32),1),"-")))),"") | W32: =IF(AND(W$9+($K$8/60)/24>=$N32,W$9<=$O32),IF($K$2="Projekt",$B32, IF($K$2="Ansvarig",$D32,IF($K$2="Status",$E32,IF($K$2="Timmar",IFERROR($H32/($O32-$N32),1),"-")))),"") | X32: =IF(AND(X$9+($K$8/60)/24>=$N32,X$9<=$O32),IF($K$2="Projekt",$B32, IF($K$2="Ansvarig",$D32,IF($K$2="Status",$E32,IF($K$2="Timmar",IFERROR($H32/($O32-$N32),1),"-")))),"") | ... BS32: =IF(AND(BS$9+($K$8/60)/24>=$N32,BS$9<=$O32),IF($K$2="Projekt",$B32, IF($K$2="Ansvarig",$D32,IF($K$2="Status",$E32,IF($K$2="Timmar",IFERROR($H32/($O32-$N32),1),"-")))),"")
B33: Dryckespaket/bar | D33: Planerare | E33: 2_Påbörjad | F33: 12 | G33: =F33+3 -> 15 | H33: 1 | N33: =IF(F33="","",$L$6+($K$8)*(F33-1)) -> 46097 | O33: =IF(G33="","",$L$6+($K$8)*(G33-1)) -> 46118 | Q33: =IF(AND(Q$9+($K$8/60)/24>=$N33,Q$9<=$O33),IF($K$2="Projekt",$B33, IF($K$2="Ansvarig",$D33,IF($K$2="Status",$E33,IF($K$2="Timmar",IFERROR($H33/($O33-$N33),1),"-")))),"") | R33: =IF(AND(R$9+($K$8/60)/24>=$N33,R$9<=$O33),IF($K$2="Projekt",$B33, IF($K$2="Ansvarig",$D33,IF($K$2="Status",$E33,IF($K$2="Timmar",IFERROR($H33/($O33-$N33),1),"-")))),"") | S33: =IF(AND(S$9+($K$8/60)/24>=$N33,S$9<=$O33),IF($K$2="Projekt",$B33, IF($K$2="Ansvarig",$D33,IF($K$2="Status",$E33,IF($K$2="Timmar",IFERROR($H33/($O33-$N33),1),"-")))),"") | T33: =IF(AND(T$9+($K$8/60)/24>=$N33,T$9<=$O33),IF($K$2="Projekt",$B33, IF($K$2="Ansvarig",$D33,IF($K$2="Status",$E33,IF($K$2="Timmar",IFERROR($H33/($O33-$N33),1),"-")))),"") | U33: =IF(AND(U$9+($K$8/60)/24>=$N33,U$9<=$O33),IF($K$2="Projekt",$B33, IF($K$2="Ansvarig",$D33,IF($K$2="Status",$E33,IF($K$2="Timmar",IFERROR($H33/($O33-$N33),1),"-")))),"") | V33: =IF(AND(V$9+($K$8/60)/24>=$N33,V$9<=$O33),IF($K$2="Projekt",$B33, IF($K$2="Ansvarig",$D33,IF($K$2="Status",$E33,IF($K$2="Timmar",IFERROR($H33/($O33-$N33),1),"-")))),"") | W33: =IF(AND(W$9+($K$8/60)/24>=$N33,W$9<=$O33),IF($K$2="Projekt",$B33, IF($K$2="Ansvarig",$D33,IF($K$2="Status",$E33,IF($K$2="Timmar",IFERROR($H33/($O33-$N33),1),"-")))),"") | X33: =IF(AND(X$9+($K$8/60)/24>=$N33,X$9<=$O33),IF($K$2="Projekt",$B33, IF($K$2="Ansvarig",$D33,IF($K$2="Status",$E33,IF($K$2="Timmar",IFERROR($H33/($O33-$N33),1),"-")))),"") | ... BS33: =IF(AND(BS$9+($K$8/60)/24>=$N33,BS$9<=$O33),IF($K$2="Projekt",$B33, IF($K$2="Ansvarig",$D33,IF($K$2="Status",$E33,IF($K$2="Timmar",IFERROR($H33/($O33-$N33),1),"-")))),"")
B34: Bröllopstårta eller dessert | D34: Planerare | E34: 2_Påbörjad | F34: 12 | G34: =F34+3 -> 15 | H34: 2 | N34: =IF(F34="","",$L$6+($K$8)*(F34-1)) -> 46097 | O34: =IF(G34="","",$L$6+($K$8)*(G34-1)) -> 46118 | Q34: =IF(AND(Q$9+($K$8/60)/24>=$N34,Q$9<=$O34),IF($K$2="Projekt",$B34, IF($K$2="Ansvarig",$D34,IF($K$2="Status",$E34,IF($K$2="Timmar",IFERROR($H34/($O34-$N34),1),"-")))),"") | R34: =IF(AND(R$9+($K$8/60)/24>=$N34,R$9<=$O34),IF($K$2="Projekt",$B34, IF($K$2="Ansvarig",$D34,IF($K$2="Status",$E34,IF($K$2="Timmar",IFERROR($H34/($O34-$N34),1),"-")))),"") | S34: =IF(AND(S$9+($K$8/60)/24>=$N34,S$9<=$O34),IF($K$2="Projekt",$B34, IF($K$2="Ansvarig",$D34,IF($K$2="Status",$E34,IF($K$2="Timmar",IFERROR($H34/($O34-$N34),1),"-")))),"") | T34: =IF(AND(T$9+($K$8/60)/24>=$N34,T$9<=$O34),IF($K$2="Projekt",$B34, IF($K$2="Ansvarig",$D34,IF($K$2="Status",$E34,IF($K$2="Timmar",IFERROR($H34/($O34-$N34),1),"-")))),"") | U34: =IF(AND(U$9+($K$8/60)/24>=$N34,U$9<=$O34),IF($K$2="Projekt",$B34, IF($K$2="Ansvarig",$D34,IF($K$2="Status",$E34,IF($K$2="Timmar",IFERROR($H34/($O34-$N34),1),"-")))),"") | V34: =IF(AND(V$9+($K$8/60)/24>=$N34,V$9<=$O34),IF($K$2="Projekt",$B34, IF($K$2="Ansvarig",$D34,IF($K$2="Status",$E34,IF($K$2="Timmar",IFERROR($H34/($O34-$N34),1),"-")))),"") | W34: =IF(AND(W$9+($K$8/60)/24>=$N34,W$9<=$O34),IF($K$2="Projekt",$B34, IF($K$2="Ansvarig",$D34,IF($K$2="Status",$E34,IF($K$2="Timmar",IFERROR($H34/($O34-$N34),1),"-")))),"") | X34: =IF(AND(X$9+($K$8/60)/24>=$N34,X$9<=$O34),IF($K$2="Projekt",$B34, IF($K$2="Ansvarig",$D34,IF($K$2="Status",$E34,IF($K$2="Timmar",IFERROR($H34/($O34-$N34),1),"-")))),"") | ... BS34: =IF(AND(BS$9+($K$8/60)/24>=$N34,BS$9<=$O34),IF($K$2="Projekt",$B34, IF($K$2="Ansvarig",$D34,IF($K$2="Status",$E34,IF($K$2="Timmar",IFERROR($H34/($O34-$N34),1),"-")))),"")
B35: Snacks/nattmat | D35: Planerare | E35: 1_Tilldelad | F35: 12 | G35: =F35+3 -> 15 | H35: 1 | N35: =IF(F35="","",$L$6+($K$8)*(F35-1)) -> 46097 | O35: =IF(G35="","",$L$6+($K$8)*(G35-1)) -> 46118 | Q35: =IF(AND(Q$9+($K$8/60)/24>=$N35,Q$9<=$O35),IF($K$2="Projekt",$B35, IF($K$2="Ansvarig",$D35,IF($K$2="Status",$E35,IF($K$2="Timmar",IFERROR($H35/($O35-$N35),1),"-")))),"") | R35: =IF(AND(R$9+($K$8/60)/24>=$N35,R$9<=$O35),IF($K$2="Projekt",$B35, IF($K$2="Ansvarig",$D35,IF($K$2="Status",$E35,IF($K$2="Timmar",IFERROR($H35/($O35-$N35),1),"-")))),"") | S35: =IF(AND(S$9+($K$8/60)/24>=$N35,S$9<=$O35),IF($K$2="Projekt",$B35, IF($K$2="Ansvarig",$D35,IF($K$2="Status",$E35,IF($K$2="Timmar",IFERROR($H35/($O35-$N35),1),"-")))),"") | T35: =IF(AND(T$9+($K$8/60)/24>=$N35,T$9<=$O35),IF($K$2="Projekt",$B35, IF($K$2="Ansvarig",$D35,IF($K$2="Status",$E35,IF($K$2="Timmar",IFERROR($H35/($O35-$N35),1),"-")))),"") | U35: =IF(AND(U$9+($K$8/60)/24>=$N35,U$9<=$O35),IF($K$2="Projekt",$B35, IF($K$2="Ansvarig",$D35,IF($K$2="Status",$E35,IF($K$2="Timmar",IFERROR($H35/($O35-$N35),1),"-")))),"") | V35: =IF(AND(V$9+($K$8/60)/24>=$N35,V$9<=$O35),IF($K$2="Projekt",$B35, IF($K$2="Ansvarig",$D35,IF($K$2="Status",$E35,IF($K$2="Timmar",IFERROR($H35/($O35-$N35),1),"-")))),"") | W35: =IF(AND(W$9+($K$8/60)/24>=$N35,W$9<=$O35),IF($K$2="Projekt",$B35, IF($K$2="Ansvarig",$D35,IF($K$2="Status",$E35,IF($K$2="Timmar",IFERROR($H35/($O35-$N35),1),"-")))),"") | X35: =IF(AND(X$9+($K$8/60)/24>=$N35,X$9<=$O35),IF($K$2="Projekt",$B35, IF($K$2="Ansvarig",$D35,IF($K$2="Status",$E35,IF($K$2="Timmar",IFERROR($H35/($O35-$N35),1),"-")))),"") | ... BS35: =IF(AND(BS$9+($K$8/60)/24>=$N35,BS$9<=$O35),IF($K$2="Projekt",$B35, IF($K$2="Ansvarig",$D35,IF($K$2="Status",$E35,IF($K$2="Timmar",IFERROR($H35/($O35-$N35),1),"-")))),"")
B36: Godkännande | D36: KalleOStina | E36: 1_Tilldelad | F36: 15 | G36: =F36+3 -> 18 | H36: 2 | N36: =IF(F36="","",$L$6+($K$8)*(F36-1)) -> 46118 | O36: =IF(G36="","",$L$6+($K$8)*(G36-1)) -> 46139 | Q36: =IF(AND(Q$9+($K$8/60)/24>=$N36,Q$9<=$O36),IF($K$2="Projekt",$B36, IF($K$2="Ansvarig",$D36,IF($K$2="Status",$E36,IF($K$2="Timmar",IFERROR($H36/($O36-$N36),1),"-")))),"") | R36: =IF(AND(R$9+($K$8/60)/24>=$N36,R$9<=$O36),IF($K$2="Projekt",$B36, IF($K$2="Ansvarig",$D36,IF($K$2="Status",$E36,IF($K$2="Timmar",IFERROR($H36/($O36-$N36),1),"-")))),"") | S36: =IF(AND(S$9+($K$8/60)/24>=$N36,S$9<=$O36),IF($K$2="Projekt",$B36, IF($K$2="Ansvarig",$D36,IF($K$2="Status",$E36,IF($K$2="Timmar",IFERROR($H36/($O36-$N36),1),"-")))),"") | T36: =IF(AND(T$9+($K$8/60)/24>=$N36,T$9<=$O36),IF($K$2="Projekt",$B36, IF($K$2="Ansvarig",$D36,IF($K$2="Status",$E36,IF($K$2="Timmar",IFERROR($H36/($O36-$N36),1),"-")))),"") | U36: =IF(AND(U$9+($K$8/60)/24>=$N36,U$9<=$O36),IF($K$2="Projekt",$B36, IF($K$2="Ansvarig",$D36,IF($K$2="Status",$E36,IF($K$2="Timmar",IFERROR($H36/($O36-$N36),1),"-")))),"") | V36: =IF(AND(V$9+($K$8/60)/24>=$N36,V$9<=$O36),IF($K$2="Projekt",$B36, IF($K$2="Ansvarig",$D36,IF($K$2="Status",$E36,IF($K$2="Timmar",IFERROR($H36/($O36-$N36),1),"-")))),"") | W36: =IF(AND(W$9+($K$8/60)/24>=$N36,W$9<=$O36),IF($K$2="Projekt",$B36, IF($K$2="Ansvarig",$D36,IF($K$2="Status",$E36,IF($K$2="Timmar",IFERROR($H36/($O36-$N36),1),"-")))),"") | X36: =IF(AND(X$9+($K$8/60)/24>=$N36,X$9<=$O36),IF($K$2="Projekt",$B36, IF($K$2="Ansvarig",$D36,IF($K$2="Status",$E36,IF($K$2="Timmar",IFERROR($H36/($O36-$N36),1),"-")))),"") | ... BS36: =IF(AND(BS$9+($K$8/60)/24>=$N36,BS$9<=$O36),IF($K$2="Projekt",$B36, IF($K$2="Ansvarig",$D36,IF($K$2="Status",$E36,IF($K$2="Timmar",IFERROR($H36/($O36-$N36),1),"-")))),"")
H37: 3 | N37: =IF(F37="","",$L$6+($K$8)*(F37-1)) | O37: =IF(G37="","",$L$6+($K$8)*(G37-1)) | Q37: =IF(AND(Q$9+($K$8/60)/24>=$N37,Q$9<=$O37),IF($K$2="Projekt",$B37, IF($K$2="Ansvarig",$D37,IF($K$2="Status",$E37,IF($K$2="Timmar",IFERROR($H37/($O37-$N37),1),"-")))),"") | R37: =IF(AND(R$9+($K$8/60)/24>=$N37,R$9<=$O37),IF($K$2="Projekt",$B37, IF($K$2="Ansvarig",$D37,IF($K$2="Status",$E37,IF($K$2="Timmar",IFERROR($H37/($O37-$N37),1),"-")))),"") | S37: =IF(AND(S$9+($K$8/60)/24>=$N37,S$9<=$O37),IF($K$2="Projekt",$B37, IF($K$2="Ansvarig",$D37,IF($K$2="Status",$E37,IF($K$2="Timmar",IFERROR($H37/($O37-$N37),1),"-")))),"") | T37: =IF(AND(T$9+($K$8/60)/24>=$N37,T$9<=$O37),IF($K$2="Projekt",$B37, IF($K$2="Ansvarig",$D37,IF($K$2="Status",$E37,IF($K$2="Timmar",IFERROR($H37/($O37-$N37),1),"-")))),"") | U37: =IF(AND(U$9+($K$8/60)/24>=$N37,U$9<=$O37),IF($K$2="Projekt",$B37, IF($K$2="Ansvarig",$D37,IF($K$2="Status",$E37,IF($K$2="Timmar",IFERROR($H37/($O37-$N37),1),"-")))),"") | V37: =IF(AND(V$9+($K$8/60)/24>=$N37,V$9<=$O37),IF($K$2="Projekt",$B37, IF($K$2="Ansvarig",$D37,IF($K$2="Status",$E37,IF($K$2="Timmar",IFERROR($H37/($O37-$N37),1),"-")))),"") | W37: =IF(AND(W$9+($K$8/60)/24>=$N37,W$9<=$O37),IF($K$2="Projekt",$B37, IF($K$2="Ansvarig",$D37,IF($K$2="Status",$E37,IF($K$2="Timmar",IFERROR($H37/($O37-$N37),1),"-")))),"") | X37: =IF(AND(X$9+($K$8/60)/24>=$N37,X$9<=$O37),IF($K$2="Projekt",$B37, IF($K$2="Ansvarig",$D37,IF($K$2="Status",$E37,IF($K$2="Timmar",IFERROR($H37/($O37-$N37),1),"-")))),"") | ... BS37: =IF(AND(BS$9+($K$8/60)/24>=$N37,BS$9<=$O37),IF($K$2="Projekt",$B37, IF($K$2="Ansvarig",$D37,IF($K$2="Status",$E37,IF($K$2="Timmar",IFERROR($H37/($O37-$N37),1),"-")))),"")
